Workbook

Sheet Grid
A1: Machinery. Do not edit. Values the business at every stage one growth rate so the Implied growth tab can find the one that matches the price.
A2: Step | B2: 0.001
A3: Stage one growth | B3: Lower 5y | C3: Lower 10y | D3: Yours 5y | E3: Yours 10y | F3: Higher 5y | G3: Higher 10y
A4: =-0.1+0*$B$2 -> -0.1 | B4: =IFERROR(('Table G'!$B$14+'Table G'!$B$15)/(1+'Table G'!$B$18)*IF(ABS(((1+$A4)/(1+'Table G'!$B$18))-1)<0.000000001,5,(1-((1+$A4)/(1+'Table G'!$B$18))^5)/(1-((1+$A4)/(1+'Table G'!$B$18))))+('Table G'!$B$14+'Table G'!$B$15)*(1+$A4)^(5-1)*(1+'Table G'!$B$25)/(('Table G'!$B$18-'Table G'!$B$25)*(1+'Table G'!$B$18)^5),"") -> 48465.488 | C4: =IFERROR(('Table G'!$B$14+'Table G'!$B$15)/(1+'Table G'!$B$18)*IF(ABS(((1+$A4)/(1+'Table G'!$B$18))-1)<0.000000001,10,(1-((1+$A4)/(1+'Table G'!$B$18))^10)/(1-((1+$A4)/(1+'Table G'!$B$18))))+('Table G'!$B$14+'Table G'!$B$15)*(1+$A4)^(10-1)*(1+'Table G'!$B$25)/(('Table G'!$B$18-'Table G'!$B$25)*(1+'Table G'!$B$18)^10),"") -> 35504.535 | D4: =IFERROR(('Table G'!$B$14+'Table G'!$B$15)/(1+'Table G'!$B$18)*IF(ABS(((1+$A4)/(1+'Table G'!$B$18))-1)<0.000000001,5,(1-((1+$A4)/(1+'Table G'!$B$18))^5)/(1-((1+$A4)/(1+'Table G'!$B$18))))+('Table G'!$B$14+'Table G'!$B$15)*(1+$A4)^(5-1)*(1+'Table G'!$B$26)/(('Table G'!$B$18-'Table G'!$B$26)*(1+'Table G'!$B$18)^5),"") -> 51232.356 | E4: =IFERROR(('Table G'!$B$14+'Table G'!$B$15)/(1+'Table G'!$B$18)*IF(ABS(((1+$A4)/(1+'Table G'!$B$18))-1)<0.000000001,10,(1-((1+$A4)/(1+'Table G'!$B$18))^10)/(1-((1+$A4)/(1+'Table G'!$B$18))))+('Table G'!$B$14+'Table G'!$B$15)*(1+$A4)^(10-1)*(1+'Table G'!$B$26)/(('Table G'!$B$18-'Table G'!$B$26)*(1+'Table G'!$B$18)^10),"") -> 36614.192 | F4: =IFERROR(('Table G'!$B$14+'Table G'!$B$15)/(1+'Table G'!$B$18)*IF(ABS(((1+$A4)/(1+'Table G'!$B$18))-1)<0.000000001,5,(1-((1+$A4)/(1+'Table G'!$B$18))^5)/(1-((1+$A4)/(1+'Table G'!$B$18))))+('Table G'!$B$14+'Table G'!$B$15)*(1+$A4)^(5-1)*(1+'Table G'!$B$27)/(('Table G'!$B$18-'Table G'!$B$27)*(1+'Table G'!$B$18)^5),"") -> 54480.883 | G4: =IFERROR(('Table G'!$B$14+'Table G'!$B$15)/(1+'Table G'!$B$18)*IF(ABS(((1+$A4)/(1+'Table G'!$B$18))-1)<0.000000001,10,(1-((1+$A4)/(1+'Table G'!$B$18))^10)/(1-((1+$A4)/(1+'Table G'!$B$18))))+('Table G'!$B$14+'Table G'!$B$15)*(1+$A4)^(10-1)*(1+'Table G'!$B$27)/(('Table G'!$B$18-'Table G'!$B$27)*(1+'Table G'!$B$18)^10),"") -> 37917.019
A5: =-0.1+1*$B$2 -> -0.099 | B5: =IFERROR(('Table G'!$B$14+'Table G'!$B$15)/(1+'Table G'!$B$18)*IF(ABS(((1+$A5)/(1+'Table G'!$B$18))-1)<0.000000001,5,(1-((1+$A5)/(1+'Table G'!$B$18))^5)/(1-((1+$A5)/(1+'Table G'!$B$18))))+('Table G'!$B$14+'Table G'!$B$15)*(1+$A5)^(5-1)*(1+'Table G'!$B$25)/(('Table G'!$B$18-'Table G'!$B$25)*(1+'Table G'!$B$18)^5),"") -> 48639.023 | C5: =IFERROR(('Table G'!$B$14+'Table G'!$B$15)/(1+'Table G'!$B$18)*IF(ABS(((1+$A5)/(1+'Table G'!$B$18))-1)<0.000000001,10,(1-((1+$A5)/(1+'Table G'!$B$18))^10)/(1-((1+$A5)/(1+'Table G'!$B$18))))+('Table G'!$B$14+'Table G'!$B$15)*(1+$A5)^(10-1)*(1+'Table G'!$B$25)/(('Table G'!$B$18-'Table G'!$B$25)*(1+'Table G'!$B$18)^10),"") -> 35712.046 | D5: =IFERROR(('Table G'!$B$14+'Table G'!$B$15)/(1+'Table G'!$B$18)*IF(ABS(((1+$A5)/(1+'Table G'!$B$18))-1)<0.000000001,5,(1-((1+$A5)/(1+'Table G'!$B$18))^5)/(1-((1+$A5)/(1+'Table G'!$B$18))))+('Table G'!$B$14+'Table G'!$B$15)*(1+$A5)^(5-1)*(1+'Table G'!$B$26)/(('Table G'!$B$18-'Table G'!$B$26)*(1+'Table G'!$B$18)^5),"") -> 51418.208 | E5: =IFERROR(('Table G'!$B$14+'Table G'!$B$15)/(1+'Table G'!$B$18)*IF(ABS(((1+$A5)/(1+'Table G'!$B$18))-1)<0.000000001,10,(1-((1+$A5)/(1+'Table G'!$B$18))^10)/(1-((1+$A5)/(1+'Table G'!$B$18))))+('Table G'!$B$14+'Table G'!$B$15)*(1+$A5)^(10-1)*(1+'Table G'!$B$26)/(('Table G'!$B$18-'Table G'!$B$26)*(1+'Table G'!$B$18)^10),"") -> 36832.849 | F5: =IFERROR(('Table G'!$B$14+'Table G'!$B$15)/(1+'Table G'!$B$18)*IF(ABS(((1+$A5)/(1+'Table G'!$B$18))-1)<0.000000001,5,(1-((1+$A5)/(1+'Table G'!$B$18))^5)/(1-((1+$A5)/(1+'Table G'!$B$18))))+('Table G'!$B$14+'Table G'!$B$15)*(1+$A5)^(5-1)*(1+'Table G'!$B$27)/(('Table G'!$B$18-'Table G'!$B$27)*(1+'Table G'!$B$18)^5),"") -> 54681.198 | G5: =IFERROR(('Table G'!$B$14+'Table G'!$B$15)/(1+'Table G'!$B$18)*IF(ABS(((1+$A5)/(1+'Table G'!$B$18))-1)<0.000000001,10,(1-((1+$A5)/(1+'Table G'!$B$18))^10)/(1-((1+$A5)/(1+'Table G'!$B$18))))+('Table G'!$B$14+'Table G'!$B$15)*(1+$A5)^(10-1)*(1+'Table G'!$B$27)/(('Table G'!$B$18-'Table G'!$B$27)*(1+'Table G'!$B$18)^10),"") -> 38148.762
A6: =-0.1+2*$B$2 -> -0.098 | B6: =IFERROR(('Table G'!$B$14+'Table G'!$B$15)/(1+'Table G'!$B$18)*IF(ABS(((1+$A6)/(1+'Table G'!$B$18))-1)<0.000000001,5,(1-((1+$A6)/(1+'Table G'!$B$18))^5)/(1-((1+$A6)/(1+'Table G'!$B$18))))+('Table G'!$B$14+'Table G'!$B$15)*(1+$A6)^(5-1)*(1+'Table G'!$B$25)/(('Table G'!$B$18-'Table G'!$B$25)*(1+'Table G'!$B$18)^5),"") -> 48813.097 | C6: =IFERROR(('Table G'!$B$14+'Table G'!$B$15)/(1+'Table G'!$B$18)*IF(ABS(((1+$A6)/(1+'Table G'!$B$18))-1)<0.000000001,10,(1-((1+$A6)/(1+'Table G'!$B$18))^10)/(1-((1+$A6)/(1+'Table G'!$B$18))))+('Table G'!$B$14+'Table G'!$B$15)*(1+$A6)^(10-1)*(1+'Table G'!$B$25)/(('Table G'!$B$18-'Table G'!$B$25)*(1+'Table G'!$B$18)^10),"") -> 35921.095 | D6: =IFERROR(('Table G'!$B$14+'Table G'!$B$15)/(1+'Table G'!$B$18)*IF(ABS(((1+$A6)/(1+'Table G'!$B$18))-1)<0.000000001,5,(1-((1+$A6)/(1+'Table G'!$B$18))^5)/(1-((1+$A6)/(1+'Table G'!$B$18))))+('Table G'!$B$14+'Table G'!$B$15)*(1+$A6)^(5-1)*(1+'Table G'!$B$26)/(('Table G'!$B$18-'Table G'!$B$26)*(1+'Table G'!$B$18)^5),"") -> 51604.642 | E6: =IFERROR(('Table G'!$B$14+'Table G'!$B$15)/(1+'Table G'!$B$18)*IF(ABS(((1+$A6)/(1+'Table G'!$B$18))-1)<0.000000001,10,(1-((1+$A6)/(1+'Table G'!$B$18))^10)/(1-((1+$A6)/(1+'Table G'!$B$18))))+('Table G'!$B$14+'Table G'!$B$15)*(1+$A6)^(10-1)*(1+'Table G'!$B$26)/(('Table G'!$B$18-'Table G'!$B$26)*(1+'Table G'!$B$18)^10),"") -> 37053.143 | F6: =IFERROR(('Table G'!$B$14+'Table G'!$B$15)/(1+'Table G'!$B$18)*IF(ABS(((1+$A6)/(1+'Table G'!$B$18))-1)<0.000000001,5,(1-((1+$A6)/(1+'Table G'!$B$18))^5)/(1-((1+$A6)/(1+'Table G'!$B$18))))+('Table G'!$B$14+'Table G'!$B$15)*(1+$A6)^(5-1)*(1+'Table G'!$B$27)/(('Table G'!$B$18-'Table G'!$B$27)*(1+'Table G'!$B$18)^5),"") -> 54882.141 | G6: =IFERROR(('Table G'!$B$14+'Table G'!$B$15)/(1+'Table G'!$B$18)*IF(ABS(((1+$A6)/(1+'Table G'!$B$18))-1)<0.000000001,10,(1-((1+$A6)/(1+'Table G'!$B$18))^10)/(1-((1+$A6)/(1+'Table G'!$B$18))))+('Table G'!$B$14+'Table G'!$B$15)*(1+$A6)^(10-1)*(1+'Table G'!$B$27)/(('Table G'!$B$18-'Table G'!$B$27)*(1+'Table G'!$B$18)^10),"") -> 38382.259
A7: =-0.1+3*$B$2 -> -0.097 | B7: =IFERROR(('Table G'!$B$14+'Table G'!$B$15)/(1+'Table G'!$B$18)*IF(ABS(((1+$A7)/(1+'Table G'!$B$18))-1)<0.000000001,5,(1-((1+$A7)/(1+'Table G'!$B$18))^5)/(1-((1+$A7)/(1+'Table G'!$B$18))))+('Table G'!$B$14+'Table G'!$B$15)*(1+$A7)^(5-1)*(1+'Table G'!$B$25)/(('Table G'!$B$18-'Table G'!$B$25)*(1+'Table G'!$B$18)^5),"") -> 48987.713 | C7: =IFERROR(('Table G'!$B$14+'Table G'!$B$15)/(1+'Table G'!$B$18)*IF(ABS(((1+$A7)/(1+'Table G'!$B$18))-1)<0.000000001,10,(1-((1+$A7)/(1+'Table G'!$B$18))^10)/(1-((1+$A7)/(1+'Table G'!$B$18))))+('Table G'!$B$14+'Table G'!$B$15)*(1+$A7)^(10-1)*(1+'Table G'!$B$25)/(('Table G'!$B$18-'Table G'!$B$25)*(1+'Table G'!$B$18)^10),"") -> 36131.693 | D7: =IFERROR(('Table G'!$B$14+'Table G'!$B$15)/(1+'Table G'!$B$18)*IF(ABS(((1+$A7)/(1+'Table G'!$B$18))-1)<0.000000001,5,(1-((1+$A7)/(1+'Table G'!$B$18))^5)/(1-((1+$A7)/(1+'Table G'!$B$18))))+('Table G'!$B$14+'Table G'!$B$15)*(1+$A7)^(5-1)*(1+'Table G'!$B$26)/(('Table G'!$B$18-'Table G'!$B$26)*(1+'Table G'!$B$18)^5),"") -> 51791.657 | E7: =IFERROR(('Table G'!$B$14+'Table G'!$B$15)/(1+'Table G'!$B$18)*IF(ABS(((1+$A7)/(1+'Table G'!$B$18))-1)<0.000000001,10,(1-((1+$A7)/(1+'Table G'!$B$18))^10)/(1-((1+$A7)/(1+'Table G'!$B$18))))+('Table G'!$B$14+'Table G'!$B$15)*(1+$A7)^(10-1)*(1+'Table G'!$B$26)/(('Table G'!$B$18-'Table G'!$B$26)*(1+'Table G'!$B$18)^10),"") -> 37275.087 | F7: =IFERROR(('Table G'!$B$14+'Table G'!$B$15)/(1+'Table G'!$B$18)*IF(ABS(((1+$A7)/(1+'Table G'!$B$18))-1)<0.000000001,5,(1-((1+$A7)/(1+'Table G'!$B$18))^5)/(1-((1+$A7)/(1+'Table G'!$B$18))))+('Table G'!$B$14+'Table G'!$B$15)*(1+$A7)^(5-1)*(1+'Table G'!$B$27)/(('Table G'!$B$18-'Table G'!$B$27)*(1+'Table G'!$B$18)^5),"") -> 55083.715 | G7: =IFERROR(('Table G'!$B$14+'Table G'!$B$15)/(1+'Table G'!$B$18)*IF(ABS(((1+$A7)/(1+'Table G'!$B$18))-1)<0.000000001,10,(1-((1+$A7)/(1+'Table G'!$B$18))^10)/(1-((1+$A7)/(1+'Table G'!$B$18))))+('Table G'!$B$14+'Table G'!$B$15)*(1+$A7)^(10-1)*(1+'Table G'!$B$27)/(('Table G'!$B$18-'Table G'!$B$27)*(1+'Table G'!$B$18)^10),"") -> 38617.523
A8: =-0.1+4*$B$2 -> -0.096 | B8: =IFERROR(('Table G'!$B$14+'Table G'!$B$15)/(1+'Table G'!$B$18)*IF(ABS(((1+$A8)/(1+'Table G'!$B$18))-1)<0.000000001,5,(1-((1+$A8)/(1+'Table G'!$B$18))^5)/(1-((1+$A8)/(1+'Table G'!$B$18))))+('Table G'!$B$14+'Table G'!$B$15)*(1+$A8)^(5-1)*(1+'Table G'!$B$25)/(('Table G'!$B$18-'Table G'!$B$25)*(1+'Table G'!$B$18)^5),"") -> 49162.871 | C8: =IFERROR(('Table G'!$B$14+'Table G'!$B$15)/(1+'Table G'!$B$18)*IF(ABS(((1+$A8)/(1+'Table G'!$B$18))-1)<0.000000001,10,(1-((1+$A8)/(1+'Table G'!$B$18))^10)/(1-((1+$A8)/(1+'Table G'!$B$18))))+('Table G'!$B$14+'Table G'!$B$15)*(1+$A8)^(10-1)*(1+'Table G'!$B$25)/(('Table G'!$B$18-'Table G'!$B$25)*(1+'Table G'!$B$18)^10),"") -> 36343.85 | D8: =IFERROR(('Table G'!$B$14+'Table G'!$B$15)/(1+'Table G'!$B$18)*IF(ABS(((1+$A8)/(1+'Table G'!$B$18))-1)<0.000000001,5,(1-((1+$A8)/(1+'Table G'!$B$18))^5)/(1-((1+$A8)/(1+'Table G'!$B$18))))+('Table G'!$B$14+'Table G'!$B$15)*(1+$A8)^(5-1)*(1+'Table G'!$B$26)/(('Table G'!$B$18-'Table G'!$B$26)*(1+'Table G'!$B$18)^5),"") -> 51979.256 | E8: =IFERROR(('Table G'!$B$14+'Table G'!$B$15)/(1+'Table G'!$B$18)*IF(ABS(((1+$A8)/(1+'Table G'!$B$18))-1)<0.000000001,10,(1-((1+$A8)/(1+'Table G'!$B$18))^10)/(1-((1+$A8)/(1+'Table G'!$B$18))))+('Table G'!$B$14+'Table G'!$B$15)*(1+$A8)^(10-1)*(1+'Table G'!$B$26)/(('Table G'!$B$18-'Table G'!$B$26)*(1+'Table G'!$B$18)^10),"") -> 37498.691 | F8: =IFERROR(('Table G'!$B$14+'Table G'!$B$15)/(1+'Table G'!$B$18)*IF(ABS(((1+$A8)/(1+'Table G'!$B$18))-1)<0.000000001,5,(1-((1+$A8)/(1+'Table G'!$B$18))^5)/(1-((1+$A8)/(1+'Table G'!$B$18))))+('Table G'!$B$14+'Table G'!$B$15)*(1+$A8)^(5-1)*(1+'Table G'!$B$27)/(('Table G'!$B$18-'Table G'!$B$27)*(1+'Table G'!$B$18)^5),"") -> 55285.921 | G8: =IFERROR(('Table G'!$B$14+'Table G'!$B$15)/(1+'Table G'!$B$18)*IF(ABS(((1+$A8)/(1+'Table G'!$B$18))-1)<0.000000001,10,(1-((1+$A8)/(1+'Table G'!$B$18))^10)/(1-((1+$A8)/(1+'Table G'!$B$18))))+('Table G'!$B$14+'Table G'!$B$15)*(1+$A8)^(10-1)*(1+'Table G'!$B$27)/(('Table G'!$B$18-'Table G'!$B$27)*(1+'Table G'!$B$18)^10),"") -> 38854.567
A9: =-0.1+5*$B$2 -> -0.095 | B9: =IFERROR(('Table G'!$B$14+'Table G'!$B$15)/(1+'Table G'!$B$18)*IF(ABS(((1+$A9)/(1+'Table G'!$B$18))-1)<0.000000001,5,(1-((1+$A9)/(1+'Table G'!$B$18))^5)/(1-((1+$A9)/(1+'Table G'!$B$18))))+('Table G'!$B$14+'Table G'!$B$15)*(1+$A9)^(5-1)*(1+'Table G'!$B$25)/(('Table G'!$B$18-'Table G'!$B$25)*(1+'Table G'!$B$18)^5),"") -> 49338.572 | C9: =IFERROR(('Table G'!$B$14+'Table G'!$B$15)/(1+'Table G'!$B$18)*IF(ABS(((1+$A9)/(1+'Table G'!$B$18))-1)<0.000000001,10,(1-((1+$A9)/(1+'Table G'!$B$18))^10)/(1-((1+$A9)/(1+'Table G'!$B$18))))+('Table G'!$B$14+'Table G'!$B$15)*(1+$A9)^(10-1)*(1+'Table G'!$B$25)/(('Table G'!$B$18-'Table G'!$B$25)*(1+'Table G'!$B$18)^10),"") -> 36557.579 | D9: =IFERROR(('Table G'!$B$14+'Table G'!$B$15)/(1+'Table G'!$B$18)*IF(ABS(((1+$A9)/(1+'Table G'!$B$18))-1)<0.000000001,5,(1-((1+$A9)/(1+'Table G'!$B$18))^5)/(1-((1+$A9)/(1+'Table G'!$B$18))))+('Table G'!$B$14+'Table G'!$B$15)*(1+$A9)^(5-1)*(1+'Table G'!$B$26)/(('Table G'!$B$18-'Table G'!$B$26)*(1+'Table G'!$B$18)^5),"") -> 52167.44 | E9: =IFERROR(('Table G'!$B$14+'Table G'!$B$15)/(1+'Table G'!$B$18)*IF(ABS(((1+$A9)/(1+'Table G'!$B$18))-1)<0.000000001,10,(1-((1+$A9)/(1+'Table G'!$B$18))^10)/(1-((1+$A9)/(1+'Table G'!$B$18))))+('Table G'!$B$14+'Table G'!$B$15)*(1+$A9)^(10-1)*(1+'Table G'!$B$26)/(('Table G'!$B$18-'Table G'!$B$26)*(1+'Table G'!$B$18)^10),"") -> 37723.968 | F9: =IFERROR(('Table G'!$B$14+'Table G'!$B$15)/(1+'Table G'!$B$18)*IF(ABS(((1+$A9)/(1+'Table G'!$B$18))-1)<0.000000001,5,(1-((1+$A9)/(1+'Table G'!$B$18))^5)/(1-((1+$A9)/(1+'Table G'!$B$18))))+('Table G'!$B$14+'Table G'!$B$15)*(1+$A9)^(5-1)*(1+'Table G'!$B$27)/(('Table G'!$B$18-'Table G'!$B$27)*(1+'Table G'!$B$18)^5),"") -> 55488.761 | G9: =IFERROR(('Table G'!$B$14+'Table G'!$B$15)/(1+'Table G'!$B$18)*IF(ABS(((1+$A9)/(1+'Table G'!$B$18))-1)<0.000000001,10,(1-((1+$A9)/(1+'Table G'!$B$18))^10)/(1-((1+$A9)/(1+'Table G'!$B$18))))+('Table G'!$B$14+'Table G'!$B$15)*(1+$A9)^(10-1)*(1+'Table G'!$B$27)/(('Table G'!$B$18-'Table G'!$B$27)*(1+'Table G'!$B$18)^10),"") -> 39093.403
A10: =-0.1+6*$B$2 -> -0.094 | B10: =IFERROR(('Table G'!$B$14+'Table G'!$B$15)/(1+'Table G'!$B$18)*IF(ABS(((1+$A10)/(1+'Table G'!$B$18))-1)<0.000000001,5,(1-((1+$A10)/(1+'Table G'!$B$18))^5)/(1-((1+$A10)/(1+'Table G'!$B$18))))+('Table G'!$B$14+'Table G'!$B$15)*(1+$A10)^(5-1)*(1+'Table G'!$B$25)/(('Table G'!$B$18-'Table G'!$B$25)*(1+'Table G'!$B$18)^5),"") -> 49514.818 | C10: =IFERROR(('Table G'!$B$14+'Table G'!$B$15)/(1+'Table G'!$B$18)*IF(ABS(((1+$A10)/(1+'Table G'!$B$18))-1)<0.000000001,10,(1-((1+$A10)/(1+'Table G'!$B$18))^10)/(1-((1+$A10)/(1+'Table G'!$B$18))))+('Table G'!$B$14+'Table G'!$B$15)*(1+$A10)^(10-1)*(1+'Table G'!$B$25)/(('Table G'!$B$18-'Table G'!$B$25)*(1+'Table G'!$B$18)^10),"") -> 36772.89 | D10: =IFERROR(('Table G'!$B$14+'Table G'!$B$15)/(1+'Table G'!$B$18)*IF(ABS(((1+$A10)/(1+'Table G'!$B$18))-1)<0.000000001,5,(1-((1+$A10)/(1+'Table G'!$B$18))^5)/(1-((1+$A10)/(1+'Table G'!$B$18))))+('Table G'!$B$14+'Table G'!$B$15)*(1+$A10)^(5-1)*(1+'Table G'!$B$26)/(('Table G'!$B$18-'Table G'!$B$26)*(1+'Table G'!$B$18)^5),"") -> 52356.21 | E10: =IFERROR(('Table G'!$B$14+'Table G'!$B$15)/(1+'Table G'!$B$18)*IF(ABS(((1+$A10)/(1+'Table G'!$B$18))-1)<0.000000001,10,(1-((1+$A10)/(1+'Table G'!$B$18))^10)/(1-((1+$A10)/(1+'Table G'!$B$18))))+('Table G'!$B$14+'Table G'!$B$15)*(1+$A10)^(10-1)*(1+'Table G'!$B$26)/(('Table G'!$B$18-'Table G'!$B$26)*(1+'Table G'!$B$18)^10),"") -> 37950.93 | F10: =IFERROR(('Table G'!$B$14+'Table G'!$B$15)/(1+'Table G'!$B$18)*IF(ABS(((1+$A10)/(1+'Table G'!$B$18))-1)<0.000000001,5,(1-((1+$A10)/(1+'Table G'!$B$18))^5)/(1-((1+$A10)/(1+'Table G'!$B$18))))+('Table G'!$B$14+'Table G'!$B$15)*(1+$A10)^(5-1)*(1+'Table G'!$B$27)/(('Table G'!$B$18-'Table G'!$B$27)*(1+'Table G'!$B$18)^5),"") -> 55692.235 | G10: =IFERROR(('Table G'!$B$14+'Table G'!$B$15)/(1+'Table G'!$B$18)*IF(ABS(((1+$A10)/(1+'Table G'!$B$18))-1)<0.000000001,10,(1-((1+$A10)/(1+'Table G'!$B$18))^10)/(1-((1+$A10)/(1+'Table G'!$B$18))))+('Table G'!$B$14+'Table G'!$B$15)*(1+$A10)^(10-1)*(1+'Table G'!$B$27)/(('Table G'!$B$18-'Table G'!$B$27)*(1+'Table G'!$B$18)^10),"") -> 39334.044
A11: =-0.1+7*$B$2 -> -0.093 | B11: =IFERROR(('Table G'!$B$14+'Table G'!$B$15)/(1+'Table G'!$B$18)*IF(ABS(((1+$A11)/(1+'Table G'!$B$18))-1)<0.000000001,5,(1-((1+$A11)/(1+'Table G'!$B$18))^5)/(1-((1+$A11)/(1+'Table G'!$B$18))))+('Table G'!$B$14+'Table G'!$B$15)*(1+$A11)^(5-1)*(1+'Table G'!$B$25)/(('Table G'!$B$18-'Table G'!$B$25)*(1+'Table G'!$B$18)^5),"") -> 49691.609 | C11: =IFERROR(('Table G'!$B$14+'Table G'!$B$15)/(1+'Table G'!$B$18)*IF(ABS(((1+$A11)/(1+'Table G'!$B$18))-1)<0.000000001,10,(1-((1+$A11)/(1+'Table G'!$B$18))^10)/(1-((1+$A11)/(1+'Table G'!$B$18))))+('Table G'!$B$14+'Table G'!$B$15)*(1+$A11)^(10-1)*(1+'Table G'!$B$25)/(('Table G'!$B$18-'Table G'!$B$25)*(1+'Table G'!$B$18)^10),"") -> 36989.795 | D11: =IFERROR(('Table G'!$B$14+'Table G'!$B$15)/(1+'Table G'!$B$18)*IF(ABS(((1+$A11)/(1+'Table G'!$B$18))-1)<0.000000001,5,(1-((1+$A11)/(1+'Table G'!$B$18))^5)/(1-((1+$A11)/(1+'Table G'!$B$18))))+('Table G'!$B$14+'Table G'!$B$15)*(1+$A11)^(5-1)*(1+'Table G'!$B$26)/(('Table G'!$B$18-'Table G'!$B$26)*(1+'Table G'!$B$18)^5),"") -> 52545.567 | E11: =IFERROR(('Table G'!$B$14+'Table G'!$B$15)/(1+'Table G'!$B$18)*IF(ABS(((1+$A11)/(1+'Table G'!$B$18))-1)<0.000000001,10,(1-((1+$A11)/(1+'Table G'!$B$18))^10)/(1-((1+$A11)/(1+'Table G'!$B$18))))+('Table G'!$B$14+'Table G'!$B$15)*(1+$A11)^(10-1)*(1+'Table G'!$B$26)/(('Table G'!$B$18-'Table G'!$B$26)*(1+'Table G'!$B$18)^10),"") -> 38179.589 | F11: =IFERROR(('Table G'!$B$14+'Table G'!$B$15)/(1+'Table G'!$B$18)*IF(ABS(((1+$A11)/(1+'Table G'!$B$18))-1)<0.000000001,5,(1-((1+$A11)/(1+'Table G'!$B$18))^5)/(1-((1+$A11)/(1+'Table G'!$B$18))))+('Table G'!$B$14+'Table G'!$B$15)*(1+$A11)^(5-1)*(1+'Table G'!$B$27)/(('Table G'!$B$18-'Table G'!$B$27)*(1+'Table G'!$B$18)^5),"") -> 55896.345 | G11: =IFERROR(('Table G'!$B$14+'Table G'!$B$15)/(1+'Table G'!$B$18)*IF(ABS(((1+$A11)/(1+'Table G'!$B$18))-1)<0.000000001,10,(1-((1+$A11)/(1+'Table G'!$B$18))^10)/(1-((1+$A11)/(1+'Table G'!$B$18))))+('Table G'!$B$14+'Table G'!$B$15)*(1+$A11)^(10-1)*(1+'Table G'!$B$27)/(('Table G'!$B$18-'Table G'!$B$27)*(1+'Table G'!$B$18)^10),"") -> 39576.503
A12: =-0.1+8*$B$2 -> -0.092 | B12: =IFERROR(('Table G'!$B$14+'Table G'!$B$15)/(1+'Table G'!$B$18)*IF(ABS(((1+$A12)/(1+'Table G'!$B$18))-1)<0.000000001,5,(1-((1+$A12)/(1+'Table G'!$B$18))^5)/(1-((1+$A12)/(1+'Table G'!$B$18))))+('Table G'!$B$14+'Table G'!$B$15)*(1+$A12)^(5-1)*(1+'Table G'!$B$25)/(('Table G'!$B$18-'Table G'!$B$25)*(1+'Table G'!$B$18)^5),"") -> 49868.948 | C12: =IFERROR(('Table G'!$B$14+'Table G'!$B$15)/(1+'Table G'!$B$18)*IF(ABS(((1+$A12)/(1+'Table G'!$B$18))-1)<0.000000001,10,(1-((1+$A12)/(1+'Table G'!$B$18))^10)/(1-((1+$A12)/(1+'Table G'!$B$18))))+('Table G'!$B$14+'Table G'!$B$15)*(1+$A12)^(10-1)*(1+'Table G'!$B$25)/(('Table G'!$B$18-'Table G'!$B$25)*(1+'Table G'!$B$18)^10),"") -> 37208.305 | D12: =IFERROR(('Table G'!$B$14+'Table G'!$B$15)/(1+'Table G'!$B$18)*IF(ABS(((1+$A12)/(1+'Table G'!$B$18))-1)<0.000000001,5,(1-((1+$A12)/(1+'Table G'!$B$18))^5)/(1-((1+$A12)/(1+'Table G'!$B$18))))+('Table G'!$B$14+'Table G'!$B$15)*(1+$A12)^(5-1)*(1+'Table G'!$B$26)/(('Table G'!$B$18-'Table G'!$B$26)*(1+'Table G'!$B$18)^5),"") -> 52735.513 | E12: =IFERROR(('Table G'!$B$14+'Table G'!$B$15)/(1+'Table G'!$B$18)*IF(ABS(((1+$A12)/(1+'Table G'!$B$18))-1)<0.000000001,10,(1-((1+$A12)/(1+'Table G'!$B$18))^10)/(1-((1+$A12)/(1+'Table G'!$B$18))))+('Table G'!$B$14+'Table G'!$B$15)*(1+$A12)^(10-1)*(1+'Table G'!$B$26)/(('Table G'!$B$18-'Table G'!$B$26)*(1+'Table G'!$B$18)^10),"") -> 38409.957 | F12: =IFERROR(('Table G'!$B$14+'Table G'!$B$15)/(1+'Table G'!$B$18)*IF(ABS(((1+$A12)/(1+'Table G'!$B$18))-1)<0.000000001,5,(1-((1+$A12)/(1+'Table G'!$B$18))^5)/(1-((1+$A12)/(1+'Table G'!$B$18))))+('Table G'!$B$14+'Table G'!$B$15)*(1+$A12)^(5-1)*(1+'Table G'!$B$27)/(('Table G'!$B$18-'Table G'!$B$27)*(1+'Table G'!$B$18)^5),"") -> 56101.092 | G12: =IFERROR(('Table G'!$B$14+'Table G'!$B$15)/(1+'Table G'!$B$18)*IF(ABS(((1+$A12)/(1+'Table G'!$B$18))-1)<0.000000001,10,(1-((1+$A12)/(1+'Table G'!$B$18))^10)/(1-((1+$A12)/(1+'Table G'!$B$18))))+('Table G'!$B$14+'Table G'!$B$15)*(1+$A12)^(10-1)*(1+'Table G'!$B$27)/(('Table G'!$B$18-'Table G'!$B$27)*(1+'Table G'!$B$18)^10),"") -> 39820.793
A13: =-0.1+9*$B$2 -> -0.091 | B13: =IFERROR(('Table G'!$B$14+'Table G'!$B$15)/(1+'Table G'!$B$18)*IF(ABS(((1+$A13)/(1+'Table G'!$B$18))-1)<0.000000001,5,(1-((1+$A13)/(1+'Table G'!$B$18))^5)/(1-((1+$A13)/(1+'Table G'!$B$18))))+('Table G'!$B$14+'Table G'!$B$15)*(1+$A13)^(5-1)*(1+'Table G'!$B$25)/(('Table G'!$B$18-'Table G'!$B$25)*(1+'Table G'!$B$18)^5),"") -> 50046.834 | C13: =IFERROR(('Table G'!$B$14+'Table G'!$B$15)/(1+'Table G'!$B$18)*IF(ABS(((1+$A13)/(1+'Table G'!$B$18))-1)<0.000000001,10,(1-((1+$A13)/(1+'Table G'!$B$18))^10)/(1-((1+$A13)/(1+'Table G'!$B$18))))+('Table G'!$B$14+'Table G'!$B$15)*(1+$A13)^(10-1)*(1+'Table G'!$B$25)/(('Table G'!$B$18-'Table G'!$B$25)*(1+'Table G'!$B$18)^10),"") -> 37428.431 | D13: =IFERROR(('Table G'!$B$14+'Table G'!$B$15)/(1+'Table G'!$B$18)*IF(ABS(((1+$A13)/(1+'Table G'!$B$18))-1)<0.000000001,5,(1-((1+$A13)/(1+'Table G'!$B$18))^5)/(1-((1+$A13)/(1+'Table G'!$B$18))))+('Table G'!$B$14+'Table G'!$B$15)*(1+$A13)^(5-1)*(1+'Table G'!$B$26)/(('Table G'!$B$18-'Table G'!$B$26)*(1+'Table G'!$B$18)^5),"") -> 52926.048 | E13: =IFERROR(('Table G'!$B$14+'Table G'!$B$15)/(1+'Table G'!$B$18)*IF(ABS(((1+$A13)/(1+'Table G'!$B$18))-1)<0.000000001,10,(1-((1+$A13)/(1+'Table G'!$B$18))^10)/(1-((1+$A13)/(1+'Table G'!$B$18))))+('Table G'!$B$14+'Table G'!$B$15)*(1+$A13)^(10-1)*(1+'Table G'!$B$26)/(('Table G'!$B$18-'Table G'!$B$26)*(1+'Table G'!$B$18)^10),"") -> 38642.046 | F13: =IFERROR(('Table G'!$B$14+'Table G'!$B$15)/(1+'Table G'!$B$18)*IF(ABS(((1+$A13)/(1+'Table G'!$B$18))-1)<0.000000001,5,(1-((1+$A13)/(1+'Table G'!$B$18))^5)/(1-((1+$A13)/(1+'Table G'!$B$18))))+('Table G'!$B$14+'Table G'!$B$15)*(1+$A13)^(5-1)*(1+'Table G'!$B$27)/(('Table G'!$B$18-'Table G'!$B$27)*(1+'Table G'!$B$18)^5),"") -> 56306.479 | G13: =IFERROR(('Table G'!$B$14+'Table G'!$B$15)/(1+'Table G'!$B$18)*IF(ABS(((1+$A13)/(1+'Table G'!$B$18))-1)<0.000000001,10,(1-((1+$A13)/(1+'Table G'!$B$18))^10)/(1-((1+$A13)/(1+'Table G'!$B$18))))+('Table G'!$B$14+'Table G'!$B$15)*(1+$A13)^(10-1)*(1+'Table G'!$B$27)/(('Table G'!$B$18-'Table G'!$B$27)*(1+'Table G'!$B$18)^10),"") -> 40066.929
A14: =-0.1+10*$B$2 -> -0.09 | B14: =IFERROR(('Table G'!$B$14+'Table G'!$B$15)/(1+'Table G'!$B$18)*IF(ABS(((1+$A14)/(1+'Table G'!$B$18))-1)<0.000000001,5,(1-((1+$A14)/(1+'Table G'!$B$18))^5)/(1-((1+$A14)/(1+'Table G'!$B$18))))+('Table G'!$B$14+'Table G'!$B$15)*(1+$A14)^(5-1)*(1+'Table G'!$B$25)/(('Table G'!$B$18-'Table G'!$B$25)*(1+'Table G'!$B$18)^5),"") -> 50225.27 | C14: =IFERROR(('Table G'!$B$14+'Table G'!$B$15)/(1+'Table G'!$B$18)*IF(ABS(((1+$A14)/(1+'Table G'!$B$18))-1)<0.000000001,10,(1-((1+$A14)/(1+'Table G'!$B$18))^10)/(1-((1+$A14)/(1+'Table G'!$B$18))))+('Table G'!$B$14+'Table G'!$B$15)*(1+$A14)^(10-1)*(1+'Table G'!$B$25)/(('Table G'!$B$18-'Table G'!$B$25)*(1+'Table G'!$B$18)^10),"") -> 37650.185 | D14: =IFERROR(('Table G'!$B$14+'Table G'!$B$15)/(1+'Table G'!$B$18)*IF(ABS(((1+$A14)/(1+'Table G'!$B$18))-1)<0.000000001,5,(1-((1+$A14)/(1+'Table G'!$B$18))^5)/(1-((1+$A14)/(1+'Table G'!$B$18))))+('Table G'!$B$14+'Table G'!$B$15)*(1+$A14)^(5-1)*(1+'Table G'!$B$26)/(('Table G'!$B$18-'Table G'!$B$26)*(1+'Table G'!$B$18)^5),"") -> 53117.175 | E14: =IFERROR(('Table G'!$B$14+'Table G'!$B$15)/(1+'Table G'!$B$18)*IF(ABS(((1+$A14)/(1+'Table G'!$B$18))-1)<0.000000001,10,(1-((1+$A14)/(1+'Table G'!$B$18))^10)/(1-((1+$A14)/(1+'Table G'!$B$18))))+('Table G'!$B$14+'Table G'!$B$15)*(1+$A14)^(10-1)*(1+'Table G'!$B$26)/(('Table G'!$B$18-'Table G'!$B$26)*(1+'Table G'!$B$18)^10),"") -> 38875.869 | F14: =IFERROR(('Table G'!$B$14+'Table G'!$B$15)/(1+'Table G'!$B$18)*IF(ABS(((1+$A14)/(1+'Table G'!$B$18))-1)<0.000000001,5,(1-((1+$A14)/(1+'Table G'!$B$18))^5)/(1-((1+$A14)/(1+'Table G'!$B$18))))+('Table G'!$B$14+'Table G'!$B$15)*(1+$A14)^(5-1)*(1+'Table G'!$B$27)/(('Table G'!$B$18-'Table G'!$B$27)*(1+'Table G'!$B$18)^5),"") -> 56512.505 | G14: =IFERROR(('Table G'!$B$14+'Table G'!$B$15)/(1+'Table G'!$B$18)*IF(ABS(((1+$A14)/(1+'Table G'!$B$18))-1)<0.000000001,10,(1-((1+$A14)/(1+'Table G'!$B$18))^10)/(1-((1+$A14)/(1+'Table G'!$B$18))))+('Table G'!$B$14+'Table G'!$B$15)*(1+$A14)^(10-1)*(1+'Table G'!$B$27)/(('Table G'!$B$18-'Table G'!$B$27)*(1+'Table G'!$B$18)^10),"") -> 40314.922
A15: =-0.1+11*$B$2 -> -0.089 | B15: =IFERROR(('Table G'!$B$14+'Table G'!$B$15)/(1+'Table G'!$B$18)*IF(ABS(((1+$A15)/(1+'Table G'!$B$18))-1)<0.000000001,5,(1-((1+$A15)/(1+'Table G'!$B$18))^5)/(1-((1+$A15)/(1+'Table G'!$B$18))))+('Table G'!$B$14+'Table G'!$B$15)*(1+$A15)^(5-1)*(1+'Table G'!$B$25)/(('Table G'!$B$18-'Table G'!$B$25)*(1+'Table G'!$B$18)^5),"") -> 50404.257 | C15: =IFERROR(('Table G'!$B$14+'Table G'!$B$15)/(1+'Table G'!$B$18)*IF(ABS(((1+$A15)/(1+'Table G'!$B$18))-1)<0.000000001,10,(1-((1+$A15)/(1+'Table G'!$B$18))^10)/(1-((1+$A15)/(1+'Table G'!$B$18))))+('Table G'!$B$14+'Table G'!$B$15)*(1+$A15)^(10-1)*(1+'Table G'!$B$25)/(('Table G'!$B$18-'Table G'!$B$25)*(1+'Table G'!$B$18)^10),"") -> 37873.578 | D15: =IFERROR(('Table G'!$B$14+'Table G'!$B$15)/(1+'Table G'!$B$18)*IF(ABS(((1+$A15)/(1+'Table G'!$B$18))-1)<0.000000001,5,(1-((1+$A15)/(1+'Table G'!$B$18))^5)/(1-((1+$A15)/(1+'Table G'!$B$18))))+('Table G'!$B$14+'Table G'!$B$15)*(1+$A15)^(5-1)*(1+'Table G'!$B$26)/(('Table G'!$B$18-'Table G'!$B$26)*(1+'Table G'!$B$18)^5),"") -> 53308.894 | E15: =IFERROR(('Table G'!$B$14+'Table G'!$B$15)/(1+'Table G'!$B$18)*IF(ABS(((1+$A15)/(1+'Table G'!$B$18))-1)<0.000000001,10,(1-((1+$A15)/(1+'Table G'!$B$18))^10)/(1-((1+$A15)/(1+'Table G'!$B$18))))+('Table G'!$B$14+'Table G'!$B$15)*(1+$A15)^(10-1)*(1+'Table G'!$B$26)/(('Table G'!$B$18-'Table G'!$B$26)*(1+'Table G'!$B$18)^10),"") -> 39111.438 | F15: =IFERROR(('Table G'!$B$14+'Table G'!$B$15)/(1+'Table G'!$B$18)*IF(ABS(((1+$A15)/(1+'Table G'!$B$18))-1)<0.000000001,5,(1-((1+$A15)/(1+'Table G'!$B$18))^5)/(1-((1+$A15)/(1+'Table G'!$B$18))))+('Table G'!$B$14+'Table G'!$B$15)*(1+$A15)^(5-1)*(1+'Table G'!$B$27)/(('Table G'!$B$18-'Table G'!$B$27)*(1+'Table G'!$B$18)^5),"") -> 56719.174 | G15: =IFERROR(('Table G'!$B$14+'Table G'!$B$15)/(1+'Table G'!$B$18)*IF(ABS(((1+$A15)/(1+'Table G'!$B$18))-1)<0.000000001,10,(1-((1+$A15)/(1+'Table G'!$B$18))^10)/(1-((1+$A15)/(1+'Table G'!$B$18))))+('Table G'!$B$14+'Table G'!$B$15)*(1+$A15)^(10-1)*(1+'Table G'!$B$27)/(('Table G'!$B$18-'Table G'!$B$27)*(1+'Table G'!$B$18)^10),"") -> 40564.786
A16: =-0.1+12*$B$2 -> -0.088 | B16: =IFERROR(('Table G'!$B$14+'Table G'!$B$15)/(1+'Table G'!$B$18)*IF(ABS(((1+$A16)/(1+'Table G'!$B$18))-1)<0.000000001,5,(1-((1+$A16)/(1+'Table G'!$B$18))^5)/(1-((1+$A16)/(1+'Table G'!$B$18))))+('Table G'!$B$14+'Table G'!$B$15)*(1+$A16)^(5-1)*(1+'Table G'!$B$25)/(('Table G'!$B$18-'Table G'!$B$25)*(1+'Table G'!$B$18)^5),"") -> 50583.795 | C16: =IFERROR(('Table G'!$B$14+'Table G'!$B$15)/(1+'Table G'!$B$18)*IF(ABS(((1+$A16)/(1+'Table G'!$B$18))-1)<0.000000001,10,(1-((1+$A16)/(1+'Table G'!$B$18))^10)/(1-((1+$A16)/(1+'Table G'!$B$18))))+('Table G'!$B$14+'Table G'!$B$15)*(1+$A16)^(10-1)*(1+'Table G'!$B$25)/(('Table G'!$B$18-'Table G'!$B$25)*(1+'Table G'!$B$18)^10),"") -> 38098.623 | D16: =IFERROR(('Table G'!$B$14+'Table G'!$B$15)/(1+'Table G'!$B$18)*IF(ABS(((1+$A16)/(1+'Table G'!$B$18))-1)<0.000000001,5,(1-((1+$A16)/(1+'Table G'!$B$18))^5)/(1-((1+$A16)/(1+'Table G'!$B$18))))+('Table G'!$B$14+'Table G'!$B$15)*(1+$A16)^(5-1)*(1+'Table G'!$B$26)/(('Table G'!$B$18-'Table G'!$B$26)*(1+'Table G'!$B$18)^5),"") -> 53501.207 | E16: =IFERROR(('Table G'!$B$14+'Table G'!$B$15)/(1+'Table G'!$B$18)*IF(ABS(((1+$A16)/(1+'Table G'!$B$18))-1)<0.000000001,10,(1-((1+$A16)/(1+'Table G'!$B$18))^10)/(1-((1+$A16)/(1+'Table G'!$B$18))))+('Table G'!$B$14+'Table G'!$B$15)*(1+$A16)^(10-1)*(1+'Table G'!$B$26)/(('Table G'!$B$18-'Table G'!$B$26)*(1+'Table G'!$B$18)^10),"") -> 39348.766 | F16: =IFERROR(('Table G'!$B$14+'Table G'!$B$15)/(1+'Table G'!$B$18)*IF(ABS(((1+$A16)/(1+'Table G'!$B$18))-1)<0.000000001,5,(1-((1+$A16)/(1+'Table G'!$B$18))^5)/(1-((1+$A16)/(1+'Table G'!$B$18))))+('Table G'!$B$14+'Table G'!$B$15)*(1+$A16)^(5-1)*(1+'Table G'!$B$27)/(('Table G'!$B$18-'Table G'!$B$27)*(1+'Table G'!$B$18)^5),"") -> 56926.485 | G16: =IFERROR(('Table G'!$B$14+'Table G'!$B$15)/(1+'Table G'!$B$18)*IF(ABS(((1+$A16)/(1+'Table G'!$B$18))-1)<0.000000001,10,(1-((1+$A16)/(1+'Table G'!$B$18))^10)/(1-((1+$A16)/(1+'Table G'!$B$18))))+('Table G'!$B$14+'Table G'!$B$15)*(1+$A16)^(10-1)*(1+'Table G'!$B$27)/(('Table G'!$B$18-'Table G'!$B$27)*(1+'Table G'!$B$18)^10),"") -> 40816.535
A17: =-0.1+13*$B$2 -> -0.087 | B17: =IFERROR(('Table G'!$B$14+'Table G'!$B$15)/(1+'Table G'!$B$18)*IF(ABS(((1+$A17)/(1+'Table G'!$B$18))-1)<0.000000001,5,(1-((1+$A17)/(1+'Table G'!$B$18))^5)/(1-((1+$A17)/(1+'Table G'!$B$18))))+('Table G'!$B$14+'Table G'!$B$15)*(1+$A17)^(5-1)*(1+'Table G'!$B$25)/(('Table G'!$B$18-'Table G'!$B$25)*(1+'Table G'!$B$18)^5),"") -> 50763.885 | C17: =IFERROR(('Table G'!$B$14+'Table G'!$B$15)/(1+'Table G'!$B$18)*IF(ABS(((1+$A17)/(1+'Table G'!$B$18))-1)<0.000000001,10,(1-((1+$A17)/(1+'Table G'!$B$18))^10)/(1-((1+$A17)/(1+'Table G'!$B$18))))+('Table G'!$B$14+'Table G'!$B$15)*(1+$A17)^(10-1)*(1+'Table G'!$B$25)/(('Table G'!$B$18-'Table G'!$B$25)*(1+'Table G'!$B$18)^10),"") -> 38325.331 | D17: =IFERROR(('Table G'!$B$14+'Table G'!$B$15)/(1+'Table G'!$B$18)*IF(ABS(((1+$A17)/(1+'Table G'!$B$18))-1)<0.000000001,5,(1-((1+$A17)/(1+'Table G'!$B$18))^5)/(1-((1+$A17)/(1+'Table G'!$B$18))))+('Table G'!$B$14+'Table G'!$B$15)*(1+$A17)^(5-1)*(1+'Table G'!$B$26)/(('Table G'!$B$18-'Table G'!$B$26)*(1+'Table G'!$B$18)^5),"") -> 53694.114 | E17: =IFERROR(('Table G'!$B$14+'Table G'!$B$15)/(1+'Table G'!$B$18)*IF(ABS(((1+$A17)/(1+'Table G'!$B$18))-1)<0.000000001,10,(1-((1+$A17)/(1+'Table G'!$B$18))^10)/(1-((1+$A17)/(1+'Table G'!$B$18))))+('Table G'!$B$14+'Table G'!$B$15)*(1+$A17)^(10-1)*(1+'Table G'!$B$26)/(('Table G'!$B$18-'Table G'!$B$26)*(1+'Table G'!$B$18)^10),"") -> 39587.864 | F17: =IFERROR(('Table G'!$B$14+'Table G'!$B$15)/(1+'Table G'!$B$18)*IF(ABS(((1+$A17)/(1+'Table G'!$B$18))-1)<0.000000001,5,(1-((1+$A17)/(1+'Table G'!$B$18))^5)/(1-((1+$A17)/(1+'Table G'!$B$18))))+('Table G'!$B$14+'Table G'!$B$15)*(1+$A17)^(5-1)*(1+'Table G'!$B$27)/(('Table G'!$B$18-'Table G'!$B$27)*(1+'Table G'!$B$18)^5),"") -> 57134.44 | G17: =IFERROR(('Table G'!$B$14+'Table G'!$B$15)/(1+'Table G'!$B$18)*IF(ABS(((1+$A17)/(1+'Table G'!$B$18))-1)<0.000000001,10,(1-((1+$A17)/(1+'Table G'!$B$18))^10)/(1-((1+$A17)/(1+'Table G'!$B$18))))+('Table G'!$B$14+'Table G'!$B$15)*(1+$A17)^(10-1)*(1+'Table G'!$B$27)/(('Table G'!$B$18-'Table G'!$B$27)*(1+'Table G'!$B$18)^10),"") -> 41070.182
A18: =-0.1+14*$B$2 -> -0.086 | B18: =IFERROR(('Table G'!$B$14+'Table G'!$B$15)/(1+'Table G'!$B$18)*IF(ABS(((1+$A18)/(1+'Table G'!$B$18))-1)<0.000000001,5,(1-((1+$A18)/(1+'Table G'!$B$18))^5)/(1-((1+$A18)/(1+'Table G'!$B$18))))+('Table G'!$B$14+'Table G'!$B$15)*(1+$A18)^(5-1)*(1+'Table G'!$B$25)/(('Table G'!$B$18-'Table G'!$B$25)*(1+'Table G'!$B$18)^5),"") -> 50944.53 | C18: =IFERROR(('Table G'!$B$14+'Table G'!$B$15)/(1+'Table G'!$B$18)*IF(ABS(((1+$A18)/(1+'Table G'!$B$18))-1)<0.000000001,10,(1-((1+$A18)/(1+'Table G'!$B$18))^10)/(1-((1+$A18)/(1+'Table G'!$B$18))))+('Table G'!$B$14+'Table G'!$B$15)*(1+$A18)^(10-1)*(1+'Table G'!$B$25)/(('Table G'!$B$18-'Table G'!$B$25)*(1+'Table G'!$B$18)^10),"") -> 38553.713 | D18: =IFERROR(('Table G'!$B$14+'Table G'!$B$15)/(1+'Table G'!$B$18)*IF(ABS(((1+$A18)/(1+'Table G'!$B$18))-1)<0.000000001,5,(1-((1+$A18)/(1+'Table G'!$B$18))^5)/(1-((1+$A18)/(1+'Table G'!$B$18))))+('Table G'!$B$14+'Table G'!$B$15)*(1+$A18)^(5-1)*(1+'Table G'!$B$26)/(('Table G'!$B$18-'Table G'!$B$26)*(1+'Table G'!$B$18)^5),"") -> 53887.618 | E18: =IFERROR(('Table G'!$B$14+'Table G'!$B$15)/(1+'Table G'!$B$18)*IF(ABS(((1+$A18)/(1+'Table G'!$B$18))-1)<0.000000001,10,(1-((1+$A18)/(1+'Table G'!$B$18))^10)/(1-((1+$A18)/(1+'Table G'!$B$18))))+('Table G'!$B$14+'Table G'!$B$15)*(1+$A18)^(10-1)*(1+'Table G'!$B$26)/(('Table G'!$B$18-'Table G'!$B$26)*(1+'Table G'!$B$18)^10),"") -> 39828.747 | F18: =IFERROR(('Table G'!$B$14+'Table G'!$B$15)/(1+'Table G'!$B$18)*IF(ABS(((1+$A18)/(1+'Table G'!$B$18))-1)<0.000000001,5,(1-((1+$A18)/(1+'Table G'!$B$18))^5)/(1-((1+$A18)/(1+'Table G'!$B$18))))+('Table G'!$B$14+'Table G'!$B$15)*(1+$A18)^(5-1)*(1+'Table G'!$B$27)/(('Table G'!$B$18-'Table G'!$B$27)*(1+'Table G'!$B$18)^5),"") -> 57343.041 | G18: =IFERROR(('Table G'!$B$14+'Table G'!$B$15)/(1+'Table G'!$B$18)*IF(ABS(((1+$A18)/(1+'Table G'!$B$18))-1)<0.000000001,10,(1-((1+$A18)/(1+'Table G'!$B$18))^10)/(1-((1+$A18)/(1+'Table G'!$B$18))))+('Table G'!$B$14+'Table G'!$B$15)*(1+$A18)^(10-1)*(1+'Table G'!$B$27)/(('Table G'!$B$18-'Table G'!$B$27)*(1+'Table G'!$B$18)^10),"") -> 41325.74
A19: =-0.1+15*$B$2 -> -0.085 | B19: =IFERROR(('Table G'!$B$14+'Table G'!$B$15)/(1+'Table G'!$B$18)*IF(ABS(((1+$A19)/(1+'Table G'!$B$18))-1)<0.000000001,5,(1-((1+$A19)/(1+'Table G'!$B$18))^5)/(1-((1+$A19)/(1+'Table G'!$B$18))))+('Table G'!$B$14+'Table G'!$B$15)*(1+$A19)^(5-1)*(1+'Table G'!$B$25)/(('Table G'!$B$18-'Table G'!$B$25)*(1+'Table G'!$B$18)^5),"") -> 51125.73 | C19: =IFERROR(('Table G'!$B$14+'Table G'!$B$15)/(1+'Table G'!$B$18)*IF(ABS(((1+$A19)/(1+'Table G'!$B$18))-1)<0.000000001,10,(1-((1+$A19)/(1+'Table G'!$B$18))^10)/(1-((1+$A19)/(1+'Table G'!$B$18))))+('Table G'!$B$14+'Table G'!$B$15)*(1+$A19)^(10-1)*(1+'Table G'!$B$25)/(('Table G'!$B$18-'Table G'!$B$25)*(1+'Table G'!$B$18)^10),"") -> 38783.782 | D19: =IFERROR(('Table G'!$B$14+'Table G'!$B$15)/(1+'Table G'!$B$18)*IF(ABS(((1+$A19)/(1+'Table G'!$B$18))-1)<0.000000001,5,(1-((1+$A19)/(1+'Table G'!$B$18))^5)/(1-((1+$A19)/(1+'Table G'!$B$18))))+('Table G'!$B$14+'Table G'!$B$15)*(1+$A19)^(5-1)*(1+'Table G'!$B$26)/(('Table G'!$B$18-'Table G'!$B$26)*(1+'Table G'!$B$18)^5),"") -> 54081.719 | E19: =IFERROR(('Table G'!$B$14+'Table G'!$B$15)/(1+'Table G'!$B$18)*IF(ABS(((1+$A19)/(1+'Table G'!$B$18))-1)<0.000000001,10,(1-((1+$A19)/(1+'Table G'!$B$18))^10)/(1-((1+$A19)/(1+'Table G'!$B$18))))+('Table G'!$B$14+'Table G'!$B$15)*(1+$A19)^(10-1)*(1+'Table G'!$B$26)/(('Table G'!$B$18-'Table G'!$B$26)*(1+'Table G'!$B$18)^10),"") -> 40071.426 | F19: =IFERROR(('Table G'!$B$14+'Table G'!$B$15)/(1+'Table G'!$B$18)*IF(ABS(((1+$A19)/(1+'Table G'!$B$18))-1)<0.000000001,5,(1-((1+$A19)/(1+'Table G'!$B$18))^5)/(1-((1+$A19)/(1+'Table G'!$B$18))))+('Table G'!$B$14+'Table G'!$B$15)*(1+$A19)^(5-1)*(1+'Table G'!$B$27)/(('Table G'!$B$18-'Table G'!$B$27)*(1+'Table G'!$B$18)^5),"") -> 57552.289 | G19: =IFERROR(('Table G'!$B$14+'Table G'!$B$15)/(1+'Table G'!$B$18)*IF(ABS(((1+$A19)/(1+'Table G'!$B$18))-1)<0.000000001,10,(1-((1+$A19)/(1+'Table G'!$B$18))^10)/(1-((1+$A19)/(1+'Table G'!$B$18))))+('Table G'!$B$14+'Table G'!$B$15)*(1+$A19)^(10-1)*(1+'Table G'!$B$27)/(('Table G'!$B$18-'Table G'!$B$27)*(1+'Table G'!$B$18)^10),"") -> 41583.225
A20: =-0.1+16*$B$2 -> -0.084 | B20: =IFERROR(('Table G'!$B$14+'Table G'!$B$15)/(1+'Table G'!$B$18)*IF(ABS(((1+$A20)/(1+'Table G'!$B$18))-1)<0.000000001,5,(1-((1+$A20)/(1+'Table G'!$B$18))^5)/(1-((1+$A20)/(1+'Table G'!$B$18))))+('Table G'!$B$14+'Table G'!$B$15)*(1+$A20)^(5-1)*(1+'Table G'!$B$25)/(('Table G'!$B$18-'Table G'!$B$25)*(1+'Table G'!$B$18)^5),"") -> 51307.486 | C20: =IFERROR(('Table G'!$B$14+'Table G'!$B$15)/(1+'Table G'!$B$18)*IF(ABS(((1+$A20)/(1+'Table G'!$B$18))-1)<0.000000001,10,(1-((1+$A20)/(1+'Table G'!$B$18))^10)/(1-((1+$A20)/(1+'Table G'!$B$18))))+('Table G'!$B$14+'Table G'!$B$15)*(1+$A20)^(10-1)*(1+'Table G'!$B$25)/(('Table G'!$B$18-'Table G'!$B$25)*(1+'Table G'!$B$18)^10),"") -> 39015.549 | D20: =IFERROR(('Table G'!$B$14+'Table G'!$B$15)/(1+'Table G'!$B$18)*IF(ABS(((1+$A20)/(1+'Table G'!$B$18))-1)<0.000000001,5,(1-((1+$A20)/(1+'Table G'!$B$18))^5)/(1-((1+$A20)/(1+'Table G'!$B$18))))+('Table G'!$B$14+'Table G'!$B$15)*(1+$A20)^(5-1)*(1+'Table G'!$B$26)/(('Table G'!$B$18-'Table G'!$B$26)*(1+'Table G'!$B$18)^5),"") -> 54276.418 | E20: =IFERROR(('Table G'!$B$14+'Table G'!$B$15)/(1+'Table G'!$B$18)*IF(ABS(((1+$A20)/(1+'Table G'!$B$18))-1)<0.000000001,10,(1-((1+$A20)/(1+'Table G'!$B$18))^10)/(1-((1+$A20)/(1+'Table G'!$B$18))))+('Table G'!$B$14+'Table G'!$B$15)*(1+$A20)^(10-1)*(1+'Table G'!$B$26)/(('Table G'!$B$18-'Table G'!$B$26)*(1+'Table G'!$B$18)^10),"") -> 40315.914 | F20: =IFERROR(('Table G'!$B$14+'Table G'!$B$15)/(1+'Table G'!$B$18)*IF(ABS(((1+$A20)/(1+'Table G'!$B$18))-1)<0.000000001,5,(1-((1+$A20)/(1+'Table G'!$B$18))^5)/(1-((1+$A20)/(1+'Table G'!$B$18))))+('Table G'!$B$14+'Table G'!$B$15)*(1+$A20)^(5-1)*(1+'Table G'!$B$27)/(('Table G'!$B$18-'Table G'!$B$27)*(1+'Table G'!$B$18)^5),"") -> 57762.185 | G20: =IFERROR(('Table G'!$B$14+'Table G'!$B$15)/(1+'Table G'!$B$18)*IF(ABS(((1+$A20)/(1+'Table G'!$B$18))-1)<0.000000001,10,(1-((1+$A20)/(1+'Table G'!$B$18))^10)/(1-((1+$A20)/(1+'Table G'!$B$18))))+('Table G'!$B$14+'Table G'!$B$15)*(1+$A20)^(10-1)*(1+'Table G'!$B$27)/(('Table G'!$B$18-'Table G'!$B$27)*(1+'Table G'!$B$18)^10),"") -> 41842.648
A21: =-0.1+17*$B$2 -> -0.083 | B21: =IFERROR(('Table G'!$B$14+'Table G'!$B$15)/(1+'Table G'!$B$18)*IF(ABS(((1+$A21)/(1+'Table G'!$B$18))-1)<0.000000001,5,(1-((1+$A21)/(1+'Table G'!$B$18))^5)/(1-((1+$A21)/(1+'Table G'!$B$18))))+('Table G'!$B$14+'Table G'!$B$15)*(1+$A21)^(5-1)*(1+'Table G'!$B$25)/(('Table G'!$B$18-'Table G'!$B$25)*(1+'Table G'!$B$18)^5),"") -> 51489.8 | C21: =IFERROR(('Table G'!$B$14+'Table G'!$B$15)/(1+'Table G'!$B$18)*IF(ABS(((1+$A21)/(1+'Table G'!$B$18))-1)<0.000000001,10,(1-((1+$A21)/(1+'Table G'!$B$18))^10)/(1-((1+$A21)/(1+'Table G'!$B$18))))+('Table G'!$B$14+'Table G'!$B$15)*(1+$A21)^(10-1)*(1+'Table G'!$B$25)/(('Table G'!$B$18-'Table G'!$B$25)*(1+'Table G'!$B$18)^10),"") -> 39249.027 | D21: =IFERROR(('Table G'!$B$14+'Table G'!$B$15)/(1+'Table G'!$B$18)*IF(ABS(((1+$A21)/(1+'Table G'!$B$18))-1)<0.000000001,5,(1-((1+$A21)/(1+'Table G'!$B$18))^5)/(1-((1+$A21)/(1+'Table G'!$B$18))))+('Table G'!$B$14+'Table G'!$B$15)*(1+$A21)^(5-1)*(1+'Table G'!$B$26)/(('Table G'!$B$18-'Table G'!$B$26)*(1+'Table G'!$B$18)^5),"") -> 54471.718 | E21: =IFERROR(('Table G'!$B$14+'Table G'!$B$15)/(1+'Table G'!$B$18)*IF(ABS(((1+$A21)/(1+'Table G'!$B$18))-1)<0.000000001,10,(1-((1+$A21)/(1+'Table G'!$B$18))^10)/(1-((1+$A21)/(1+'Table G'!$B$18))))+('Table G'!$B$14+'Table G'!$B$15)*(1+$A21)^(10-1)*(1+'Table G'!$B$26)/(('Table G'!$B$18-'Table G'!$B$26)*(1+'Table G'!$B$18)^10),"") -> 40562.225 | F21: =IFERROR(('Table G'!$B$14+'Table G'!$B$15)/(1+'Table G'!$B$18)*IF(ABS(((1+$A21)/(1+'Table G'!$B$18))-1)<0.000000001,5,(1-((1+$A21)/(1+'Table G'!$B$18))^5)/(1-((1+$A21)/(1+'Table G'!$B$18))))+('Table G'!$B$14+'Table G'!$B$15)*(1+$A21)^(5-1)*(1+'Table G'!$B$27)/(('Table G'!$B$18-'Table G'!$B$27)*(1+'Table G'!$B$18)^5),"") -> 57972.732 | G21: =IFERROR(('Table G'!$B$14+'Table G'!$B$15)/(1+'Table G'!$B$18)*IF(ABS(((1+$A21)/(1+'Table G'!$B$18))-1)<0.000000001,10,(1-((1+$A21)/(1+'Table G'!$B$18))^10)/(1-((1+$A21)/(1+'Table G'!$B$18))))+('Table G'!$B$14+'Table G'!$B$15)*(1+$A21)^(10-1)*(1+'Table G'!$B$27)/(('Table G'!$B$18-'Table G'!$B$27)*(1+'Table G'!$B$18)^10),"") -> 42104.025
A22: =-0.1+18*$B$2 -> -0.082 | B22: =IFERROR(('Table G'!$B$14+'Table G'!$B$15)/(1+'Table G'!$B$18)*IF(ABS(((1+$A22)/(1+'Table G'!$B$18))-1)<0.000000001,5,(1-((1+$A22)/(1+'Table G'!$B$18))^5)/(1-((1+$A22)/(1+'Table G'!$B$18))))+('Table G'!$B$14+'Table G'!$B$15)*(1+$A22)^(5-1)*(1+'Table G'!$B$25)/(('Table G'!$B$18-'Table G'!$B$25)*(1+'Table G'!$B$18)^5),"") -> 51672.672 | C22: =IFERROR(('Table G'!$B$14+'Table G'!$B$15)/(1+'Table G'!$B$18)*IF(ABS(((1+$A22)/(1+'Table G'!$B$18))-1)<0.000000001,10,(1-((1+$A22)/(1+'Table G'!$B$18))^10)/(1-((1+$A22)/(1+'Table G'!$B$18))))+('Table G'!$B$14+'Table G'!$B$15)*(1+$A22)^(10-1)*(1+'Table G'!$B$25)/(('Table G'!$B$18-'Table G'!$B$25)*(1+'Table G'!$B$18)^10),"") -> 39484.227 | D22: =IFERROR(('Table G'!$B$14+'Table G'!$B$15)/(1+'Table G'!$B$18)*IF(ABS(((1+$A22)/(1+'Table G'!$B$18))-1)<0.000000001,5,(1-((1+$A22)/(1+'Table G'!$B$18))^5)/(1-((1+$A22)/(1+'Table G'!$B$18))))+('Table G'!$B$14+'Table G'!$B$15)*(1+$A22)^(5-1)*(1+'Table G'!$B$26)/(('Table G'!$B$18-'Table G'!$B$26)*(1+'Table G'!$B$18)^5),"") -> 54667.619 | E22: =IFERROR(('Table G'!$B$14+'Table G'!$B$15)/(1+'Table G'!$B$18)*IF(ABS(((1+$A22)/(1+'Table G'!$B$18))-1)<0.000000001,10,(1-((1+$A22)/(1+'Table G'!$B$18))^10)/(1-((1+$A22)/(1+'Table G'!$B$18))))+('Table G'!$B$14+'Table G'!$B$15)*(1+$A22)^(10-1)*(1+'Table G'!$B$26)/(('Table G'!$B$18-'Table G'!$B$26)*(1+'Table G'!$B$18)^10),"") -> 40810.37 | F22: =IFERROR(('Table G'!$B$14+'Table G'!$B$15)/(1+'Table G'!$B$18)*IF(ABS(((1+$A22)/(1+'Table G'!$B$18))-1)<0.000000001,5,(1-((1+$A22)/(1+'Table G'!$B$18))^5)/(1-((1+$A22)/(1+'Table G'!$B$18))))+('Table G'!$B$14+'Table G'!$B$15)*(1+$A22)^(5-1)*(1+'Table G'!$B$27)/(('Table G'!$B$18-'Table G'!$B$27)*(1+'Table G'!$B$18)^5),"") -> 58183.929 | G22: =IFERROR(('Table G'!$B$14+'Table G'!$B$15)/(1+'Table G'!$B$18)*IF(ABS(((1+$A22)/(1+'Table G'!$B$18))-1)<0.000000001,10,(1-((1+$A22)/(1+'Table G'!$B$18))^10)/(1-((1+$A22)/(1+'Table G'!$B$18))))+('Table G'!$B$14+'Table G'!$B$15)*(1+$A22)^(10-1)*(1+'Table G'!$B$27)/(('Table G'!$B$18-'Table G'!$B$27)*(1+'Table G'!$B$18)^10),"") -> 42367.369
A23: =-0.1+19*$B$2 -> -0.081 | B23: =IFERROR(('Table G'!$B$14+'Table G'!$B$15)/(1+'Table G'!$B$18)*IF(ABS(((1+$A23)/(1+'Table G'!$B$18))-1)<0.000000001,5,(1-((1+$A23)/(1+'Table G'!$B$18))^5)/(1-((1+$A23)/(1+'Table G'!$B$18))))+('Table G'!$B$14+'Table G'!$B$15)*(1+$A23)^(5-1)*(1+'Table G'!$B$25)/(('Table G'!$B$18-'Table G'!$B$25)*(1+'Table G'!$B$18)^5),"") -> 51856.104 | C23: =IFERROR(('Table G'!$B$14+'Table G'!$B$15)/(1+'Table G'!$B$18)*IF(ABS(((1+$A23)/(1+'Table G'!$B$18))-1)<0.000000001,10,(1-((1+$A23)/(1+'Table G'!$B$18))^10)/(1-((1+$A23)/(1+'Table G'!$B$18))))+('Table G'!$B$14+'Table G'!$B$15)*(1+$A23)^(10-1)*(1+'Table G'!$B$25)/(('Table G'!$B$18-'Table G'!$B$25)*(1+'Table G'!$B$18)^10),"") -> 39721.163 | D23: =IFERROR(('Table G'!$B$14+'Table G'!$B$15)/(1+'Table G'!$B$18)*IF(ABS(((1+$A23)/(1+'Table G'!$B$18))-1)<0.000000001,5,(1-((1+$A23)/(1+'Table G'!$B$18))^5)/(1-((1+$A23)/(1+'Table G'!$B$18))))+('Table G'!$B$14+'Table G'!$B$15)*(1+$A23)^(5-1)*(1+'Table G'!$B$26)/(('Table G'!$B$18-'Table G'!$B$26)*(1+'Table G'!$B$18)^5),"") -> 54864.122 | E23: =IFERROR(('Table G'!$B$14+'Table G'!$B$15)/(1+'Table G'!$B$18)*IF(ABS(((1+$A23)/(1+'Table G'!$B$18))-1)<0.000000001,10,(1-((1+$A23)/(1+'Table G'!$B$18))^10)/(1-((1+$A23)/(1+'Table G'!$B$18))))+('Table G'!$B$14+'Table G'!$B$15)*(1+$A23)^(10-1)*(1+'Table G'!$B$26)/(('Table G'!$B$18-'Table G'!$B$26)*(1+'Table G'!$B$18)^10),"") -> 41060.364 | F23: =IFERROR(('Table G'!$B$14+'Table G'!$B$15)/(1+'Table G'!$B$18)*IF(ABS(((1+$A23)/(1+'Table G'!$B$18))-1)<0.000000001,5,(1-((1+$A23)/(1+'Table G'!$B$18))^5)/(1-((1+$A23)/(1+'Table G'!$B$18))))+('Table G'!$B$14+'Table G'!$B$15)*(1+$A23)^(5-1)*(1+'Table G'!$B$27)/(('Table G'!$B$18-'Table G'!$B$27)*(1+'Table G'!$B$18)^5),"") -> 58395.779 | G23: =IFERROR(('Table G'!$B$14+'Table G'!$B$15)/(1+'Table G'!$B$18)*IF(ABS(((1+$A23)/(1+'Table G'!$B$18))-1)<0.000000001,10,(1-((1+$A23)/(1+'Table G'!$B$18))^10)/(1-((1+$A23)/(1+'Table G'!$B$18))))+('Table G'!$B$14+'Table G'!$B$15)*(1+$A23)^(10-1)*(1+'Table G'!$B$27)/(('Table G'!$B$18-'Table G'!$B$27)*(1+'Table G'!$B$18)^10),"") -> 42632.694
A24: =-0.1+20*$B$2 -> -0.08 | B24: =IFERROR(('Table G'!$B$14+'Table G'!$B$15)/(1+'Table G'!$B$18)*IF(ABS(((1+$A24)/(1+'Table G'!$B$18))-1)<0.000000001,5,(1-((1+$A24)/(1+'Table G'!$B$18))^5)/(1-((1+$A24)/(1+'Table G'!$B$18))))+('Table G'!$B$14+'Table G'!$B$15)*(1+$A24)^(5-1)*(1+'Table G'!$B$25)/(('Table G'!$B$18-'Table G'!$B$25)*(1+'Table G'!$B$18)^5),"") -> 52040.097 | C24: =IFERROR(('Table G'!$B$14+'Table G'!$B$15)/(1+'Table G'!$B$18)*IF(ABS(((1+$A24)/(1+'Table G'!$B$18))-1)<0.000000001,10,(1-((1+$A24)/(1+'Table G'!$B$18))^10)/(1-((1+$A24)/(1+'Table G'!$B$18))))+('Table G'!$B$14+'Table G'!$B$15)*(1+$A24)^(10-1)*(1+'Table G'!$B$25)/(('Table G'!$B$18-'Table G'!$B$25)*(1+'Table G'!$B$18)^10),"") -> 39959.845 | D24: =IFERROR(('Table G'!$B$14+'Table G'!$B$15)/(1+'Table G'!$B$18)*IF(ABS(((1+$A24)/(1+'Table G'!$B$18))-1)<0.000000001,5,(1-((1+$A24)/(1+'Table G'!$B$18))^5)/(1-((1+$A24)/(1+'Table G'!$B$18))))+('Table G'!$B$14+'Table G'!$B$15)*(1+$A24)^(5-1)*(1+'Table G'!$B$26)/(('Table G'!$B$18-'Table G'!$B$26)*(1+'Table G'!$B$18)^5),"") -> 55061.229 | E24: =IFERROR(('Table G'!$B$14+'Table G'!$B$15)/(1+'Table G'!$B$18)*IF(ABS(((1+$A24)/(1+'Table G'!$B$18))-1)<0.000000001,10,(1-((1+$A24)/(1+'Table G'!$B$18))^10)/(1-((1+$A24)/(1+'Table G'!$B$18))))+('Table G'!$B$14+'Table G'!$B$15)*(1+$A24)^(10-1)*(1+'Table G'!$B$26)/(('Table G'!$B$18-'Table G'!$B$26)*(1+'Table G'!$B$18)^10),"") -> 41312.218 | F24: =IFERROR(('Table G'!$B$14+'Table G'!$B$15)/(1+'Table G'!$B$18)*IF(ABS(((1+$A24)/(1+'Table G'!$B$18))-1)<0.000000001,5,(1-((1+$A24)/(1+'Table G'!$B$18))^5)/(1-((1+$A24)/(1+'Table G'!$B$18))))+('Table G'!$B$14+'Table G'!$B$15)*(1+$A24)^(5-1)*(1+'Table G'!$B$27)/(('Table G'!$B$18-'Table G'!$B$27)*(1+'Table G'!$B$18)^5),"") -> 58608.283 | G24: =IFERROR(('Table G'!$B$14+'Table G'!$B$15)/(1+'Table G'!$B$18)*IF(ABS(((1+$A24)/(1+'Table G'!$B$18))-1)<0.000000001,10,(1-((1+$A24)/(1+'Table G'!$B$18))^10)/(1-((1+$A24)/(1+'Table G'!$B$18))))+('Table G'!$B$14+'Table G'!$B$15)*(1+$A24)^(10-1)*(1+'Table G'!$B$27)/(('Table G'!$B$18-'Table G'!$B$27)*(1+'Table G'!$B$18)^10),"") -> 42900.014
A25: =-0.1+21*$B$2 -> -0.079 | B25: =IFERROR(('Table G'!$B$14+'Table G'!$B$15)/(1+'Table G'!$B$18)*IF(ABS(((1+$A25)/(1+'Table G'!$B$18))-1)<0.000000001,5,(1-((1+$A25)/(1+'Table G'!$B$18))^5)/(1-((1+$A25)/(1+'Table G'!$B$18))))+('Table G'!$B$14+'Table G'!$B$15)*(1+$A25)^(5-1)*(1+'Table G'!$B$25)/(('Table G'!$B$18-'Table G'!$B$25)*(1+'Table G'!$B$18)^5),"") -> 52224.653 | C25: =IFERROR(('Table G'!$B$14+'Table G'!$B$15)/(1+'Table G'!$B$18)*IF(ABS(((1+$A25)/(1+'Table G'!$B$18))-1)<0.000000001,10,(1-((1+$A25)/(1+'Table G'!$B$18))^10)/(1-((1+$A25)/(1+'Table G'!$B$18))))+('Table G'!$B$14+'Table G'!$B$15)*(1+$A25)^(10-1)*(1+'Table G'!$B$25)/(('Table G'!$B$18-'Table G'!$B$25)*(1+'Table G'!$B$18)^10),"") -> 40200.287 | D25: =IFERROR(('Table G'!$B$14+'Table G'!$B$15)/(1+'Table G'!$B$18)*IF(ABS(((1+$A25)/(1+'Table G'!$B$18))-1)<0.000000001,5,(1-((1+$A25)/(1+'Table G'!$B$18))^5)/(1-((1+$A25)/(1+'Table G'!$B$18))))+('Table G'!$B$14+'Table G'!$B$15)*(1+$A25)^(5-1)*(1+'Table G'!$B$26)/(('Table G'!$B$18-'Table G'!$B$26)*(1+'Table G'!$B$18)^5),"") -> 55258.942 | E25: =IFERROR(('Table G'!$B$14+'Table G'!$B$15)/(1+'Table G'!$B$18)*IF(ABS(((1+$A25)/(1+'Table G'!$B$18))-1)<0.000000001,10,(1-((1+$A25)/(1+'Table G'!$B$18))^10)/(1-((1+$A25)/(1+'Table G'!$B$18))))+('Table G'!$B$14+'Table G'!$B$15)*(1+$A25)^(10-1)*(1+'Table G'!$B$26)/(('Table G'!$B$18-'Table G'!$B$26)*(1+'Table G'!$B$18)^10),"") -> 41565.948 | F25: =IFERROR(('Table G'!$B$14+'Table G'!$B$15)/(1+'Table G'!$B$18)*IF(ABS(((1+$A25)/(1+'Table G'!$B$18))-1)<0.000000001,5,(1-((1+$A25)/(1+'Table G'!$B$18))^5)/(1-((1+$A25)/(1+'Table G'!$B$18))))+('Table G'!$B$14+'Table G'!$B$15)*(1+$A25)^(5-1)*(1+'Table G'!$B$27)/(('Table G'!$B$18-'Table G'!$B$27)*(1+'Table G'!$B$18)^5),"") -> 58821.443 | G25: =IFERROR(('Table G'!$B$14+'Table G'!$B$15)/(1+'Table G'!$B$18)*IF(ABS(((1+$A25)/(1+'Table G'!$B$18))-1)<0.000000001,10,(1-((1+$A25)/(1+'Table G'!$B$18))^10)/(1-((1+$A25)/(1+'Table G'!$B$18))))+('Table G'!$B$14+'Table G'!$B$15)*(1+$A25)^(10-1)*(1+'Table G'!$B$27)/(('Table G'!$B$18-'Table G'!$B$27)*(1+'Table G'!$B$18)^10),"") -> 43169.344
A26: =-0.1+22*$B$2 -> -0.078 | B26: =IFERROR(('Table G'!$B$14+'Table G'!$B$15)/(1+'Table G'!$B$18)*IF(ABS(((1+$A26)/(1+'Table G'!$B$18))-1)<0.000000001,5,(1-((1+$A26)/(1+'Table G'!$B$18))^5)/(1-((1+$A26)/(1+'Table G'!$B$18))))+('Table G'!$B$14+'Table G'!$B$15)*(1+$A26)^(5-1)*(1+'Table G'!$B$25)/(('Table G'!$B$18-'Table G'!$B$25)*(1+'Table G'!$B$18)^5),"") -> 52409.772 | C26: =IFERROR(('Table G'!$B$14+'Table G'!$B$15)/(1+'Table G'!$B$18)*IF(ABS(((1+$A26)/(1+'Table G'!$B$18))-1)<0.000000001,10,(1-((1+$A26)/(1+'Table G'!$B$18))^10)/(1-((1+$A26)/(1+'Table G'!$B$18))))+('Table G'!$B$14+'Table G'!$B$15)*(1+$A26)^(10-1)*(1+'Table G'!$B$25)/(('Table G'!$B$18-'Table G'!$B$25)*(1+'Table G'!$B$18)^10),"") -> 40442.501 | D26: =IFERROR(('Table G'!$B$14+'Table G'!$B$15)/(1+'Table G'!$B$18)*IF(ABS(((1+$A26)/(1+'Table G'!$B$18))-1)<0.000000001,5,(1-((1+$A26)/(1+'Table G'!$B$18))^5)/(1-((1+$A26)/(1+'Table G'!$B$18))))+('Table G'!$B$14+'Table G'!$B$15)*(1+$A26)^(5-1)*(1+'Table G'!$B$26)/(('Table G'!$B$18-'Table G'!$B$26)*(1+'Table G'!$B$18)^5),"") -> 55457.26 | E26: =IFERROR(('Table G'!$B$14+'Table G'!$B$15)/(1+'Table G'!$B$18)*IF(ABS(((1+$A26)/(1+'Table G'!$B$18))-1)<0.000000001,10,(1-((1+$A26)/(1+'Table G'!$B$18))^10)/(1-((1+$A26)/(1+'Table G'!$B$18))))+('Table G'!$B$14+'Table G'!$B$15)*(1+$A26)^(10-1)*(1+'Table G'!$B$26)/(('Table G'!$B$18-'Table G'!$B$26)*(1+'Table G'!$B$18)^10),"") -> 41821.565 | F26: =IFERROR(('Table G'!$B$14+'Table G'!$B$15)/(1+'Table G'!$B$18)*IF(ABS(((1+$A26)/(1+'Table G'!$B$18))-1)<0.000000001,5,(1-((1+$A26)/(1+'Table G'!$B$18))^5)/(1-((1+$A26)/(1+'Table G'!$B$18))))+('Table G'!$B$14+'Table G'!$B$15)*(1+$A26)^(5-1)*(1+'Table G'!$B$27)/(('Table G'!$B$18-'Table G'!$B$27)*(1+'Table G'!$B$18)^5),"") -> 59035.259 | G26: =IFERROR(('Table G'!$B$14+'Table G'!$B$15)/(1+'Table G'!$B$18)*IF(ABS(((1+$A26)/(1+'Table G'!$B$18))-1)<0.000000001,10,(1-((1+$A26)/(1+'Table G'!$B$18))^10)/(1-((1+$A26)/(1+'Table G'!$B$18))))+('Table G'!$B$14+'Table G'!$B$15)*(1+$A26)^(10-1)*(1+'Table G'!$B$27)/(('Table G'!$B$18-'Table G'!$B$27)*(1+'Table G'!$B$18)^10),"") -> 43440.697
A27: =-0.1+23*$B$2 -> -0.077 | B27: =IFERROR(('Table G'!$B$14+'Table G'!$B$15)/(1+'Table G'!$B$18)*IF(ABS(((1+$A27)/(1+'Table G'!$B$18))-1)<0.000000001,5,(1-((1+$A27)/(1+'Table G'!$B$18))^5)/(1-((1+$A27)/(1+'Table G'!$B$18))))+('Table G'!$B$14+'Table G'!$B$15)*(1+$A27)^(5-1)*(1+'Table G'!$B$25)/(('Table G'!$B$18-'Table G'!$B$25)*(1+'Table G'!$B$18)^5),"") -> 52595.455 | C27: =IFERROR(('Table G'!$B$14+'Table G'!$B$15)/(1+'Table G'!$B$18)*IF(ABS(((1+$A27)/(1+'Table G'!$B$18))-1)<0.000000001,10,(1-((1+$A27)/(1+'Table G'!$B$18))^10)/(1-((1+$A27)/(1+'Table G'!$B$18))))+('Table G'!$B$14+'Table G'!$B$15)*(1+$A27)^(10-1)*(1+'Table G'!$B$25)/(('Table G'!$B$18-'Table G'!$B$25)*(1+'Table G'!$B$18)^10),"") -> 40686.499 | D27: =IFERROR(('Table G'!$B$14+'Table G'!$B$15)/(1+'Table G'!$B$18)*IF(ABS(((1+$A27)/(1+'Table G'!$B$18))-1)<0.000000001,5,(1-((1+$A27)/(1+'Table G'!$B$18))^5)/(1-((1+$A27)/(1+'Table G'!$B$18))))+('Table G'!$B$14+'Table G'!$B$15)*(1+$A27)^(5-1)*(1+'Table G'!$B$26)/(('Table G'!$B$18-'Table G'!$B$26)*(1+'Table G'!$B$18)^5),"") -> 55656.186 | E27: =IFERROR(('Table G'!$B$14+'Table G'!$B$15)/(1+'Table G'!$B$18)*IF(ABS(((1+$A27)/(1+'Table G'!$B$18))-1)<0.000000001,10,(1-((1+$A27)/(1+'Table G'!$B$18))^10)/(1-((1+$A27)/(1+'Table G'!$B$18))))+('Table G'!$B$14+'Table G'!$B$15)*(1+$A27)^(10-1)*(1+'Table G'!$B$26)/(('Table G'!$B$18-'Table G'!$B$26)*(1+'Table G'!$B$18)^10),"") -> 42079.083 | F27: =IFERROR(('Table G'!$B$14+'Table G'!$B$15)/(1+'Table G'!$B$18)*IF(ABS(((1+$A27)/(1+'Table G'!$B$18))-1)<0.000000001,5,(1-((1+$A27)/(1+'Table G'!$B$18))^5)/(1-((1+$A27)/(1+'Table G'!$B$18))))+('Table G'!$B$14+'Table G'!$B$15)*(1+$A27)^(5-1)*(1+'Table G'!$B$27)/(('Table G'!$B$18-'Table G'!$B$27)*(1+'Table G'!$B$18)^5),"") -> 59249.733 | G27: =IFERROR(('Table G'!$B$14+'Table G'!$B$15)/(1+'Table G'!$B$18)*IF(ABS(((1+$A27)/(1+'Table G'!$B$18))-1)<0.000000001,10,(1-((1+$A27)/(1+'Table G'!$B$18))^10)/(1-((1+$A27)/(1+'Table G'!$B$18))))+('Table G'!$B$14+'Table G'!$B$15)*(1+$A27)^(10-1)*(1+'Table G'!$B$27)/(('Table G'!$B$18-'Table G'!$B$27)*(1+'Table G'!$B$18)^10),"") -> 43714.089
A28: =-0.1+24*$B$2 -> -0.076 | B28: =IFERROR(('Table G'!$B$14+'Table G'!$B$15)/(1+'Table G'!$B$18)*IF(ABS(((1+$A28)/(1+'Table G'!$B$18))-1)<0.000000001,5,(1-((1+$A28)/(1+'Table G'!$B$18))^5)/(1-((1+$A28)/(1+'Table G'!$B$18))))+('Table G'!$B$14+'Table G'!$B$15)*(1+$A28)^(5-1)*(1+'Table G'!$B$25)/(('Table G'!$B$18-'Table G'!$B$25)*(1+'Table G'!$B$18)^5),"") -> 52781.704 | C28: =IFERROR(('Table G'!$B$14+'Table G'!$B$15)/(1+'Table G'!$B$18)*IF(ABS(((1+$A28)/(1+'Table G'!$B$18))-1)<0.000000001,10,(1-((1+$A28)/(1+'Table G'!$B$18))^10)/(1-((1+$A28)/(1+'Table G'!$B$18))))+('Table G'!$B$14+'Table G'!$B$15)*(1+$A28)^(10-1)*(1+'Table G'!$B$25)/(('Table G'!$B$18-'Table G'!$B$25)*(1+'Table G'!$B$18)^10),"") -> 40932.294 | D28: =IFERROR(('Table G'!$B$14+'Table G'!$B$15)/(1+'Table G'!$B$18)*IF(ABS(((1+$A28)/(1+'Table G'!$B$18))-1)<0.000000001,5,(1-((1+$A28)/(1+'Table G'!$B$18))^5)/(1-((1+$A28)/(1+'Table G'!$B$18))))+('Table G'!$B$14+'Table G'!$B$15)*(1+$A28)^(5-1)*(1+'Table G'!$B$26)/(('Table G'!$B$18-'Table G'!$B$26)*(1+'Table G'!$B$18)^5),"") -> 55855.721 | E28: =IFERROR(('Table G'!$B$14+'Table G'!$B$15)/(1+'Table G'!$B$18)*IF(ABS(((1+$A28)/(1+'Table G'!$B$18))-1)<0.000000001,10,(1-((1+$A28)/(1+'Table G'!$B$18))^10)/(1-((1+$A28)/(1+'Table G'!$B$18))))+('Table G'!$B$14+'Table G'!$B$15)*(1+$A28)^(10-1)*(1+'Table G'!$B$26)/(('Table G'!$B$18-'Table G'!$B$26)*(1+'Table G'!$B$18)^10),"") -> 42338.515 | F28: =IFERROR(('Table G'!$B$14+'Table G'!$B$15)/(1+'Table G'!$B$18)*IF(ABS(((1+$A28)/(1+'Table G'!$B$18))-1)<0.000000001,5,(1-((1+$A28)/(1+'Table G'!$B$18))^5)/(1-((1+$A28)/(1+'Table G'!$B$18))))+('Table G'!$B$14+'Table G'!$B$15)*(1+$A28)^(5-1)*(1+'Table G'!$B$27)/(('Table G'!$B$18-'Table G'!$B$27)*(1+'Table G'!$B$18)^5),"") -> 59464.867 | G28: =IFERROR(('Table G'!$B$14+'Table G'!$B$15)/(1+'Table G'!$B$18)*IF(ABS(((1+$A28)/(1+'Table G'!$B$18))-1)<0.000000001,10,(1-((1+$A28)/(1+'Table G'!$B$18))^10)/(1-((1+$A28)/(1+'Table G'!$B$18))))+('Table G'!$B$14+'Table G'!$B$15)*(1+$A28)^(10-1)*(1+'Table G'!$B$27)/(('Table G'!$B$18-'Table G'!$B$27)*(1+'Table G'!$B$18)^10),"") -> 43989.534
A29: =-0.1+25*$B$2 -> -0.075 | B29: =IFERROR(('Table G'!$B$14+'Table G'!$B$15)/(1+'Table G'!$B$18)*IF(ABS(((1+$A29)/(1+'Table G'!$B$18))-1)<0.000000001,5,(1-((1+$A29)/(1+'Table G'!$B$18))^5)/(1-((1+$A29)/(1+'Table G'!$B$18))))+('Table G'!$B$14+'Table G'!$B$15)*(1+$A29)^(5-1)*(1+'Table G'!$B$25)/(('Table G'!$B$18-'Table G'!$B$25)*(1+'Table G'!$B$18)^5),"") -> 52968.52 | C29: =IFERROR(('Table G'!$B$14+'Table G'!$B$15)/(1+'Table G'!$B$18)*IF(ABS(((1+$A29)/(1+'Table G'!$B$18))-1)<0.000000001,10,(1-((1+$A29)/(1+'Table G'!$B$18))^10)/(1-((1+$A29)/(1+'Table G'!$B$18))))+('Table G'!$B$14+'Table G'!$B$15)*(1+$A29)^(10-1)*(1+'Table G'!$B$25)/(('Table G'!$B$18-'Table G'!$B$25)*(1+'Table G'!$B$18)^10),"") -> 41179.898 | D29: =IFERROR(('Table G'!$B$14+'Table G'!$B$15)/(1+'Table G'!$B$18)*IF(ABS(((1+$A29)/(1+'Table G'!$B$18))-1)<0.000000001,5,(1-((1+$A29)/(1+'Table G'!$B$18))^5)/(1-((1+$A29)/(1+'Table G'!$B$18))))+('Table G'!$B$14+'Table G'!$B$15)*(1+$A29)^(5-1)*(1+'Table G'!$B$26)/(('Table G'!$B$18-'Table G'!$B$26)*(1+'Table G'!$B$18)^5),"") -> 56055.866 | E29: =IFERROR(('Table G'!$B$14+'Table G'!$B$15)/(1+'Table G'!$B$18)*IF(ABS(((1+$A29)/(1+'Table G'!$B$18))-1)<0.000000001,10,(1-((1+$A29)/(1+'Table G'!$B$18))^10)/(1-((1+$A29)/(1+'Table G'!$B$18))))+('Table G'!$B$14+'Table G'!$B$15)*(1+$A29)^(10-1)*(1+'Table G'!$B$26)/(('Table G'!$B$18-'Table G'!$B$26)*(1+'Table G'!$B$18)^10),"") -> 42599.876 | F29: =IFERROR(('Table G'!$B$14+'Table G'!$B$15)/(1+'Table G'!$B$18)*IF(ABS(((1+$A29)/(1+'Table G'!$B$18))-1)<0.000000001,5,(1-((1+$A29)/(1+'Table G'!$B$18))^5)/(1-((1+$A29)/(1+'Table G'!$B$18))))+('Table G'!$B$14+'Table G'!$B$15)*(1+$A29)^(5-1)*(1+'Table G'!$B$27)/(('Table G'!$B$18-'Table G'!$B$27)*(1+'Table G'!$B$18)^5),"") -> 59680.661 | G29: =IFERROR(('Table G'!$B$14+'Table G'!$B$15)/(1+'Table G'!$B$18)*IF(ABS(((1+$A29)/(1+'Table G'!$B$18))-1)<0.000000001,10,(1-((1+$A29)/(1+'Table G'!$B$18))^10)/(1-((1+$A29)/(1+'Table G'!$B$18))))+('Table G'!$B$14+'Table G'!$B$15)*(1+$A29)^(10-1)*(1+'Table G'!$B$27)/(('Table G'!$B$18-'Table G'!$B$27)*(1+'Table G'!$B$18)^10),"") -> 44267.046
A30: =-0.1+26*$B$2 -> -0.074 | B30: =IFERROR(('Table G'!$B$14+'Table G'!$B$15)/(1+'Table G'!$B$18)*IF(ABS(((1+$A30)/(1+'Table G'!$B$18))-1)<0.000000001,5,(1-((1+$A30)/(1+'Table G'!$B$18))^5)/(1-((1+$A30)/(1+'Table G'!$B$18))))+('Table G'!$B$14+'Table G'!$B$15)*(1+$A30)^(5-1)*(1+'Table G'!$B$25)/(('Table G'!$B$18-'Table G'!$B$25)*(1+'Table G'!$B$18)^5),"") -> 53155.905 | C30: =IFERROR(('Table G'!$B$14+'Table G'!$B$15)/(1+'Table G'!$B$18)*IF(ABS(((1+$A30)/(1+'Table G'!$B$18))-1)<0.000000001,10,(1-((1+$A30)/(1+'Table G'!$B$18))^10)/(1-((1+$A30)/(1+'Table G'!$B$18))))+('Table G'!$B$14+'Table G'!$B$15)*(1+$A30)^(10-1)*(1+'Table G'!$B$25)/(('Table G'!$B$18-'Table G'!$B$25)*(1+'Table G'!$B$18)^10),"") -> 41429.325 | D30: =IFERROR(('Table G'!$B$14+'Table G'!$B$15)/(1+'Table G'!$B$18)*IF(ABS(((1+$A30)/(1+'Table G'!$B$18))-1)<0.000000001,5,(1-((1+$A30)/(1+'Table G'!$B$18))^5)/(1-((1+$A30)/(1+'Table G'!$B$18))))+('Table G'!$B$14+'Table G'!$B$15)*(1+$A30)^(5-1)*(1+'Table G'!$B$26)/(('Table G'!$B$18-'Table G'!$B$26)*(1+'Table G'!$B$18)^5),"") -> 56256.623 | E30: =IFERROR(('Table G'!$B$14+'Table G'!$B$15)/(1+'Table G'!$B$18)*IF(ABS(((1+$A30)/(1+'Table G'!$B$18))-1)<0.000000001,10,(1-((1+$A30)/(1+'Table G'!$B$18))^10)/(1-((1+$A30)/(1+'Table G'!$B$18))))+('Table G'!$B$14+'Table G'!$B$15)*(1+$A30)^(10-1)*(1+'Table G'!$B$26)/(('Table G'!$B$18-'Table G'!$B$26)*(1+'Table G'!$B$18)^10),"") -> 42863.179 | F30: =IFERROR(('Table G'!$B$14+'Table G'!$B$15)/(1+'Table G'!$B$18)*IF(ABS(((1+$A30)/(1+'Table G'!$B$18))-1)<0.000000001,5,(1-((1+$A30)/(1+'Table G'!$B$18))^5)/(1-((1+$A30)/(1+'Table G'!$B$18))))+('Table G'!$B$14+'Table G'!$B$15)*(1+$A30)^(5-1)*(1+'Table G'!$B$27)/(('Table G'!$B$18-'Table G'!$B$27)*(1+'Table G'!$B$18)^5),"") -> 59897.118 | G30: =IFERROR(('Table G'!$B$14+'Table G'!$B$15)/(1+'Table G'!$B$18)*IF(ABS(((1+$A30)/(1+'Table G'!$B$18))-1)<0.000000001,10,(1-((1+$A30)/(1+'Table G'!$B$18))^10)/(1-((1+$A30)/(1+'Table G'!$B$18))))+('Table G'!$B$14+'Table G'!$B$15)*(1+$A30)^(10-1)*(1+'Table G'!$B$27)/(('Table G'!$B$18-'Table G'!$B$27)*(1+'Table G'!$B$18)^10),"") -> 44546.64
A31: =-0.1+27*$B$2 -> -0.073 | B31: =IFERROR(('Table G'!$B$14+'Table G'!$B$15)/(1+'Table G'!$B$18)*IF(ABS(((1+$A31)/(1+'Table G'!$B$18))-1)<0.000000001,5,(1-((1+$A31)/(1+'Table G'!$B$18))^5)/(1-((1+$A31)/(1+'Table G'!$B$18))))+('Table G'!$B$14+'Table G'!$B$15)*(1+$A31)^(5-1)*(1+'Table G'!$B$25)/(('Table G'!$B$18-'Table G'!$B$25)*(1+'Table G'!$B$18)^5),"") -> 53343.858 | C31: =IFERROR(('Table G'!$B$14+'Table G'!$B$15)/(1+'Table G'!$B$18)*IF(ABS(((1+$A31)/(1+'Table G'!$B$18))-1)<0.000000001,10,(1-((1+$A31)/(1+'Table G'!$B$18))^10)/(1-((1+$A31)/(1+'Table G'!$B$18))))+('Table G'!$B$14+'Table G'!$B$15)*(1+$A31)^(10-1)*(1+'Table G'!$B$25)/(('Table G'!$B$18-'Table G'!$B$25)*(1+'Table G'!$B$18)^10),"") -> 41680.586 | D31: =IFERROR(('Table G'!$B$14+'Table G'!$B$15)/(1+'Table G'!$B$18)*IF(ABS(((1+$A31)/(1+'Table G'!$B$18))-1)<0.000000001,5,(1-((1+$A31)/(1+'Table G'!$B$18))^5)/(1-((1+$A31)/(1+'Table G'!$B$18))))+('Table G'!$B$14+'Table G'!$B$15)*(1+$A31)^(5-1)*(1+'Table G'!$B$26)/(('Table G'!$B$18-'Table G'!$B$26)*(1+'Table G'!$B$18)^5),"") -> 56457.992 | E31: =IFERROR(('Table G'!$B$14+'Table G'!$B$15)/(1+'Table G'!$B$18)*IF(ABS(((1+$A31)/(1+'Table G'!$B$18))-1)<0.000000001,10,(1-((1+$A31)/(1+'Table G'!$B$18))^10)/(1-((1+$A31)/(1+'Table G'!$B$18))))+('Table G'!$B$14+'Table G'!$B$15)*(1+$A31)^(10-1)*(1+'Table G'!$B$26)/(('Table G'!$B$18-'Table G'!$B$26)*(1+'Table G'!$B$18)^10),"") -> 43128.437 | F31: =IFERROR(('Table G'!$B$14+'Table G'!$B$15)/(1+'Table G'!$B$18)*IF(ABS(((1+$A31)/(1+'Table G'!$B$18))-1)<0.000000001,5,(1-((1+$A31)/(1+'Table G'!$B$18))^5)/(1-((1+$A31)/(1+'Table G'!$B$18))))+('Table G'!$B$14+'Table G'!$B$15)*(1+$A31)^(5-1)*(1+'Table G'!$B$27)/(('Table G'!$B$18-'Table G'!$B$27)*(1+'Table G'!$B$18)^5),"") -> 60114.238 | G31: =IFERROR(('Table G'!$B$14+'Table G'!$B$15)/(1+'Table G'!$B$18)*IF(ABS(((1+$A31)/(1+'Table G'!$B$18))-1)<0.000000001,10,(1-((1+$A31)/(1+'Table G'!$B$18))^10)/(1-((1+$A31)/(1+'Table G'!$B$18))))+('Table G'!$B$14+'Table G'!$B$15)*(1+$A31)^(10-1)*(1+'Table G'!$B$27)/(('Table G'!$B$18-'Table G'!$B$27)*(1+'Table G'!$B$18)^10),"") -> 44828.33
A32: =-0.1+28*$B$2 -> -0.072 | B32: =IFERROR(('Table G'!$B$14+'Table G'!$B$15)/(1+'Table G'!$B$18)*IF(ABS(((1+$A32)/(1+'Table G'!$B$18))-1)<0.000000001,5,(1-((1+$A32)/(1+'Table G'!$B$18))^5)/(1-((1+$A32)/(1+'Table G'!$B$18))))+('Table G'!$B$14+'Table G'!$B$15)*(1+$A32)^(5-1)*(1+'Table G'!$B$25)/(('Table G'!$B$18-'Table G'!$B$25)*(1+'Table G'!$B$18)^5),"") -> 53532.382 | C32: =IFERROR(('Table G'!$B$14+'Table G'!$B$15)/(1+'Table G'!$B$18)*IF(ABS(((1+$A32)/(1+'Table G'!$B$18))-1)<0.000000001,10,(1-((1+$A32)/(1+'Table G'!$B$18))^10)/(1-((1+$A32)/(1+'Table G'!$B$18))))+('Table G'!$B$14+'Table G'!$B$15)*(1+$A32)^(10-1)*(1+'Table G'!$B$25)/(('Table G'!$B$18-'Table G'!$B$25)*(1+'Table G'!$B$18)^10),"") -> 41933.696 | D32: =IFERROR(('Table G'!$B$14+'Table G'!$B$15)/(1+'Table G'!$B$18)*IF(ABS(((1+$A32)/(1+'Table G'!$B$18))-1)<0.000000001,5,(1-((1+$A32)/(1+'Table G'!$B$18))^5)/(1-((1+$A32)/(1+'Table G'!$B$18))))+('Table G'!$B$14+'Table G'!$B$15)*(1+$A32)^(5-1)*(1+'Table G'!$B$26)/(('Table G'!$B$18-'Table G'!$B$26)*(1+'Table G'!$B$18)^5),"") -> 56659.976 | E32: =IFERROR(('Table G'!$B$14+'Table G'!$B$15)/(1+'Table G'!$B$18)*IF(ABS(((1+$A32)/(1+'Table G'!$B$18))-1)<0.000000001,10,(1-((1+$A32)/(1+'Table G'!$B$18))^10)/(1-((1+$A32)/(1+'Table G'!$B$18))))+('Table G'!$B$14+'Table G'!$B$15)*(1+$A32)^(10-1)*(1+'Table G'!$B$26)/(('Table G'!$B$18-'Table G'!$B$26)*(1+'Table G'!$B$18)^10),"") -> 43395.664 | F32: =IFERROR(('Table G'!$B$14+'Table G'!$B$15)/(1+'Table G'!$B$18)*IF(ABS(((1+$A32)/(1+'Table G'!$B$18))-1)<0.000000001,5,(1-((1+$A32)/(1+'Table G'!$B$18))^5)/(1-((1+$A32)/(1+'Table G'!$B$18))))+('Table G'!$B$14+'Table G'!$B$15)*(1+$A32)^(5-1)*(1+'Table G'!$B$27)/(('Table G'!$B$18-'Table G'!$B$27)*(1+'Table G'!$B$18)^5),"") -> 60332.024 | G32: =IFERROR(('Table G'!$B$14+'Table G'!$B$15)/(1+'Table G'!$B$18)*IF(ABS(((1+$A32)/(1+'Table G'!$B$18))-1)<0.000000001,10,(1-((1+$A32)/(1+'Table G'!$B$18))^10)/(1-((1+$A32)/(1+'Table G'!$B$18))))+('Table G'!$B$14+'Table G'!$B$15)*(1+$A32)^(10-1)*(1+'Table G'!$B$27)/(('Table G'!$B$18-'Table G'!$B$27)*(1+'Table G'!$B$18)^10),"") -> 45112.133
A33: =-0.1+29*$B$2 -> -0.071 | B33: =IFERROR(('Table G'!$B$14+'Table G'!$B$15)/(1+'Table G'!$B$18)*IF(ABS(((1+$A33)/(1+'Table G'!$B$18))-1)<0.000000001,5,(1-((1+$A33)/(1+'Table G'!$B$18))^5)/(1-((1+$A33)/(1+'Table G'!$B$18))))+('Table G'!$B$14+'Table G'!$B$15)*(1+$A33)^(5-1)*(1+'Table G'!$B$25)/(('Table G'!$B$18-'Table G'!$B$25)*(1+'Table G'!$B$18)^5),"") -> 53721.478 | C33: =IFERROR(('Table G'!$B$14+'Table G'!$B$15)/(1+'Table G'!$B$18)*IF(ABS(((1+$A33)/(1+'Table G'!$B$18))-1)<0.000000001,10,(1-((1+$A33)/(1+'Table G'!$B$18))^10)/(1-((1+$A33)/(1+'Table G'!$B$18))))+('Table G'!$B$14+'Table G'!$B$15)*(1+$A33)^(10-1)*(1+'Table G'!$B$25)/(('Table G'!$B$18-'Table G'!$B$25)*(1+'Table G'!$B$18)^10),"") -> 42188.666 | D33: =IFERROR(('Table G'!$B$14+'Table G'!$B$15)/(1+'Table G'!$B$18)*IF(ABS(((1+$A33)/(1+'Table G'!$B$18))-1)<0.000000001,5,(1-((1+$A33)/(1+'Table G'!$B$18))^5)/(1-((1+$A33)/(1+'Table G'!$B$18))))+('Table G'!$B$14+'Table G'!$B$15)*(1+$A33)^(5-1)*(1+'Table G'!$B$26)/(('Table G'!$B$18-'Table G'!$B$26)*(1+'Table G'!$B$18)^5),"") -> 56862.575 | E33: =IFERROR(('Table G'!$B$14+'Table G'!$B$15)/(1+'Table G'!$B$18)*IF(ABS(((1+$A33)/(1+'Table G'!$B$18))-1)<0.000000001,10,(1-((1+$A33)/(1+'Table G'!$B$18))^10)/(1-((1+$A33)/(1+'Table G'!$B$18))))+('Table G'!$B$14+'Table G'!$B$15)*(1+$A33)^(10-1)*(1+'Table G'!$B$26)/(('Table G'!$B$18-'Table G'!$B$26)*(1+'Table G'!$B$18)^10),"") -> 43664.874 | F33: =IFERROR(('Table G'!$B$14+'Table G'!$B$15)/(1+'Table G'!$B$18)*IF(ABS(((1+$A33)/(1+'Table G'!$B$18))-1)<0.000000001,5,(1-((1+$A33)/(1+'Table G'!$B$18))^5)/(1-((1+$A33)/(1+'Table G'!$B$18))))+('Table G'!$B$14+'Table G'!$B$15)*(1+$A33)^(5-1)*(1+'Table G'!$B$27)/(('Table G'!$B$18-'Table G'!$B$27)*(1+'Table G'!$B$18)^5),"") -> 60550.476 | G33: =IFERROR(('Table G'!$B$14+'Table G'!$B$15)/(1+'Table G'!$B$18)*IF(ABS(((1+$A33)/(1+'Table G'!$B$18))-1)<0.000000001,10,(1-((1+$A33)/(1+'Table G'!$B$18))^10)/(1-((1+$A33)/(1+'Table G'!$B$18))))+('Table G'!$B$14+'Table G'!$B$15)*(1+$A33)^(10-1)*(1+'Table G'!$B$27)/(('Table G'!$B$18-'Table G'!$B$27)*(1+'Table G'!$B$18)^10),"") -> 45398.062
A34: =-0.1+30*$B$2 -> -0.07 | B34: =IFERROR(('Table G'!$B$14+'Table G'!$B$15)/(1+'Table G'!$B$18)*IF(ABS(((1+$A34)/(1+'Table G'!$B$18))-1)<0.000000001,5,(1-((1+$A34)/(1+'Table G'!$B$18))^5)/(1-((1+$A34)/(1+'Table G'!$B$18))))+('Table G'!$B$14+'Table G'!$B$15)*(1+$A34)^(5-1)*(1+'Table G'!$B$25)/(('Table G'!$B$18-'Table G'!$B$25)*(1+'Table G'!$B$18)^5),"") -> 53911.147 | C34: =IFERROR(('Table G'!$B$14+'Table G'!$B$15)/(1+'Table G'!$B$18)*IF(ABS(((1+$A34)/(1+'Table G'!$B$18))-1)<0.000000001,10,(1-((1+$A34)/(1+'Table G'!$B$18))^10)/(1-((1+$A34)/(1+'Table G'!$B$18))))+('Table G'!$B$14+'Table G'!$B$15)*(1+$A34)^(10-1)*(1+'Table G'!$B$25)/(('Table G'!$B$18-'Table G'!$B$25)*(1+'Table G'!$B$18)^10),"") -> 42445.511 | D34: =IFERROR(('Table G'!$B$14+'Table G'!$B$15)/(1+'Table G'!$B$18)*IF(ABS(((1+$A34)/(1+'Table G'!$B$18))-1)<0.000000001,5,(1-((1+$A34)/(1+'Table G'!$B$18))^5)/(1-((1+$A34)/(1+'Table G'!$B$18))))+('Table G'!$B$14+'Table G'!$B$15)*(1+$A34)^(5-1)*(1+'Table G'!$B$26)/(('Table G'!$B$18-'Table G'!$B$26)*(1+'Table G'!$B$18)^5),"") -> 57065.79 | E34: =IFERROR(('Table G'!$B$14+'Table G'!$B$15)/(1+'Table G'!$B$18)*IF(ABS(((1+$A34)/(1+'Table G'!$B$18))-1)<0.000000001,10,(1-((1+$A34)/(1+'Table G'!$B$18))^10)/(1-((1+$A34)/(1+'Table G'!$B$18))))+('Table G'!$B$14+'Table G'!$B$15)*(1+$A34)^(10-1)*(1+'Table G'!$B$26)/(('Table G'!$B$18-'Table G'!$B$26)*(1+'Table G'!$B$18)^10),"") -> 43936.082 | F34: =IFERROR(('Table G'!$B$14+'Table G'!$B$15)/(1+'Table G'!$B$18)*IF(ABS(((1+$A34)/(1+'Table G'!$B$18))-1)<0.000000001,5,(1-((1+$A34)/(1+'Table G'!$B$18))^5)/(1-((1+$A34)/(1+'Table G'!$B$18))))+('Table G'!$B$14+'Table G'!$B$15)*(1+$A34)^(5-1)*(1+'Table G'!$B$27)/(('Table G'!$B$18-'Table G'!$B$27)*(1+'Table G'!$B$18)^5),"") -> 60769.596 | G34: =IFERROR(('Table G'!$B$14+'Table G'!$B$15)/(1+'Table G'!$B$18)*IF(ABS(((1+$A34)/(1+'Table G'!$B$18))-1)<0.000000001,10,(1-((1+$A34)/(1+'Table G'!$B$18))^10)/(1-((1+$A34)/(1+'Table G'!$B$18))))+('Table G'!$B$14+'Table G'!$B$15)*(1+$A34)^(10-1)*(1+'Table G'!$B$27)/(('Table G'!$B$18-'Table G'!$B$27)*(1+'Table G'!$B$18)^10),"") -> 45686.132
A35: =-0.1+31*$B$2 -> -0.069 | B35: =IFERROR(('Table G'!$B$14+'Table G'!$B$15)/(1+'Table G'!$B$18)*IF(ABS(((1+$A35)/(1+'Table G'!$B$18))-1)<0.000000001,5,(1-((1+$A35)/(1+'Table G'!$B$18))^5)/(1-((1+$A35)/(1+'Table G'!$B$18))))+('Table G'!$B$14+'Table G'!$B$15)*(1+$A35)^(5-1)*(1+'Table G'!$B$25)/(('Table G'!$B$18-'Table G'!$B$25)*(1+'Table G'!$B$18)^5),"") -> 54101.39 | C35: =IFERROR(('Table G'!$B$14+'Table G'!$B$15)/(1+'Table G'!$B$18)*IF(ABS(((1+$A35)/(1+'Table G'!$B$18))-1)<0.000000001,10,(1-((1+$A35)/(1+'Table G'!$B$18))^10)/(1-((1+$A35)/(1+'Table G'!$B$18))))+('Table G'!$B$14+'Table G'!$B$15)*(1+$A35)^(10-1)*(1+'Table G'!$B$25)/(('Table G'!$B$18-'Table G'!$B$25)*(1+'Table G'!$B$18)^10),"") -> 42704.242 | D35: =IFERROR(('Table G'!$B$14+'Table G'!$B$15)/(1+'Table G'!$B$18)*IF(ABS(((1+$A35)/(1+'Table G'!$B$18))-1)<0.000000001,5,(1-((1+$A35)/(1+'Table G'!$B$18))^5)/(1-((1+$A35)/(1+'Table G'!$B$18))))+('Table G'!$B$14+'Table G'!$B$15)*(1+$A35)^(5-1)*(1+'Table G'!$B$26)/(('Table G'!$B$18-'Table G'!$B$26)*(1+'Table G'!$B$18)^5),"") -> 57269.623 | E35: =IFERROR(('Table G'!$B$14+'Table G'!$B$15)/(1+'Table G'!$B$18)*IF(ABS(((1+$A35)/(1+'Table G'!$B$18))-1)<0.000000001,10,(1-((1+$A35)/(1+'Table G'!$B$18))^10)/(1-((1+$A35)/(1+'Table G'!$B$18))))+('Table G'!$B$14+'Table G'!$B$15)*(1+$A35)^(10-1)*(1+'Table G'!$B$26)/(('Table G'!$B$18-'Table G'!$B$26)*(1+'Table G'!$B$18)^10),"") -> 44209.3 | F35: =IFERROR(('Table G'!$B$14+'Table G'!$B$15)/(1+'Table G'!$B$18)*IF(ABS(((1+$A35)/(1+'Table G'!$B$18))-1)<0.000000001,5,(1-((1+$A35)/(1+'Table G'!$B$18))^5)/(1-((1+$A35)/(1+'Table G'!$B$18))))+('Table G'!$B$14+'Table G'!$B$15)*(1+$A35)^(5-1)*(1+'Table G'!$B$27)/(('Table G'!$B$18-'Table G'!$B$27)*(1+'Table G'!$B$18)^5),"") -> 60989.385 | G35: =IFERROR(('Table G'!$B$14+'Table G'!$B$15)/(1+'Table G'!$B$18)*IF(ABS(((1+$A35)/(1+'Table G'!$B$18))-1)<0.000000001,10,(1-((1+$A35)/(1+'Table G'!$B$18))^10)/(1-((1+$A35)/(1+'Table G'!$B$18))))+('Table G'!$B$14+'Table G'!$B$15)*(1+$A35)^(10-1)*(1+'Table G'!$B$27)/(('Table G'!$B$18-'Table G'!$B$27)*(1+'Table G'!$B$18)^10),"") -> 45976.36
A36: =-0.1+32*$B$2 -> -0.068 | B36: =IFERROR(('Table G'!$B$14+'Table G'!$B$15)/(1+'Table G'!$B$18)*IF(ABS(((1+$A36)/(1+'Table G'!$B$18))-1)<0.000000001,5,(1-((1+$A36)/(1+'Table G'!$B$18))^5)/(1-((1+$A36)/(1+'Table G'!$B$18))))+('Table G'!$B$14+'Table G'!$B$15)*(1+$A36)^(5-1)*(1+'Table G'!$B$25)/(('Table G'!$B$18-'Table G'!$B$25)*(1+'Table G'!$B$18)^5),"") -> 54292.208 | C36: =IFERROR(('Table G'!$B$14+'Table G'!$B$15)/(1+'Table G'!$B$18)*IF(ABS(((1+$A36)/(1+'Table G'!$B$18))-1)<0.000000001,10,(1-((1+$A36)/(1+'Table G'!$B$18))^10)/(1-((1+$A36)/(1+'Table G'!$B$18))))+('Table G'!$B$14+'Table G'!$B$15)*(1+$A36)^(10-1)*(1+'Table G'!$B$25)/(('Table G'!$B$18-'Table G'!$B$25)*(1+'Table G'!$B$18)^10),"") -> 42964.874 | D36: =IFERROR(('Table G'!$B$14+'Table G'!$B$15)/(1+'Table G'!$B$18)*IF(ABS(((1+$A36)/(1+'Table G'!$B$18))-1)<0.000000001,5,(1-((1+$A36)/(1+'Table G'!$B$18))^5)/(1-((1+$A36)/(1+'Table G'!$B$18))))+('Table G'!$B$14+'Table G'!$B$15)*(1+$A36)^(5-1)*(1+'Table G'!$B$26)/(('Table G'!$B$18-'Table G'!$B$26)*(1+'Table G'!$B$18)^5),"") -> 57474.076 | E36: =IFERROR(('Table G'!$B$14+'Table G'!$B$15)/(1+'Table G'!$B$18)*IF(ABS(((1+$A36)/(1+'Table G'!$B$18))-1)<0.000000001,10,(1-((1+$A36)/(1+'Table G'!$B$18))^10)/(1-((1+$A36)/(1+'Table G'!$B$18))))+('Table G'!$B$14+'Table G'!$B$15)*(1+$A36)^(10-1)*(1+'Table G'!$B$26)/(('Table G'!$B$18-'Table G'!$B$26)*(1+'Table G'!$B$18)^10),"") -> 44484.544 | F36: =IFERROR(('Table G'!$B$14+'Table G'!$B$15)/(1+'Table G'!$B$18)*IF(ABS(((1+$A36)/(1+'Table G'!$B$18))-1)<0.000000001,5,(1-((1+$A36)/(1+'Table G'!$B$18))^5)/(1-((1+$A36)/(1+'Table G'!$B$18))))+('Table G'!$B$14+'Table G'!$B$15)*(1+$A36)^(5-1)*(1+'Table G'!$B$27)/(('Table G'!$B$18-'Table G'!$B$27)*(1+'Table G'!$B$18)^5),"") -> 61209.845 | G36: =IFERROR(('Table G'!$B$14+'Table G'!$B$15)/(1+'Table G'!$B$18)*IF(ABS(((1+$A36)/(1+'Table G'!$B$18))-1)<0.000000001,10,(1-((1+$A36)/(1+'Table G'!$B$18))^10)/(1-((1+$A36)/(1+'Table G'!$B$18))))+('Table G'!$B$14+'Table G'!$B$15)*(1+$A36)^(10-1)*(1+'Table G'!$B$27)/(('Table G'!$B$18-'Table G'!$B$27)*(1+'Table G'!$B$18)^10),"") -> 46268.759
A37: =-0.1+33*$B$2 -> -0.067 | B37: =IFERROR(('Table G'!$B$14+'Table G'!$B$15)/(1+'Table G'!$B$18)*IF(ABS(((1+$A37)/(1+'Table G'!$B$18))-1)<0.000000001,5,(1-((1+$A37)/(1+'Table G'!$B$18))^5)/(1-((1+$A37)/(1+'Table G'!$B$18))))+('Table G'!$B$14+'Table G'!$B$15)*(1+$A37)^(5-1)*(1+'Table G'!$B$25)/(('Table G'!$B$18-'Table G'!$B$25)*(1+'Table G'!$B$18)^5),"") -> 54483.603 | C37: =IFERROR(('Table G'!$B$14+'Table G'!$B$15)/(1+'Table G'!$B$18)*IF(ABS(((1+$A37)/(1+'Table G'!$B$18))-1)<0.000000001,10,(1-((1+$A37)/(1+'Table G'!$B$18))^10)/(1-((1+$A37)/(1+'Table G'!$B$18))))+('Table G'!$B$14+'Table G'!$B$15)*(1+$A37)^(10-1)*(1+'Table G'!$B$25)/(('Table G'!$B$18-'Table G'!$B$25)*(1+'Table G'!$B$18)^10),"") -> 43227.419 | D37: =IFERROR(('Table G'!$B$14+'Table G'!$B$15)/(1+'Table G'!$B$18)*IF(ABS(((1+$A37)/(1+'Table G'!$B$18))-1)<0.000000001,5,(1-((1+$A37)/(1+'Table G'!$B$18))^5)/(1-((1+$A37)/(1+'Table G'!$B$18))))+('Table G'!$B$14+'Table G'!$B$15)*(1+$A37)^(5-1)*(1+'Table G'!$B$26)/(('Table G'!$B$18-'Table G'!$B$26)*(1+'Table G'!$B$18)^5),"") -> 57679.148 | E37: =IFERROR(('Table G'!$B$14+'Table G'!$B$15)/(1+'Table G'!$B$18)*IF(ABS(((1+$A37)/(1+'Table G'!$B$18))-1)<0.000000001,10,(1-((1+$A37)/(1+'Table G'!$B$18))^10)/(1-((1+$A37)/(1+'Table G'!$B$18))))+('Table G'!$B$14+'Table G'!$B$15)*(1+$A37)^(10-1)*(1+'Table G'!$B$26)/(('Table G'!$B$18-'Table G'!$B$26)*(1+'Table G'!$B$18)^10),"") -> 44761.827 | F37: =IFERROR(('Table G'!$B$14+'Table G'!$B$15)/(1+'Table G'!$B$18)*IF(ABS(((1+$A37)/(1+'Table G'!$B$18))-1)<0.000000001,5,(1-((1+$A37)/(1+'Table G'!$B$18))^5)/(1-((1+$A37)/(1+'Table G'!$B$18))))+('Table G'!$B$14+'Table G'!$B$15)*(1+$A37)^(5-1)*(1+'Table G'!$B$27)/(('Table G'!$B$18-'Table G'!$B$27)*(1+'Table G'!$B$18)^5),"") -> 61430.977 | G37: =IFERROR(('Table G'!$B$14+'Table G'!$B$15)/(1+'Table G'!$B$18)*IF(ABS(((1+$A37)/(1+'Table G'!$B$18))-1)<0.000000001,10,(1-((1+$A37)/(1+'Table G'!$B$18))^10)/(1-((1+$A37)/(1+'Table G'!$B$18))))+('Table G'!$B$14+'Table G'!$B$15)*(1+$A37)^(10-1)*(1+'Table G'!$B$27)/(('Table G'!$B$18-'Table G'!$B$27)*(1+'Table G'!$B$18)^10),"") -> 46563.346
A38: =-0.1+34*$B$2 -> -0.066 | B38: =IFERROR(('Table G'!$B$14+'Table G'!$B$15)/(1+'Table G'!$B$18)*IF(ABS(((1+$A38)/(1+'Table G'!$B$18))-1)<0.000000001,5,(1-((1+$A38)/(1+'Table G'!$B$18))^5)/(1-((1+$A38)/(1+'Table G'!$B$18))))+('Table G'!$B$14+'Table G'!$B$15)*(1+$A38)^(5-1)*(1+'Table G'!$B$25)/(('Table G'!$B$18-'Table G'!$B$25)*(1+'Table G'!$B$18)^5),"") -> 54675.576 | C38: =IFERROR(('Table G'!$B$14+'Table G'!$B$15)/(1+'Table G'!$B$18)*IF(ABS(((1+$A38)/(1+'Table G'!$B$18))-1)<0.000000001,10,(1-((1+$A38)/(1+'Table G'!$B$18))^10)/(1-((1+$A38)/(1+'Table G'!$B$18))))+('Table G'!$B$14+'Table G'!$B$15)*(1+$A38)^(10-1)*(1+'Table G'!$B$25)/(('Table G'!$B$18-'Table G'!$B$25)*(1+'Table G'!$B$18)^10),"") -> 43491.891 | D38: =IFERROR(('Table G'!$B$14+'Table G'!$B$15)/(1+'Table G'!$B$18)*IF(ABS(((1+$A38)/(1+'Table G'!$B$18))-1)<0.000000001,5,(1-((1+$A38)/(1+'Table G'!$B$18))^5)/(1-((1+$A38)/(1+'Table G'!$B$18))))+('Table G'!$B$14+'Table G'!$B$15)*(1+$A38)^(5-1)*(1+'Table G'!$B$26)/(('Table G'!$B$18-'Table G'!$B$26)*(1+'Table G'!$B$18)^5),"") -> 57884.843 | E38: =IFERROR(('Table G'!$B$14+'Table G'!$B$15)/(1+'Table G'!$B$18)*IF(ABS(((1+$A38)/(1+'Table G'!$B$18))-1)<0.000000001,10,(1-((1+$A38)/(1+'Table G'!$B$18))^10)/(1-((1+$A38)/(1+'Table G'!$B$18))))+('Table G'!$B$14+'Table G'!$B$15)*(1+$A38)^(10-1)*(1+'Table G'!$B$26)/(('Table G'!$B$18-'Table G'!$B$26)*(1+'Table G'!$B$18)^10),"") -> 45041.164 | F38: =IFERROR(('Table G'!$B$14+'Table G'!$B$15)/(1+'Table G'!$B$18)*IF(ABS(((1+$A38)/(1+'Table G'!$B$18))-1)<0.000000001,5,(1-((1+$A38)/(1+'Table G'!$B$18))^5)/(1-((1+$A38)/(1+'Table G'!$B$18))))+('Table G'!$B$14+'Table G'!$B$15)*(1+$A38)^(5-1)*(1+'Table G'!$B$27)/(('Table G'!$B$18-'Table G'!$B$27)*(1+'Table G'!$B$18)^5),"") -> 61652.783 | G38: =IFERROR(('Table G'!$B$14+'Table G'!$B$15)/(1+'Table G'!$B$18)*IF(ABS(((1+$A38)/(1+'Table G'!$B$18))-1)<0.000000001,10,(1-((1+$A38)/(1+'Table G'!$B$18))^10)/(1-((1+$A38)/(1+'Table G'!$B$18))))+('Table G'!$B$14+'Table G'!$B$15)*(1+$A38)^(10-1)*(1+'Table G'!$B$27)/(('Table G'!$B$18-'Table G'!$B$27)*(1+'Table G'!$B$18)^10),"") -> 46860.136
A39: =-0.1+35*$B$2 -> -0.065 | B39: =IFERROR(('Table G'!$B$14+'Table G'!$B$15)/(1+'Table G'!$B$18)*IF(ABS(((1+$A39)/(1+'Table G'!$B$18))-1)<0.000000001,5,(1-((1+$A39)/(1+'Table G'!$B$18))^5)/(1-((1+$A39)/(1+'Table G'!$B$18))))+('Table G'!$B$14+'Table G'!$B$15)*(1+$A39)^(5-1)*(1+'Table G'!$B$25)/(('Table G'!$B$18-'Table G'!$B$25)*(1+'Table G'!$B$18)^5),"") -> 54868.127 | C39: =IFERROR(('Table G'!$B$14+'Table G'!$B$15)/(1+'Table G'!$B$18)*IF(ABS(((1+$A39)/(1+'Table G'!$B$18))-1)<0.000000001,10,(1-((1+$A39)/(1+'Table G'!$B$18))^10)/(1-((1+$A39)/(1+'Table G'!$B$18))))+('Table G'!$B$14+'Table G'!$B$15)*(1+$A39)^(10-1)*(1+'Table G'!$B$25)/(('Table G'!$B$18-'Table G'!$B$25)*(1+'Table G'!$B$18)^10),"") -> 43758.303 | D39: =IFERROR(('Table G'!$B$14+'Table G'!$B$15)/(1+'Table G'!$B$18)*IF(ABS(((1+$A39)/(1+'Table G'!$B$18))-1)<0.000000001,5,(1-((1+$A39)/(1+'Table G'!$B$18))^5)/(1-((1+$A39)/(1+'Table G'!$B$18))))+('Table G'!$B$14+'Table G'!$B$15)*(1+$A39)^(5-1)*(1+'Table G'!$B$26)/(('Table G'!$B$18-'Table G'!$B$26)*(1+'Table G'!$B$18)^5),"") -> 58091.161 | E39: =IFERROR(('Table G'!$B$14+'Table G'!$B$15)/(1+'Table G'!$B$18)*IF(ABS(((1+$A39)/(1+'Table G'!$B$18))-1)<0.000000001,10,(1-((1+$A39)/(1+'Table G'!$B$18))^10)/(1-((1+$A39)/(1+'Table G'!$B$18))))+('Table G'!$B$14+'Table G'!$B$15)*(1+$A39)^(10-1)*(1+'Table G'!$B$26)/(('Table G'!$B$18-'Table G'!$B$26)*(1+'Table G'!$B$18)^10),"") -> 45322.569 | F39: =IFERROR(('Table G'!$B$14+'Table G'!$B$15)/(1+'Table G'!$B$18)*IF(ABS(((1+$A39)/(1+'Table G'!$B$18))-1)<0.000000001,5,(1-((1+$A39)/(1+'Table G'!$B$18))^5)/(1-((1+$A39)/(1+'Table G'!$B$18))))+('Table G'!$B$14+'Table G'!$B$15)*(1+$A39)^(5-1)*(1+'Table G'!$B$27)/(('Table G'!$B$18-'Table G'!$B$27)*(1+'Table G'!$B$18)^5),"") -> 61875.263 | G39: =IFERROR(('Table G'!$B$14+'Table G'!$B$15)/(1+'Table G'!$B$18)*IF(ABS(((1+$A39)/(1+'Table G'!$B$18))-1)<0.000000001,10,(1-((1+$A39)/(1+'Table G'!$B$18))^10)/(1-((1+$A39)/(1+'Table G'!$B$18))))+('Table G'!$B$14+'Table G'!$B$15)*(1+$A39)^(10-1)*(1+'Table G'!$B$27)/(('Table G'!$B$18-'Table G'!$B$27)*(1+'Table G'!$B$18)^10),"") -> 47159.144
A40: =-0.1+36*$B$2 -> -0.064 | B40: =IFERROR(('Table G'!$B$14+'Table G'!$B$15)/(1+'Table G'!$B$18)*IF(ABS(((1+$A40)/(1+'Table G'!$B$18))-1)<0.000000001,5,(1-((1+$A40)/(1+'Table G'!$B$18))^5)/(1-((1+$A40)/(1+'Table G'!$B$18))))+('Table G'!$B$14+'Table G'!$B$15)*(1+$A40)^(5-1)*(1+'Table G'!$B$25)/(('Table G'!$B$18-'Table G'!$B$25)*(1+'Table G'!$B$18)^5),"") -> 55061.259 | C40: =IFERROR(('Table G'!$B$14+'Table G'!$B$15)/(1+'Table G'!$B$18)*IF(ABS(((1+$A40)/(1+'Table G'!$B$18))-1)<0.000000001,10,(1-((1+$A40)/(1+'Table G'!$B$18))^10)/(1-((1+$A40)/(1+'Table G'!$B$18))))+('Table G'!$B$14+'Table G'!$B$15)*(1+$A40)^(10-1)*(1+'Table G'!$B$25)/(('Table G'!$B$18-'Table G'!$B$25)*(1+'Table G'!$B$18)^10),"") -> 44026.67 | D40: =IFERROR(('Table G'!$B$14+'Table G'!$B$15)/(1+'Table G'!$B$18)*IF(ABS(((1+$A40)/(1+'Table G'!$B$18))-1)<0.000000001,5,(1-((1+$A40)/(1+'Table G'!$B$18))^5)/(1-((1+$A40)/(1+'Table G'!$B$18))))+('Table G'!$B$14+'Table G'!$B$15)*(1+$A40)^(5-1)*(1+'Table G'!$B$26)/(('Table G'!$B$18-'Table G'!$B$26)*(1+'Table G'!$B$18)^5),"") -> 58298.103 | E40: =IFERROR(('Table G'!$B$14+'Table G'!$B$15)/(1+'Table G'!$B$18)*IF(ABS(((1+$A40)/(1+'Table G'!$B$18))-1)<0.000000001,10,(1-((1+$A40)/(1+'Table G'!$B$18))^10)/(1-((1+$A40)/(1+'Table G'!$B$18))))+('Table G'!$B$14+'Table G'!$B$15)*(1+$A40)^(10-1)*(1+'Table G'!$B$26)/(('Table G'!$B$18-'Table G'!$B$26)*(1+'Table G'!$B$18)^10),"") -> 45606.057 | F40: =IFERROR(('Table G'!$B$14+'Table G'!$B$15)/(1+'Table G'!$B$18)*IF(ABS(((1+$A40)/(1+'Table G'!$B$18))-1)<0.000000001,5,(1-((1+$A40)/(1+'Table G'!$B$18))^5)/(1-((1+$A40)/(1+'Table G'!$B$18))))+('Table G'!$B$14+'Table G'!$B$15)*(1+$A40)^(5-1)*(1+'Table G'!$B$27)/(('Table G'!$B$18-'Table G'!$B$27)*(1+'Table G'!$B$18)^5),"") -> 62098.42 | G40: =IFERROR(('Table G'!$B$14+'Table G'!$B$15)/(1+'Table G'!$B$18)*IF(ABS(((1+$A40)/(1+'Table G'!$B$18))-1)<0.000000001,10,(1-((1+$A40)/(1+'Table G'!$B$18))^10)/(1-((1+$A40)/(1+'Table G'!$B$18))))+('Table G'!$B$14+'Table G'!$B$15)*(1+$A40)^(10-1)*(1+'Table G'!$B$27)/(('Table G'!$B$18-'Table G'!$B$27)*(1+'Table G'!$B$18)^10),"") -> 47460.386
A41: =-0.1+37*$B$2 -> -0.063 | B41: =IFERROR(('Table G'!$B$14+'Table G'!$B$15)/(1+'Table G'!$B$18)*IF(ABS(((1+$A41)/(1+'Table G'!$B$18))-1)<0.000000001,5,(1-((1+$A41)/(1+'Table G'!$B$18))^5)/(1-((1+$A41)/(1+'Table G'!$B$18))))+('Table G'!$B$14+'Table G'!$B$15)*(1+$A41)^(5-1)*(1+'Table G'!$B$25)/(('Table G'!$B$18-'Table G'!$B$25)*(1+'Table G'!$B$18)^5),"") -> 55254.971 | C41: =IFERROR(('Table G'!$B$14+'Table G'!$B$15)/(1+'Table G'!$B$18)*IF(ABS(((1+$A41)/(1+'Table G'!$B$18))-1)<0.000000001,10,(1-((1+$A41)/(1+'Table G'!$B$18))^10)/(1-((1+$A41)/(1+'Table G'!$B$18))))+('Table G'!$B$14+'Table G'!$B$15)*(1+$A41)^(10-1)*(1+'Table G'!$B$25)/(('Table G'!$B$18-'Table G'!$B$25)*(1+'Table G'!$B$18)^10),"") -> 44297.003 | D41: =IFERROR(('Table G'!$B$14+'Table G'!$B$15)/(1+'Table G'!$B$18)*IF(ABS(((1+$A41)/(1+'Table G'!$B$18))-1)<0.000000001,5,(1-((1+$A41)/(1+'Table G'!$B$18))^5)/(1-((1+$A41)/(1+'Table G'!$B$18))))+('Table G'!$B$14+'Table G'!$B$15)*(1+$A41)^(5-1)*(1+'Table G'!$B$26)/(('Table G'!$B$18-'Table G'!$B$26)*(1+'Table G'!$B$18)^5),"") -> 58505.67 | E41: =IFERROR(('Table G'!$B$14+'Table G'!$B$15)/(1+'Table G'!$B$18)*IF(ABS(((1+$A41)/(1+'Table G'!$B$18))-1)<0.000000001,10,(1-((1+$A41)/(1+'Table G'!$B$18))^10)/(1-((1+$A41)/(1+'Table G'!$B$18))))+('Table G'!$B$14+'Table G'!$B$15)*(1+$A41)^(10-1)*(1+'Table G'!$B$26)/(('Table G'!$B$18-'Table G'!$B$26)*(1+'Table G'!$B$18)^10),"") -> 45891.642 | F41: =IFERROR(('Table G'!$B$14+'Table G'!$B$15)/(1+'Table G'!$B$18)*IF(ABS(((1+$A41)/(1+'Table G'!$B$18))-1)<0.000000001,5,(1-((1+$A41)/(1+'Table G'!$B$18))^5)/(1-((1+$A41)/(1+'Table G'!$B$18))))+('Table G'!$B$14+'Table G'!$B$15)*(1+$A41)^(5-1)*(1+'Table G'!$B$27)/(('Table G'!$B$18-'Table G'!$B$27)*(1+'Table G'!$B$18)^5),"") -> 62322.255 | G41: =IFERROR(('Table G'!$B$14+'Table G'!$B$15)/(1+'Table G'!$B$18)*IF(ABS(((1+$A41)/(1+'Table G'!$B$18))-1)<0.000000001,10,(1-((1+$A41)/(1+'Table G'!$B$18))^10)/(1-((1+$A41)/(1+'Table G'!$B$18))))+('Table G'!$B$14+'Table G'!$B$15)*(1+$A41)^(10-1)*(1+'Table G'!$B$27)/(('Table G'!$B$18-'Table G'!$B$27)*(1+'Table G'!$B$18)^10),"") -> 47763.878
A42: =-0.1+38*$B$2 -> -0.062 | B42: =IFERROR(('Table G'!$B$14+'Table G'!$B$15)/(1+'Table G'!$B$18)*IF(ABS(((1+$A42)/(1+'Table G'!$B$18))-1)<0.000000001,5,(1-((1+$A42)/(1+'Table G'!$B$18))^5)/(1-((1+$A42)/(1+'Table G'!$B$18))))+('Table G'!$B$14+'Table G'!$B$15)*(1+$A42)^(5-1)*(1+'Table G'!$B$25)/(('Table G'!$B$18-'Table G'!$B$25)*(1+'Table G'!$B$18)^5),"") -> 55449.267 | C42: =IFERROR(('Table G'!$B$14+'Table G'!$B$15)/(1+'Table G'!$B$18)*IF(ABS(((1+$A42)/(1+'Table G'!$B$18))-1)<0.000000001,10,(1-((1+$A42)/(1+'Table G'!$B$18))^10)/(1-((1+$A42)/(1+'Table G'!$B$18))))+('Table G'!$B$14+'Table G'!$B$15)*(1+$A42)^(10-1)*(1+'Table G'!$B$25)/(('Table G'!$B$18-'Table G'!$B$25)*(1+'Table G'!$B$18)^10),"") -> 44569.318 | D42: =IFERROR(('Table G'!$B$14+'Table G'!$B$15)/(1+'Table G'!$B$18)*IF(ABS(((1+$A42)/(1+'Table G'!$B$18))-1)<0.000000001,5,(1-((1+$A42)/(1+'Table G'!$B$18))^5)/(1-((1+$A42)/(1+'Table G'!$B$18))))+('Table G'!$B$14+'Table G'!$B$15)*(1+$A42)^(5-1)*(1+'Table G'!$B$26)/(('Table G'!$B$18-'Table G'!$B$26)*(1+'Table G'!$B$18)^5),"") -> 58713.865 | E42: =IFERROR(('Table G'!$B$14+'Table G'!$B$15)/(1+'Table G'!$B$18)*IF(ABS(((1+$A42)/(1+'Table G'!$B$18))-1)<0.000000001,10,(1-((1+$A42)/(1+'Table G'!$B$18))^10)/(1-((1+$A42)/(1+'Table G'!$B$18))))+('Table G'!$B$14+'Table G'!$B$15)*(1+$A42)^(10-1)*(1+'Table G'!$B$26)/(('Table G'!$B$18-'Table G'!$B$26)*(1+'Table G'!$B$18)^10),"") -> 46179.34 | F42: =IFERROR(('Table G'!$B$14+'Table G'!$B$15)/(1+'Table G'!$B$18)*IF(ABS(((1+$A42)/(1+'Table G'!$B$18))-1)<0.000000001,5,(1-((1+$A42)/(1+'Table G'!$B$18))^5)/(1-((1+$A42)/(1+'Table G'!$B$18))))+('Table G'!$B$14+'Table G'!$B$15)*(1+$A42)^(5-1)*(1+'Table G'!$B$27)/(('Table G'!$B$18-'Table G'!$B$27)*(1+'Table G'!$B$18)^5),"") -> 62546.768 | G42: =IFERROR(('Table G'!$B$14+'Table G'!$B$15)/(1+'Table G'!$B$18)*IF(ABS(((1+$A42)/(1+'Table G'!$B$18))-1)<0.000000001,10,(1-((1+$A42)/(1+'Table G'!$B$18))^10)/(1-((1+$A42)/(1+'Table G'!$B$18))))+('Table G'!$B$14+'Table G'!$B$15)*(1+$A42)^(10-1)*(1+'Table G'!$B$27)/(('Table G'!$B$18-'Table G'!$B$27)*(1+'Table G'!$B$18)^10),"") -> 48069.635
A43: =-0.1+39*$B$2 -> -0.061 | B43: =IFERROR(('Table G'!$B$14+'Table G'!$B$15)/(1+'Table G'!$B$18)*IF(ABS(((1+$A43)/(1+'Table G'!$B$18))-1)<0.000000001,5,(1-((1+$A43)/(1+'Table G'!$B$18))^5)/(1-((1+$A43)/(1+'Table G'!$B$18))))+('Table G'!$B$14+'Table G'!$B$15)*(1+$A43)^(5-1)*(1+'Table G'!$B$25)/(('Table G'!$B$18-'Table G'!$B$25)*(1+'Table G'!$B$18)^5),"") -> 55644.146 | C43: =IFERROR(('Table G'!$B$14+'Table G'!$B$15)/(1+'Table G'!$B$18)*IF(ABS(((1+$A43)/(1+'Table G'!$B$18))-1)<0.000000001,10,(1-((1+$A43)/(1+'Table G'!$B$18))^10)/(1-((1+$A43)/(1+'Table G'!$B$18))))+('Table G'!$B$14+'Table G'!$B$15)*(1+$A43)^(10-1)*(1+'Table G'!$B$25)/(('Table G'!$B$18-'Table G'!$B$25)*(1+'Table G'!$B$18)^10),"") -> 44843.628 | D43: =IFERROR(('Table G'!$B$14+'Table G'!$B$15)/(1+'Table G'!$B$18)*IF(ABS(((1+$A43)/(1+'Table G'!$B$18))-1)<0.000000001,5,(1-((1+$A43)/(1+'Table G'!$B$18))^5)/(1-((1+$A43)/(1+'Table G'!$B$18))))+('Table G'!$B$14+'Table G'!$B$15)*(1+$A43)^(5-1)*(1+'Table G'!$B$26)/(('Table G'!$B$18-'Table G'!$B$26)*(1+'Table G'!$B$18)^5),"") -> 58922.688 | E43: =IFERROR(('Table G'!$B$14+'Table G'!$B$15)/(1+'Table G'!$B$18)*IF(ABS(((1+$A43)/(1+'Table G'!$B$18))-1)<0.000000001,10,(1-((1+$A43)/(1+'Table G'!$B$18))^10)/(1-((1+$A43)/(1+'Table G'!$B$18))))+('Table G'!$B$14+'Table G'!$B$15)*(1+$A43)^(10-1)*(1+'Table G'!$B$26)/(('Table G'!$B$18-'Table G'!$B$26)*(1+'Table G'!$B$18)^10),"") -> 46469.164 | F43: =IFERROR(('Table G'!$B$14+'Table G'!$B$15)/(1+'Table G'!$B$18)*IF(ABS(((1+$A43)/(1+'Table G'!$B$18))-1)<0.000000001,5,(1-((1+$A43)/(1+'Table G'!$B$18))^5)/(1-((1+$A43)/(1+'Table G'!$B$18))))+('Table G'!$B$14+'Table G'!$B$15)*(1+$A43)^(5-1)*(1+'Table G'!$B$27)/(('Table G'!$B$18-'Table G'!$B$27)*(1+'Table G'!$B$18)^5),"") -> 62771.962 | G43: =IFERROR(('Table G'!$B$14+'Table G'!$B$15)/(1+'Table G'!$B$18)*IF(ABS(((1+$A43)/(1+'Table G'!$B$18))-1)<0.000000001,10,(1-((1+$A43)/(1+'Table G'!$B$18))^10)/(1-((1+$A43)/(1+'Table G'!$B$18))))+('Table G'!$B$14+'Table G'!$B$15)*(1+$A43)^(10-1)*(1+'Table G'!$B$27)/(('Table G'!$B$18-'Table G'!$B$27)*(1+'Table G'!$B$18)^10),"") -> 48377.674
A44: =-0.1+40*$B$2 -> -0.06 | B44: =IFERROR(('Table G'!$B$14+'Table G'!$B$15)/(1+'Table G'!$B$18)*IF(ABS(((1+$A44)/(1+'Table G'!$B$18))-1)<0.000000001,5,(1-((1+$A44)/(1+'Table G'!$B$18))^5)/(1-((1+$A44)/(1+'Table G'!$B$18))))+('Table G'!$B$14+'Table G'!$B$15)*(1+$A44)^(5-1)*(1+'Table G'!$B$25)/(('Table G'!$B$18-'Table G'!$B$25)*(1+'Table G'!$B$18)^5),"") -> 55839.61 | C44: =IFERROR(('Table G'!$B$14+'Table G'!$B$15)/(1+'Table G'!$B$18)*IF(ABS(((1+$A44)/(1+'Table G'!$B$18))-1)<0.000000001,10,(1-((1+$A44)/(1+'Table G'!$B$18))^10)/(1-((1+$A44)/(1+'Table G'!$B$18))))+('Table G'!$B$14+'Table G'!$B$15)*(1+$A44)^(10-1)*(1+'Table G'!$B$25)/(('Table G'!$B$18-'Table G'!$B$25)*(1+'Table G'!$B$18)^10),"") -> 45119.947 | D44: =IFERROR(('Table G'!$B$14+'Table G'!$B$15)/(1+'Table G'!$B$18)*IF(ABS(((1+$A44)/(1+'Table G'!$B$18))-1)<0.000000001,5,(1-((1+$A44)/(1+'Table G'!$B$18))^5)/(1-((1+$A44)/(1+'Table G'!$B$18))))+('Table G'!$B$14+'Table G'!$B$15)*(1+$A44)^(5-1)*(1+'Table G'!$B$26)/(('Table G'!$B$18-'Table G'!$B$26)*(1+'Table G'!$B$18)^5),"") -> 59132.141 | E44: =IFERROR(('Table G'!$B$14+'Table G'!$B$15)/(1+'Table G'!$B$18)*IF(ABS(((1+$A44)/(1+'Table G'!$B$18))-1)<0.000000001,10,(1-((1+$A44)/(1+'Table G'!$B$18))^10)/(1-((1+$A44)/(1+'Table G'!$B$18))))+('Table G'!$B$14+'Table G'!$B$15)*(1+$A44)^(10-1)*(1+'Table G'!$B$26)/(('Table G'!$B$18-'Table G'!$B$26)*(1+'Table G'!$B$18)^10),"") -> 46761.129 | F44: =IFERROR(('Table G'!$B$14+'Table G'!$B$15)/(1+'Table G'!$B$18)*IF(ABS(((1+$A44)/(1+'Table G'!$B$18))-1)<0.000000001,5,(1-((1+$A44)/(1+'Table G'!$B$18))^5)/(1-((1+$A44)/(1+'Table G'!$B$18))))+('Table G'!$B$14+'Table G'!$B$15)*(1+$A44)^(5-1)*(1+'Table G'!$B$27)/(('Table G'!$B$18-'Table G'!$B$27)*(1+'Table G'!$B$18)^5),"") -> 62997.838 | G44: =IFERROR(('Table G'!$B$14+'Table G'!$B$15)/(1+'Table G'!$B$18)*IF(ABS(((1+$A44)/(1+'Table G'!$B$18))-1)<0.000000001,10,(1-((1+$A44)/(1+'Table G'!$B$18))^10)/(1-((1+$A44)/(1+'Table G'!$B$18))))+('Table G'!$B$14+'Table G'!$B$15)*(1+$A44)^(10-1)*(1+'Table G'!$B$27)/(('Table G'!$B$18-'Table G'!$B$27)*(1+'Table G'!$B$18)^10),"") -> 48688.01
A45: =-0.1+41*$B$2 -> -0.059 | B45: =IFERROR(('Table G'!$B$14+'Table G'!$B$15)/(1+'Table G'!$B$18)*IF(ABS(((1+$A45)/(1+'Table G'!$B$18))-1)<0.000000001,5,(1-((1+$A45)/(1+'Table G'!$B$18))^5)/(1-((1+$A45)/(1+'Table G'!$B$18))))+('Table G'!$B$14+'Table G'!$B$15)*(1+$A45)^(5-1)*(1+'Table G'!$B$25)/(('Table G'!$B$18-'Table G'!$B$25)*(1+'Table G'!$B$18)^5),"") -> 56035.66 | C45: =IFERROR(('Table G'!$B$14+'Table G'!$B$15)/(1+'Table G'!$B$18)*IF(ABS(((1+$A45)/(1+'Table G'!$B$18))-1)<0.000000001,10,(1-((1+$A45)/(1+'Table G'!$B$18))^10)/(1-((1+$A45)/(1+'Table G'!$B$18))))+('Table G'!$B$14+'Table G'!$B$15)*(1+$A45)^(10-1)*(1+'Table G'!$B$25)/(('Table G'!$B$18-'Table G'!$B$25)*(1+'Table G'!$B$18)^10),"") -> 45398.289 | D45: =IFERROR(('Table G'!$B$14+'Table G'!$B$15)/(1+'Table G'!$B$18)*IF(ABS(((1+$A45)/(1+'Table G'!$B$18))-1)<0.000000001,5,(1-((1+$A45)/(1+'Table G'!$B$18))^5)/(1-((1+$A45)/(1+'Table G'!$B$18))))+('Table G'!$B$14+'Table G'!$B$15)*(1+$A45)^(5-1)*(1+'Table G'!$B$26)/(('Table G'!$B$18-'Table G'!$B$26)*(1+'Table G'!$B$18)^5),"") -> 59342.224 | E45: =IFERROR(('Table G'!$B$14+'Table G'!$B$15)/(1+'Table G'!$B$18)*IF(ABS(((1+$A45)/(1+'Table G'!$B$18))-1)<0.000000001,10,(1-((1+$A45)/(1+'Table G'!$B$18))^10)/(1-((1+$A45)/(1+'Table G'!$B$18))))+('Table G'!$B$14+'Table G'!$B$15)*(1+$A45)^(10-1)*(1+'Table G'!$B$26)/(('Table G'!$B$18-'Table G'!$B$26)*(1+'Table G'!$B$18)^10),"") -> 47055.251 | F45: =IFERROR(('Table G'!$B$14+'Table G'!$B$15)/(1+'Table G'!$B$18)*IF(ABS(((1+$A45)/(1+'Table G'!$B$18))-1)<0.000000001,5,(1-((1+$A45)/(1+'Table G'!$B$18))^5)/(1-((1+$A45)/(1+'Table G'!$B$18))))+('Table G'!$B$14+'Table G'!$B$15)*(1+$A45)^(5-1)*(1+'Table G'!$B$27)/(('Table G'!$B$18-'Table G'!$B$27)*(1+'Table G'!$B$18)^5),"") -> 63224.398 | G45: =IFERROR(('Table G'!$B$14+'Table G'!$B$15)/(1+'Table G'!$B$18)*IF(ABS(((1+$A45)/(1+'Table G'!$B$18))-1)<0.000000001,10,(1-((1+$A45)/(1+'Table G'!$B$18))^10)/(1-((1+$A45)/(1+'Table G'!$B$18))))+('Table G'!$B$14+'Table G'!$B$15)*(1+$A45)^(10-1)*(1+'Table G'!$B$27)/(('Table G'!$B$18-'Table G'!$B$27)*(1+'Table G'!$B$18)^10),"") -> 49000.659
A46: =-0.1+42*$B$2 -> -0.058 | B46: =IFERROR(('Table G'!$B$14+'Table G'!$B$15)/(1+'Table G'!$B$18)*IF(ABS(((1+$A46)/(1+'Table G'!$B$18))-1)<0.000000001,5,(1-((1+$A46)/(1+'Table G'!$B$18))^5)/(1-((1+$A46)/(1+'Table G'!$B$18))))+('Table G'!$B$14+'Table G'!$B$15)*(1+$A46)^(5-1)*(1+'Table G'!$B$25)/(('Table G'!$B$18-'Table G'!$B$25)*(1+'Table G'!$B$18)^5),"") -> 56232.298 | C46: =IFERROR(('Table G'!$B$14+'Table G'!$B$15)/(1+'Table G'!$B$18)*IF(ABS(((1+$A46)/(1+'Table G'!$B$18))-1)<0.000000001,10,(1-((1+$A46)/(1+'Table G'!$B$18))^10)/(1-((1+$A46)/(1+'Table G'!$B$18))))+('Table G'!$B$14+'Table G'!$B$15)*(1+$A46)^(10-1)*(1+'Table G'!$B$25)/(('Table G'!$B$18-'Table G'!$B$25)*(1+'Table G'!$B$18)^10),"") -> 45678.667 | D46: =IFERROR(('Table G'!$B$14+'Table G'!$B$15)/(1+'Table G'!$B$18)*IF(ABS(((1+$A46)/(1+'Table G'!$B$18))-1)<0.000000001,5,(1-((1+$A46)/(1+'Table G'!$B$18))^5)/(1-((1+$A46)/(1+'Table G'!$B$18))))+('Table G'!$B$14+'Table G'!$B$15)*(1+$A46)^(5-1)*(1+'Table G'!$B$26)/(('Table G'!$B$18-'Table G'!$B$26)*(1+'Table G'!$B$18)^5),"") -> 59552.94 | E46: =IFERROR(('Table G'!$B$14+'Table G'!$B$15)/(1+'Table G'!$B$18)*IF(ABS(((1+$A46)/(1+'Table G'!$B$18))-1)<0.000000001,10,(1-((1+$A46)/(1+'Table G'!$B$18))^10)/(1-((1+$A46)/(1+'Table G'!$B$18))))+('Table G'!$B$14+'Table G'!$B$15)*(1+$A46)^(10-1)*(1+'Table G'!$B$26)/(('Table G'!$B$18-'Table G'!$B$26)*(1+'Table G'!$B$18)^10),"") -> 47351.545 | F46: =IFERROR(('Table G'!$B$14+'Table G'!$B$15)/(1+'Table G'!$B$18)*IF(ABS(((1+$A46)/(1+'Table G'!$B$18))-1)<0.000000001,5,(1-((1+$A46)/(1+'Table G'!$B$18))^5)/(1-((1+$A46)/(1+'Table G'!$B$18))))+('Table G'!$B$14+'Table G'!$B$15)*(1+$A46)^(5-1)*(1+'Table G'!$B$27)/(('Table G'!$B$18-'Table G'!$B$27)*(1+'Table G'!$B$18)^5),"") -> 63451.642 | G46: =IFERROR(('Table G'!$B$14+'Table G'!$B$15)/(1+'Table G'!$B$18)*IF(ABS(((1+$A46)/(1+'Table G'!$B$18))-1)<0.000000001,10,(1-((1+$A46)/(1+'Table G'!$B$18))^10)/(1-((1+$A46)/(1+'Table G'!$B$18))))+('Table G'!$B$14+'Table G'!$B$15)*(1+$A46)^(10-1)*(1+'Table G'!$B$27)/(('Table G'!$B$18-'Table G'!$B$27)*(1+'Table G'!$B$18)^10),"") -> 49315.639
A47: =-0.1+43*$B$2 -> -0.057 | B47: =IFERROR(('Table G'!$B$14+'Table G'!$B$15)/(1+'Table G'!$B$18)*IF(ABS(((1+$A47)/(1+'Table G'!$B$18))-1)<0.000000001,5,(1-((1+$A47)/(1+'Table G'!$B$18))^5)/(1-((1+$A47)/(1+'Table G'!$B$18))))+('Table G'!$B$14+'Table G'!$B$15)*(1+$A47)^(5-1)*(1+'Table G'!$B$25)/(('Table G'!$B$18-'Table G'!$B$25)*(1+'Table G'!$B$18)^5),"") -> 56429.524 | C47: =IFERROR(('Table G'!$B$14+'Table G'!$B$15)/(1+'Table G'!$B$18)*IF(ABS(((1+$A47)/(1+'Table G'!$B$18))-1)<0.000000001,10,(1-((1+$A47)/(1+'Table G'!$B$18))^10)/(1-((1+$A47)/(1+'Table G'!$B$18))))+('Table G'!$B$14+'Table G'!$B$15)*(1+$A47)^(10-1)*(1+'Table G'!$B$25)/(('Table G'!$B$18-'Table G'!$B$25)*(1+'Table G'!$B$18)^10),"") -> 45961.096 | D47: =IFERROR(('Table G'!$B$14+'Table G'!$B$15)/(1+'Table G'!$B$18)*IF(ABS(((1+$A47)/(1+'Table G'!$B$18))-1)<0.000000001,5,(1-((1+$A47)/(1+'Table G'!$B$18))^5)/(1-((1+$A47)/(1+'Table G'!$B$18))))+('Table G'!$B$14+'Table G'!$B$15)*(1+$A47)^(5-1)*(1+'Table G'!$B$26)/(('Table G'!$B$18-'Table G'!$B$26)*(1+'Table G'!$B$18)^5),"") -> 59764.289 | E47: =IFERROR(('Table G'!$B$14+'Table G'!$B$15)/(1+'Table G'!$B$18)*IF(ABS(((1+$A47)/(1+'Table G'!$B$18))-1)<0.000000001,10,(1-((1+$A47)/(1+'Table G'!$B$18))^10)/(1-((1+$A47)/(1+'Table G'!$B$18))))+('Table G'!$B$14+'Table G'!$B$15)*(1+$A47)^(10-1)*(1+'Table G'!$B$26)/(('Table G'!$B$18-'Table G'!$B$26)*(1+'Table G'!$B$18)^10),"") -> 47650.025 | F47: =IFERROR(('Table G'!$B$14+'Table G'!$B$15)/(1+'Table G'!$B$18)*IF(ABS(((1+$A47)/(1+'Table G'!$B$18))-1)<0.000000001,5,(1-((1+$A47)/(1+'Table G'!$B$18))^5)/(1-((1+$A47)/(1+'Table G'!$B$18))))+('Table G'!$B$14+'Table G'!$B$15)*(1+$A47)^(5-1)*(1+'Table G'!$B$27)/(('Table G'!$B$18-'Table G'!$B$27)*(1+'Table G'!$B$18)^5),"") -> 63679.572 | G47: =IFERROR(('Table G'!$B$14+'Table G'!$B$15)/(1+'Table G'!$B$18)*IF(ABS(((1+$A47)/(1+'Table G'!$B$18))-1)<0.000000001,10,(1-((1+$A47)/(1+'Table G'!$B$18))^10)/(1-((1+$A47)/(1+'Table G'!$B$18))))+('Table G'!$B$14+'Table G'!$B$15)*(1+$A47)^(10-1)*(1+'Table G'!$B$27)/(('Table G'!$B$18-'Table G'!$B$27)*(1+'Table G'!$B$18)^10),"") -> 49632.964
A48: =-0.1+44*$B$2 -> -0.056 | B48: =IFERROR(('Table G'!$B$14+'Table G'!$B$15)/(1+'Table G'!$B$18)*IF(ABS(((1+$A48)/(1+'Table G'!$B$18))-1)<0.000000001,5,(1-((1+$A48)/(1+'Table G'!$B$18))^5)/(1-((1+$A48)/(1+'Table G'!$B$18))))+('Table G'!$B$14+'Table G'!$B$15)*(1+$A48)^(5-1)*(1+'Table G'!$B$25)/(('Table G'!$B$18-'Table G'!$B$25)*(1+'Table G'!$B$18)^5),"") -> 56627.34 | C48: =IFERROR(('Table G'!$B$14+'Table G'!$B$15)/(1+'Table G'!$B$18)*IF(ABS(((1+$A48)/(1+'Table G'!$B$18))-1)<0.000000001,10,(1-((1+$A48)/(1+'Table G'!$B$18))^10)/(1-((1+$A48)/(1+'Table G'!$B$18))))+('Table G'!$B$14+'Table G'!$B$15)*(1+$A48)^(10-1)*(1+'Table G'!$B$25)/(('Table G'!$B$18-'Table G'!$B$25)*(1+'Table G'!$B$18)^10),"") -> 46245.591 | D48: =IFERROR(('Table G'!$B$14+'Table G'!$B$15)/(1+'Table G'!$B$18)*IF(ABS(((1+$A48)/(1+'Table G'!$B$18))-1)<0.000000001,5,(1-((1+$A48)/(1+'Table G'!$B$18))^5)/(1-((1+$A48)/(1+'Table G'!$B$18))))+('Table G'!$B$14+'Table G'!$B$15)*(1+$A48)^(5-1)*(1+'Table G'!$B$26)/(('Table G'!$B$18-'Table G'!$B$26)*(1+'Table G'!$B$18)^5),"") -> 59976.272 | E48: =IFERROR(('Table G'!$B$14+'Table G'!$B$15)/(1+'Table G'!$B$18)*IF(ABS(((1+$A48)/(1+'Table G'!$B$18))-1)<0.000000001,10,(1-((1+$A48)/(1+'Table G'!$B$18))^10)/(1-((1+$A48)/(1+'Table G'!$B$18))))+('Table G'!$B$14+'Table G'!$B$15)*(1+$A48)^(10-1)*(1+'Table G'!$B$26)/(('Table G'!$B$18-'Table G'!$B$26)*(1+'Table G'!$B$18)^10),"") -> 47950.707 | F48: =IFERROR(('Table G'!$B$14+'Table G'!$B$15)/(1+'Table G'!$B$18)*IF(ABS(((1+$A48)/(1+'Table G'!$B$18))-1)<0.000000001,5,(1-((1+$A48)/(1+'Table G'!$B$18))^5)/(1-((1+$A48)/(1+'Table G'!$B$18))))+('Table G'!$B$14+'Table G'!$B$15)*(1+$A48)^(5-1)*(1+'Table G'!$B$27)/(('Table G'!$B$18-'Table G'!$B$27)*(1+'Table G'!$B$18)^5),"") -> 63908.19 | G48: =IFERROR(('Table G'!$B$14+'Table G'!$B$15)/(1+'Table G'!$B$18)*IF(ABS(((1+$A48)/(1+'Table G'!$B$18))-1)<0.000000001,10,(1-((1+$A48)/(1+'Table G'!$B$18))^10)/(1-((1+$A48)/(1+'Table G'!$B$18))))+('Table G'!$B$14+'Table G'!$B$15)*(1+$A48)^(10-1)*(1+'Table G'!$B$27)/(('Table G'!$B$18-'Table G'!$B$27)*(1+'Table G'!$B$18)^10),"") -> 49952.652
A49: =-0.1+45*$B$2 -> -0.055 | B49: =IFERROR(('Table G'!$B$14+'Table G'!$B$15)/(1+'Table G'!$B$18)*IF(ABS(((1+$A49)/(1+'Table G'!$B$18))-1)<0.000000001,5,(1-((1+$A49)/(1+'Table G'!$B$18))^5)/(1-((1+$A49)/(1+'Table G'!$B$18))))+('Table G'!$B$14+'Table G'!$B$15)*(1+$A49)^(5-1)*(1+'Table G'!$B$25)/(('Table G'!$B$18-'Table G'!$B$25)*(1+'Table G'!$B$18)^5),"") -> 56825.747 | C49: =IFERROR(('Table G'!$B$14+'Table G'!$B$15)/(1+'Table G'!$B$18)*IF(ABS(((1+$A49)/(1+'Table G'!$B$18))-1)<0.000000001,10,(1-((1+$A49)/(1+'Table G'!$B$18))^10)/(1-((1+$A49)/(1+'Table G'!$B$18))))+('Table G'!$B$14+'Table G'!$B$15)*(1+$A49)^(10-1)*(1+'Table G'!$B$25)/(('Table G'!$B$18-'Table G'!$B$25)*(1+'Table G'!$B$18)^10),"") -> 46532.165 | D49: =IFERROR(('Table G'!$B$14+'Table G'!$B$15)/(1+'Table G'!$B$18)*IF(ABS(((1+$A49)/(1+'Table G'!$B$18))-1)<0.000000001,5,(1-((1+$A49)/(1+'Table G'!$B$18))^5)/(1-((1+$A49)/(1+'Table G'!$B$18))))+('Table G'!$B$14+'Table G'!$B$15)*(1+$A49)^(5-1)*(1+'Table G'!$B$26)/(('Table G'!$B$18-'Table G'!$B$26)*(1+'Table G'!$B$18)^5),"") -> 60188.892 | E49: =IFERROR(('Table G'!$B$14+'Table G'!$B$15)/(1+'Table G'!$B$18)*IF(ABS(((1+$A49)/(1+'Table G'!$B$18))-1)<0.000000001,10,(1-((1+$A49)/(1+'Table G'!$B$18))^10)/(1-((1+$A49)/(1+'Table G'!$B$18))))+('Table G'!$B$14+'Table G'!$B$15)*(1+$A49)^(10-1)*(1+'Table G'!$B$26)/(('Table G'!$B$18-'Table G'!$B$26)*(1+'Table G'!$B$18)^10),"") -> 48253.607 | F49: =IFERROR(('Table G'!$B$14+'Table G'!$B$15)/(1+'Table G'!$B$18)*IF(ABS(((1+$A49)/(1+'Table G'!$B$18))-1)<0.000000001,5,(1-((1+$A49)/(1+'Table G'!$B$18))^5)/(1-((1+$A49)/(1+'Table G'!$B$18))))+('Table G'!$B$14+'Table G'!$B$15)*(1+$A49)^(5-1)*(1+'Table G'!$B$27)/(('Table G'!$B$18-'Table G'!$B$27)*(1+'Table G'!$B$18)^5),"") -> 64137.498 | G49: =IFERROR(('Table G'!$B$14+'Table G'!$B$15)/(1+'Table G'!$B$18)*IF(ABS(((1+$A49)/(1+'Table G'!$B$18))-1)<0.000000001,10,(1-((1+$A49)/(1+'Table G'!$B$18))^10)/(1-((1+$A49)/(1+'Table G'!$B$18))))+('Table G'!$B$14+'Table G'!$B$15)*(1+$A49)^(10-1)*(1+'Table G'!$B$27)/(('Table G'!$B$18-'Table G'!$B$27)*(1+'Table G'!$B$18)^10),"") -> 50274.719
A50: =-0.1+46*$B$2 -> -0.054 | B50: =IFERROR(('Table G'!$B$14+'Table G'!$B$15)/(1+'Table G'!$B$18)*IF(ABS(((1+$A50)/(1+'Table G'!$B$18))-1)<0.000000001,5,(1-((1+$A50)/(1+'Table G'!$B$18))^5)/(1-((1+$A50)/(1+'Table G'!$B$18))))+('Table G'!$B$14+'Table G'!$B$15)*(1+$A50)^(5-1)*(1+'Table G'!$B$25)/(('Table G'!$B$18-'Table G'!$B$25)*(1+'Table G'!$B$18)^5),"") -> 57024.746 | C50: =IFERROR(('Table G'!$B$14+'Table G'!$B$15)/(1+'Table G'!$B$18)*IF(ABS(((1+$A50)/(1+'Table G'!$B$18))-1)<0.000000001,10,(1-((1+$A50)/(1+'Table G'!$B$18))^10)/(1-((1+$A50)/(1+'Table G'!$B$18))))+('Table G'!$B$14+'Table G'!$B$15)*(1+$A50)^(10-1)*(1+'Table G'!$B$25)/(('Table G'!$B$18-'Table G'!$B$25)*(1+'Table G'!$B$18)^10),"") -> 46820.833 | D50: =IFERROR(('Table G'!$B$14+'Table G'!$B$15)/(1+'Table G'!$B$18)*IF(ABS(((1+$A50)/(1+'Table G'!$B$18))-1)<0.000000001,5,(1-((1+$A50)/(1+'Table G'!$B$18))^5)/(1-((1+$A50)/(1+'Table G'!$B$18))))+('Table G'!$B$14+'Table G'!$B$15)*(1+$A50)^(5-1)*(1+'Table G'!$B$26)/(('Table G'!$B$18-'Table G'!$B$26)*(1+'Table G'!$B$18)^5),"") -> 60402.15 | E50: =IFERROR(('Table G'!$B$14+'Table G'!$B$15)/(1+'Table G'!$B$18)*IF(ABS(((1+$A50)/(1+'Table G'!$B$18))-1)<0.000000001,10,(1-((1+$A50)/(1+'Table G'!$B$18))^10)/(1-((1+$A50)/(1+'Table G'!$B$18))))+('Table G'!$B$14+'Table G'!$B$15)*(1+$A50)^(10-1)*(1+'Table G'!$B$26)/(('Table G'!$B$18-'Table G'!$B$26)*(1+'Table G'!$B$18)^10),"") -> 48558.739 | F50: =IFERROR(('Table G'!$B$14+'Table G'!$B$15)/(1+'Table G'!$B$18)*IF(ABS(((1+$A50)/(1+'Table G'!$B$18))-1)<0.000000001,5,(1-((1+$A50)/(1+'Table G'!$B$18))^5)/(1-((1+$A50)/(1+'Table G'!$B$18))))+('Table G'!$B$14+'Table G'!$B$15)*(1+$A50)^(5-1)*(1+'Table G'!$B$27)/(('Table G'!$B$18-'Table G'!$B$27)*(1+'Table G'!$B$18)^5),"") -> 64367.495 | G50: =IFERROR(('Table G'!$B$14+'Table G'!$B$15)/(1+'Table G'!$B$18)*IF(ABS(((1+$A50)/(1+'Table G'!$B$18))-1)<0.000000001,10,(1-((1+$A50)/(1+'Table G'!$B$18))^10)/(1-((1+$A50)/(1+'Table G'!$B$18))))+('Table G'!$B$14+'Table G'!$B$15)*(1+$A50)^(10-1)*(1+'Table G'!$B$27)/(('Table G'!$B$18-'Table G'!$B$27)*(1+'Table G'!$B$18)^10),"") -> 50599.181
A51: =-0.1+47*$B$2 -> -0.053 | B51: =IFERROR(('Table G'!$B$14+'Table G'!$B$15)/(1+'Table G'!$B$18)*IF(ABS(((1+$A51)/(1+'Table G'!$B$18))-1)<0.000000001,5,(1-((1+$A51)/(1+'Table G'!$B$18))^5)/(1-((1+$A51)/(1+'Table G'!$B$18))))+('Table G'!$B$14+'Table G'!$B$15)*(1+$A51)^(5-1)*(1+'Table G'!$B$25)/(('Table G'!$B$18-'Table G'!$B$25)*(1+'Table G'!$B$18)^5),"") -> 57224.339 | C51: =IFERROR(('Table G'!$B$14+'Table G'!$B$15)/(1+'Table G'!$B$18)*IF(ABS(((1+$A51)/(1+'Table G'!$B$18))-1)<0.000000001,10,(1-((1+$A51)/(1+'Table G'!$B$18))^10)/(1-((1+$A51)/(1+'Table G'!$B$18))))+('Table G'!$B$14+'Table G'!$B$15)*(1+$A51)^(10-1)*(1+'Table G'!$B$25)/(('Table G'!$B$18-'Table G'!$B$25)*(1+'Table G'!$B$18)^10),"") -> 47111.609 | D51: =IFERROR(('Table G'!$B$14+'Table G'!$B$15)/(1+'Table G'!$B$18)*IF(ABS(((1+$A51)/(1+'Table G'!$B$18))-1)<0.000000001,5,(1-((1+$A51)/(1+'Table G'!$B$18))^5)/(1-((1+$A51)/(1+'Table G'!$B$18))))+('Table G'!$B$14+'Table G'!$B$15)*(1+$A51)^(5-1)*(1+'Table G'!$B$26)/(('Table G'!$B$18-'Table G'!$B$26)*(1+'Table G'!$B$18)^5),"") -> 60616.046 | E51: =IFERROR(('Table G'!$B$14+'Table G'!$B$15)/(1+'Table G'!$B$18)*IF(ABS(((1+$A51)/(1+'Table G'!$B$18))-1)<0.000000001,10,(1-((1+$A51)/(1+'Table G'!$B$18))^10)/(1-((1+$A51)/(1+'Table G'!$B$18))))+('Table G'!$B$14+'Table G'!$B$15)*(1+$A51)^(10-1)*(1+'Table G'!$B$26)/(('Table G'!$B$18-'Table G'!$B$26)*(1+'Table G'!$B$18)^10),"") -> 48866.119 | F51: =IFERROR(('Table G'!$B$14+'Table G'!$B$15)/(1+'Table G'!$B$18)*IF(ABS(((1+$A51)/(1+'Table G'!$B$18))-1)<0.000000001,5,(1-((1+$A51)/(1+'Table G'!$B$18))^5)/(1-((1+$A51)/(1+'Table G'!$B$18))))+('Table G'!$B$14+'Table G'!$B$15)*(1+$A51)^(5-1)*(1+'Table G'!$B$27)/(('Table G'!$B$18-'Table G'!$B$27)*(1+'Table G'!$B$18)^5),"") -> 64598.185 | G51: =IFERROR(('Table G'!$B$14+'Table G'!$B$15)/(1+'Table G'!$B$18)*IF(ABS(((1+$A51)/(1+'Table G'!$B$18))-1)<0.000000001,10,(1-((1+$A51)/(1+'Table G'!$B$18))^10)/(1-((1+$A51)/(1+'Table G'!$B$18))))+('Table G'!$B$14+'Table G'!$B$15)*(1+$A51)^(10-1)*(1+'Table G'!$B$27)/(('Table G'!$B$18-'Table G'!$B$27)*(1+'Table G'!$B$18)^10),"") -> 50926.056
A52: =-0.1+48*$B$2 -> -0.052 | B52: =IFERROR(('Table G'!$B$14+'Table G'!$B$15)/(1+'Table G'!$B$18)*IF(ABS(((1+$A52)/(1+'Table G'!$B$18))-1)<0.000000001,5,(1-((1+$A52)/(1+'Table G'!$B$18))^5)/(1-((1+$A52)/(1+'Table G'!$B$18))))+('Table G'!$B$14+'Table G'!$B$15)*(1+$A52)^(5-1)*(1+'Table G'!$B$25)/(('Table G'!$B$18-'Table G'!$B$25)*(1+'Table G'!$B$18)^5),"") -> 57424.526 | C52: =IFERROR(('Table G'!$B$14+'Table G'!$B$15)/(1+'Table G'!$B$18)*IF(ABS(((1+$A52)/(1+'Table G'!$B$18))-1)<0.000000001,10,(1-((1+$A52)/(1+'Table G'!$B$18))^10)/(1-((1+$A52)/(1+'Table G'!$B$18))))+('Table G'!$B$14+'Table G'!$B$15)*(1+$A52)^(10-1)*(1+'Table G'!$B$25)/(('Table G'!$B$18-'Table G'!$B$25)*(1+'Table G'!$B$18)^10),"") -> 47404.508 | D52: =IFERROR(('Table G'!$B$14+'Table G'!$B$15)/(1+'Table G'!$B$18)*IF(ABS(((1+$A52)/(1+'Table G'!$B$18))-1)<0.000000001,5,(1-((1+$A52)/(1+'Table G'!$B$18))^5)/(1-((1+$A52)/(1+'Table G'!$B$18))))+('Table G'!$B$14+'Table G'!$B$15)*(1+$A52)^(5-1)*(1+'Table G'!$B$26)/(('Table G'!$B$18-'Table G'!$B$26)*(1+'Table G'!$B$18)^5),"") -> 60830.582 | E52: =IFERROR(('Table G'!$B$14+'Table G'!$B$15)/(1+'Table G'!$B$18)*IF(ABS(((1+$A52)/(1+'Table G'!$B$18))-1)<0.000000001,10,(1-((1+$A52)/(1+'Table G'!$B$18))^10)/(1-((1+$A52)/(1+'Table G'!$B$18))))+('Table G'!$B$14+'Table G'!$B$15)*(1+$A52)^(10-1)*(1+'Table G'!$B$26)/(('Table G'!$B$18-'Table G'!$B$26)*(1+'Table G'!$B$18)^10),"") -> 49175.763 | F52: =IFERROR(('Table G'!$B$14+'Table G'!$B$15)/(1+'Table G'!$B$18)*IF(ABS(((1+$A52)/(1+'Table G'!$B$18))-1)<0.000000001,5,(1-((1+$A52)/(1+'Table G'!$B$18))^5)/(1-((1+$A52)/(1+'Table G'!$B$18))))+('Table G'!$B$14+'Table G'!$B$15)*(1+$A52)^(5-1)*(1+'Table G'!$B$27)/(('Table G'!$B$18-'Table G'!$B$27)*(1+'Table G'!$B$18)^5),"") -> 64829.567 | G52: =IFERROR(('Table G'!$B$14+'Table G'!$B$15)/(1+'Table G'!$B$18)*IF(ABS(((1+$A52)/(1+'Table G'!$B$18))-1)<0.000000001,10,(1-((1+$A52)/(1+'Table G'!$B$18))^10)/(1-((1+$A52)/(1+'Table G'!$B$18))))+('Table G'!$B$14+'Table G'!$B$15)*(1+$A52)^(10-1)*(1+'Table G'!$B$27)/(('Table G'!$B$18-'Table G'!$B$27)*(1+'Table G'!$B$18)^10),"") -> 51255.36
A53: =-0.1+49*$B$2 -> -0.051 | B53: =IFERROR(('Table G'!$B$14+'Table G'!$B$15)/(1+'Table G'!$B$18)*IF(ABS(((1+$A53)/(1+'Table G'!$B$18))-1)<0.000000001,5,(1-((1+$A53)/(1+'Table G'!$B$18))^5)/(1-((1+$A53)/(1+'Table G'!$B$18))))+('Table G'!$B$14+'Table G'!$B$15)*(1+$A53)^(5-1)*(1+'Table G'!$B$25)/(('Table G'!$B$18-'Table G'!$B$25)*(1+'Table G'!$B$18)^5),"") -> 57625.309 | C53: =IFERROR(('Table G'!$B$14+'Table G'!$B$15)/(1+'Table G'!$B$18)*IF(ABS(((1+$A53)/(1+'Table G'!$B$18))-1)<0.000000001,10,(1-((1+$A53)/(1+'Table G'!$B$18))^10)/(1-((1+$A53)/(1+'Table G'!$B$18))))+('Table G'!$B$14+'Table G'!$B$15)*(1+$A53)^(10-1)*(1+'Table G'!$B$25)/(('Table G'!$B$18-'Table G'!$B$25)*(1+'Table G'!$B$18)^10),"") -> 47699.545 | D53: =IFERROR(('Table G'!$B$14+'Table G'!$B$15)/(1+'Table G'!$B$18)*IF(ABS(((1+$A53)/(1+'Table G'!$B$18))-1)<0.000000001,5,(1-((1+$A53)/(1+'Table G'!$B$18))^5)/(1-((1+$A53)/(1+'Table G'!$B$18))))+('Table G'!$B$14+'Table G'!$B$15)*(1+$A53)^(5-1)*(1+'Table G'!$B$26)/(('Table G'!$B$18-'Table G'!$B$26)*(1+'Table G'!$B$18)^5),"") -> 61045.759 | E53: =IFERROR(('Table G'!$B$14+'Table G'!$B$15)/(1+'Table G'!$B$18)*IF(ABS(((1+$A53)/(1+'Table G'!$B$18))-1)<0.000000001,10,(1-((1+$A53)/(1+'Table G'!$B$18))^10)/(1-((1+$A53)/(1+'Table G'!$B$18))))+('Table G'!$B$14+'Table G'!$B$15)*(1+$A53)^(10-1)*(1+'Table G'!$B$26)/(('Table G'!$B$18-'Table G'!$B$26)*(1+'Table G'!$B$18)^10),"") -> 49487.687 | F53: =IFERROR(('Table G'!$B$14+'Table G'!$B$15)/(1+'Table G'!$B$18)*IF(ABS(((1+$A53)/(1+'Table G'!$B$18))-1)<0.000000001,5,(1-((1+$A53)/(1+'Table G'!$B$18))^5)/(1-((1+$A53)/(1+'Table G'!$B$18))))+('Table G'!$B$14+'Table G'!$B$15)*(1+$A53)^(5-1)*(1+'Table G'!$B$27)/(('Table G'!$B$18-'Table G'!$B$27)*(1+'Table G'!$B$18)^5),"") -> 65061.645 | G53: =IFERROR(('Table G'!$B$14+'Table G'!$B$15)/(1+'Table G'!$B$18)*IF(ABS(((1+$A53)/(1+'Table G'!$B$18))-1)<0.000000001,10,(1-((1+$A53)/(1+'Table G'!$B$18))^10)/(1-((1+$A53)/(1+'Table G'!$B$18))))+('Table G'!$B$14+'Table G'!$B$15)*(1+$A53)^(10-1)*(1+'Table G'!$B$27)/(('Table G'!$B$18-'Table G'!$B$27)*(1+'Table G'!$B$18)^10),"") -> 51587.11
A54: =-0.1+50*$B$2 -> -0.05 | B54: =IFERROR(('Table G'!$B$14+'Table G'!$B$15)/(1+'Table G'!$B$18)*IF(ABS(((1+$A54)/(1+'Table G'!$B$18))-1)<0.000000001,5,(1-((1+$A54)/(1+'Table G'!$B$18))^5)/(1-((1+$A54)/(1+'Table G'!$B$18))))+('Table G'!$B$14+'Table G'!$B$15)*(1+$A54)^(5-1)*(1+'Table G'!$B$25)/(('Table G'!$B$18-'Table G'!$B$25)*(1+'Table G'!$B$18)^5),"") -> 57826.689 | C54: =IFERROR(('Table G'!$B$14+'Table G'!$B$15)/(1+'Table G'!$B$18)*IF(ABS(((1+$A54)/(1+'Table G'!$B$18))-1)<0.000000001,10,(1-((1+$A54)/(1+'Table G'!$B$18))^10)/(1-((1+$A54)/(1+'Table G'!$B$18))))+('Table G'!$B$14+'Table G'!$B$15)*(1+$A54)^(10-1)*(1+'Table G'!$B$25)/(('Table G'!$B$18-'Table G'!$B$25)*(1+'Table G'!$B$18)^10),"") -> 47996.734 | D54: =IFERROR(('Table G'!$B$14+'Table G'!$B$15)/(1+'Table G'!$B$18)*IF(ABS(((1+$A54)/(1+'Table G'!$B$18))-1)<0.000000001,5,(1-((1+$A54)/(1+'Table G'!$B$18))^5)/(1-((1+$A54)/(1+'Table G'!$B$18))))+('Table G'!$B$14+'Table G'!$B$15)*(1+$A54)^(5-1)*(1+'Table G'!$B$26)/(('Table G'!$B$18-'Table G'!$B$26)*(1+'Table G'!$B$18)^5),"") -> 61261.579 | E54: =IFERROR(('Table G'!$B$14+'Table G'!$B$15)/(1+'Table G'!$B$18)*IF(ABS(((1+$A54)/(1+'Table G'!$B$18))-1)<0.000000001,10,(1-((1+$A54)/(1+'Table G'!$B$18))^10)/(1-((1+$A54)/(1+'Table G'!$B$18))))+('Table G'!$B$14+'Table G'!$B$15)*(1+$A54)^(10-1)*(1+'Table G'!$B$26)/(('Table G'!$B$18-'Table G'!$B$26)*(1+'Table G'!$B$18)^10),"") -> 49801.906 | F54: =IFERROR(('Table G'!$B$14+'Table G'!$B$15)/(1+'Table G'!$B$18)*IF(ABS(((1+$A54)/(1+'Table G'!$B$18))-1)<0.000000001,5,(1-((1+$A54)/(1+'Table G'!$B$18))^5)/(1-((1+$A54)/(1+'Table G'!$B$18))))+('Table G'!$B$14+'Table G'!$B$15)*(1+$A54)^(5-1)*(1+'Table G'!$B$27)/(('Table G'!$B$18-'Table G'!$B$27)*(1+'Table G'!$B$18)^5),"") -> 65294.419 | G54: =IFERROR(('Table G'!$B$14+'Table G'!$B$15)/(1+'Table G'!$B$18)*IF(ABS(((1+$A54)/(1+'Table G'!$B$18))-1)<0.000000001,10,(1-((1+$A54)/(1+'Table G'!$B$18))^10)/(1-((1+$A54)/(1+'Table G'!$B$18))))+('Table G'!$B$14+'Table G'!$B$15)*(1+$A54)^(10-1)*(1+'Table G'!$B$27)/(('Table G'!$B$18-'Table G'!$B$27)*(1+'Table G'!$B$18)^10),"") -> 51921.323
A55: =-0.1+51*$B$2 -> -0.049 | B55: =IFERROR(('Table G'!$B$14+'Table G'!$B$15)/(1+'Table G'!$B$18)*IF(ABS(((1+$A55)/(1+'Table G'!$B$18))-1)<0.000000001,5,(1-((1+$A55)/(1+'Table G'!$B$18))^5)/(1-((1+$A55)/(1+'Table G'!$B$18))))+('Table G'!$B$14+'Table G'!$B$15)*(1+$A55)^(5-1)*(1+'Table G'!$B$25)/(('Table G'!$B$18-'Table G'!$B$25)*(1+'Table G'!$B$18)^5),"") -> 58028.668 | C55: =IFERROR(('Table G'!$B$14+'Table G'!$B$15)/(1+'Table G'!$B$18)*IF(ABS(((1+$A55)/(1+'Table G'!$B$18))-1)<0.000000001,10,(1-((1+$A55)/(1+'Table G'!$B$18))^10)/(1-((1+$A55)/(1+'Table G'!$B$18))))+('Table G'!$B$14+'Table G'!$B$15)*(1+$A55)^(10-1)*(1+'Table G'!$B$25)/(('Table G'!$B$18-'Table G'!$B$25)*(1+'Table G'!$B$18)^10),"") -> 48296.09 | D55: =IFERROR(('Table G'!$B$14+'Table G'!$B$15)/(1+'Table G'!$B$18)*IF(ABS(((1+$A55)/(1+'Table G'!$B$18))-1)<0.000000001,5,(1-((1+$A55)/(1+'Table G'!$B$18))^5)/(1-((1+$A55)/(1+'Table G'!$B$18))))+('Table G'!$B$14+'Table G'!$B$15)*(1+$A55)^(5-1)*(1+'Table G'!$B$26)/(('Table G'!$B$18-'Table G'!$B$26)*(1+'Table G'!$B$18)^5),"") -> 61478.044 | E55: =IFERROR(('Table G'!$B$14+'Table G'!$B$15)/(1+'Table G'!$B$18)*IF(ABS(((1+$A55)/(1+'Table G'!$B$18))-1)<0.000000001,10,(1-((1+$A55)/(1+'Table G'!$B$18))^10)/(1-((1+$A55)/(1+'Table G'!$B$18))))+('Table G'!$B$14+'Table G'!$B$15)*(1+$A55)^(10-1)*(1+'Table G'!$B$26)/(('Table G'!$B$18-'Table G'!$B$26)*(1+'Table G'!$B$18)^10),"") -> 50118.436 | F55: =IFERROR(('Table G'!$B$14+'Table G'!$B$15)/(1+'Table G'!$B$18)*IF(ABS(((1+$A55)/(1+'Table G'!$B$18))-1)<0.000000001,5,(1-((1+$A55)/(1+'Table G'!$B$18))^5)/(1-((1+$A55)/(1+'Table G'!$B$18))))+('Table G'!$B$14+'Table G'!$B$15)*(1+$A55)^(5-1)*(1+'Table G'!$B$27)/(('Table G'!$B$18-'Table G'!$B$27)*(1+'Table G'!$B$18)^5),"") -> 65527.89 | G55: =IFERROR(('Table G'!$B$14+'Table G'!$B$15)/(1+'Table G'!$B$18)*IF(ABS(((1+$A55)/(1+'Table G'!$B$18))-1)<0.000000001,10,(1-((1+$A55)/(1+'Table G'!$B$18))^10)/(1-((1+$A55)/(1+'Table G'!$B$18))))+('Table G'!$B$14+'Table G'!$B$15)*(1+$A55)^(10-1)*(1+'Table G'!$B$27)/(('Table G'!$B$18-'Table G'!$B$27)*(1+'Table G'!$B$18)^10),"") -> 52258.017
A56: =-0.1+52*$B$2 -> -0.048 | B56: =IFERROR(('Table G'!$B$14+'Table G'!$B$15)/(1+'Table G'!$B$18)*IF(ABS(((1+$A56)/(1+'Table G'!$B$18))-1)<0.000000001,5,(1-((1+$A56)/(1+'Table G'!$B$18))^5)/(1-((1+$A56)/(1+'Table G'!$B$18))))+('Table G'!$B$14+'Table G'!$B$15)*(1+$A56)^(5-1)*(1+'Table G'!$B$25)/(('Table G'!$B$18-'Table G'!$B$25)*(1+'Table G'!$B$18)^5),"") -> 58231.246 | C56: =IFERROR(('Table G'!$B$14+'Table G'!$B$15)/(1+'Table G'!$B$18)*IF(ABS(((1+$A56)/(1+'Table G'!$B$18))-1)<0.000000001,10,(1-((1+$A56)/(1+'Table G'!$B$18))^10)/(1-((1+$A56)/(1+'Table G'!$B$18))))+('Table G'!$B$14+'Table G'!$B$15)*(1+$A56)^(10-1)*(1+'Table G'!$B$25)/(('Table G'!$B$18-'Table G'!$B$25)*(1+'Table G'!$B$18)^10),"") -> 48597.628 | D56: =IFERROR(('Table G'!$B$14+'Table G'!$B$15)/(1+'Table G'!$B$18)*IF(ABS(((1+$A56)/(1+'Table G'!$B$18))-1)<0.000000001,5,(1-((1+$A56)/(1+'Table G'!$B$18))^5)/(1-((1+$A56)/(1+'Table G'!$B$18))))+('Table G'!$B$14+'Table G'!$B$15)*(1+$A56)^(5-1)*(1+'Table G'!$B$26)/(('Table G'!$B$18-'Table G'!$B$26)*(1+'Table G'!$B$18)^5),"") -> 61695.153 | E56: =IFERROR(('Table G'!$B$14+'Table G'!$B$15)/(1+'Table G'!$B$18)*IF(ABS(((1+$A56)/(1+'Table G'!$B$18))-1)<0.000000001,10,(1-((1+$A56)/(1+'Table G'!$B$18))^10)/(1-((1+$A56)/(1+'Table G'!$B$18))))+('Table G'!$B$14+'Table G'!$B$15)*(1+$A56)^(10-1)*(1+'Table G'!$B$26)/(('Table G'!$B$18-'Table G'!$B$26)*(1+'Table G'!$B$18)^10),"") -> 50437.293 | F56: =IFERROR(('Table G'!$B$14+'Table G'!$B$15)/(1+'Table G'!$B$18)*IF(ABS(((1+$A56)/(1+'Table G'!$B$18))-1)<0.000000001,5,(1-((1+$A56)/(1+'Table G'!$B$18))^5)/(1-((1+$A56)/(1+'Table G'!$B$18))))+('Table G'!$B$14+'Table G'!$B$15)*(1+$A56)^(5-1)*(1+'Table G'!$B$27)/(('Table G'!$B$18-'Table G'!$B$27)*(1+'Table G'!$B$18)^5),"") -> 65762.06 | G56: =IFERROR(('Table G'!$B$14+'Table G'!$B$15)/(1+'Table G'!$B$18)*IF(ABS(((1+$A56)/(1+'Table G'!$B$18))-1)<0.000000001,10,(1-((1+$A56)/(1+'Table G'!$B$18))^10)/(1-((1+$A56)/(1+'Table G'!$B$18))))+('Table G'!$B$14+'Table G'!$B$15)*(1+$A56)^(10-1)*(1+'Table G'!$B$27)/(('Table G'!$B$18-'Table G'!$B$27)*(1+'Table G'!$B$18)^10),"") -> 52597.208
A57: =-0.1+53*$B$2 -> -0.047 | B57: =IFERROR(('Table G'!$B$14+'Table G'!$B$15)/(1+'Table G'!$B$18)*IF(ABS(((1+$A57)/(1+'Table G'!$B$18))-1)<0.000000001,5,(1-((1+$A57)/(1+'Table G'!$B$18))^5)/(1-((1+$A57)/(1+'Table G'!$B$18))))+('Table G'!$B$14+'Table G'!$B$15)*(1+$A57)^(5-1)*(1+'Table G'!$B$25)/(('Table G'!$B$18-'Table G'!$B$25)*(1+'Table G'!$B$18)^5),"") -> 58434.425 | C57: =IFERROR(('Table G'!$B$14+'Table G'!$B$15)/(1+'Table G'!$B$18)*IF(ABS(((1+$A57)/(1+'Table G'!$B$18))-1)<0.000000001,10,(1-((1+$A57)/(1+'Table G'!$B$18))^10)/(1-((1+$A57)/(1+'Table G'!$B$18))))+('Table G'!$B$14+'Table G'!$B$15)*(1+$A57)^(10-1)*(1+'Table G'!$B$25)/(('Table G'!$B$18-'Table G'!$B$25)*(1+'Table G'!$B$18)^10),"") -> 48901.364 | D57: =IFERROR(('Table G'!$B$14+'Table G'!$B$15)/(1+'Table G'!$B$18)*IF(ABS(((1+$A57)/(1+'Table G'!$B$18))-1)<0.000000001,5,(1-((1+$A57)/(1+'Table G'!$B$18))^5)/(1-((1+$A57)/(1+'Table G'!$B$18))))+('Table G'!$B$14+'Table G'!$B$15)*(1+$A57)^(5-1)*(1+'Table G'!$B$26)/(('Table G'!$B$18-'Table G'!$B$26)*(1+'Table G'!$B$18)^5),"") -> 61912.909 | E57: =IFERROR(('Table G'!$B$14+'Table G'!$B$15)/(1+'Table G'!$B$18)*IF(ABS(((1+$A57)/(1+'Table G'!$B$18))-1)<0.000000001,10,(1-((1+$A57)/(1+'Table G'!$B$18))^10)/(1-((1+$A57)/(1+'Table G'!$B$18))))+('Table G'!$B$14+'Table G'!$B$15)*(1+$A57)^(10-1)*(1+'Table G'!$B$26)/(('Table G'!$B$18-'Table G'!$B$26)*(1+'Table G'!$B$18)^10),"") -> 50758.493 | F57: =IFERROR(('Table G'!$B$14+'Table G'!$B$15)/(1+'Table G'!$B$18)*IF(ABS(((1+$A57)/(1+'Table G'!$B$18))-1)<0.000000001,5,(1-((1+$A57)/(1+'Table G'!$B$18))^5)/(1-((1+$A57)/(1+'Table G'!$B$18))))+('Table G'!$B$14+'Table G'!$B$15)*(1+$A57)^(5-1)*(1+'Table G'!$B$27)/(('Table G'!$B$18-'Table G'!$B$27)*(1+'Table G'!$B$18)^5),"") -> 65996.931 | G57: =IFERROR(('Table G'!$B$14+'Table G'!$B$15)/(1+'Table G'!$B$18)*IF(ABS(((1+$A57)/(1+'Table G'!$B$18))-1)<0.000000001,10,(1-((1+$A57)/(1+'Table G'!$B$18))^10)/(1-((1+$A57)/(1+'Table G'!$B$18))))+('Table G'!$B$14+'Table G'!$B$15)*(1+$A57)^(10-1)*(1+'Table G'!$B$27)/(('Table G'!$B$18-'Table G'!$B$27)*(1+'Table G'!$B$18)^10),"") -> 52938.913
A58: =-0.1+54*$B$2 -> -0.046 | B58: =IFERROR(('Table G'!$B$14+'Table G'!$B$15)/(1+'Table G'!$B$18)*IF(ABS(((1+$A58)/(1+'Table G'!$B$18))-1)<0.000000001,5,(1-((1+$A58)/(1+'Table G'!$B$18))^5)/(1-((1+$A58)/(1+'Table G'!$B$18))))+('Table G'!$B$14+'Table G'!$B$15)*(1+$A58)^(5-1)*(1+'Table G'!$B$25)/(('Table G'!$B$18-'Table G'!$B$25)*(1+'Table G'!$B$18)^5),"") -> 58638.206 | C58: =IFERROR(('Table G'!$B$14+'Table G'!$B$15)/(1+'Table G'!$B$18)*IF(ABS(((1+$A58)/(1+'Table G'!$B$18))-1)<0.000000001,10,(1-((1+$A58)/(1+'Table G'!$B$18))^10)/(1-((1+$A58)/(1+'Table G'!$B$18))))+('Table G'!$B$14+'Table G'!$B$15)*(1+$A58)^(10-1)*(1+'Table G'!$B$25)/(('Table G'!$B$18-'Table G'!$B$25)*(1+'Table G'!$B$18)^10),"") -> 49207.311 | D58: =IFERROR(('Table G'!$B$14+'Table G'!$B$15)/(1+'Table G'!$B$18)*IF(ABS(((1+$A58)/(1+'Table G'!$B$18))-1)<0.000000001,5,(1-((1+$A58)/(1+'Table G'!$B$18))^5)/(1-((1+$A58)/(1+'Table G'!$B$18))))+('Table G'!$B$14+'Table G'!$B$15)*(1+$A58)^(5-1)*(1+'Table G'!$B$26)/(('Table G'!$B$18-'Table G'!$B$26)*(1+'Table G'!$B$18)^5),"") -> 62131.313 | E58: =IFERROR(('Table G'!$B$14+'Table G'!$B$15)/(1+'Table G'!$B$18)*IF(ABS(((1+$A58)/(1+'Table G'!$B$18))-1)<0.000000001,10,(1-((1+$A58)/(1+'Table G'!$B$18))^10)/(1-((1+$A58)/(1+'Table G'!$B$18))))+('Table G'!$B$14+'Table G'!$B$15)*(1+$A58)^(10-1)*(1+'Table G'!$B$26)/(('Table G'!$B$18-'Table G'!$B$26)*(1+'Table G'!$B$18)^10),"") -> 51082.053 | F58: =IFERROR(('Table G'!$B$14+'Table G'!$B$15)/(1+'Table G'!$B$18)*IF(ABS(((1+$A58)/(1+'Table G'!$B$18))-1)<0.000000001,5,(1-((1+$A58)/(1+'Table G'!$B$18))^5)/(1-((1+$A58)/(1+'Table G'!$B$18))))+('Table G'!$B$14+'Table G'!$B$15)*(1+$A58)^(5-1)*(1+'Table G'!$B$27)/(('Table G'!$B$18-'Table G'!$B$27)*(1+'Table G'!$B$18)^5),"") -> 66232.504 | G58: =IFERROR(('Table G'!$B$14+'Table G'!$B$15)/(1+'Table G'!$B$18)*IF(ABS(((1+$A58)/(1+'Table G'!$B$18))-1)<0.000000001,10,(1-((1+$A58)/(1+'Table G'!$B$18))^10)/(1-((1+$A58)/(1+'Table G'!$B$18))))+('Table G'!$B$14+'Table G'!$B$15)*(1+$A58)^(10-1)*(1+'Table G'!$B$27)/(('Table G'!$B$18-'Table G'!$B$27)*(1+'Table G'!$B$18)^10),"") -> 53283.151
A59: =-0.1+55*$B$2 -> -0.045 | B59: =IFERROR(('Table G'!$B$14+'Table G'!$B$15)/(1+'Table G'!$B$18)*IF(ABS(((1+$A59)/(1+'Table G'!$B$18))-1)<0.000000001,5,(1-((1+$A59)/(1+'Table G'!$B$18))^5)/(1-((1+$A59)/(1+'Table G'!$B$18))))+('Table G'!$B$14+'Table G'!$B$15)*(1+$A59)^(5-1)*(1+'Table G'!$B$25)/(('Table G'!$B$18-'Table G'!$B$25)*(1+'Table G'!$B$18)^5),"") -> 58842.59 | C59: =IFERROR(('Table G'!$B$14+'Table G'!$B$15)/(1+'Table G'!$B$18)*IF(ABS(((1+$A59)/(1+'Table G'!$B$18))-1)<0.000000001,10,(1-((1+$A59)/(1+'Table G'!$B$18))^10)/(1-((1+$A59)/(1+'Table G'!$B$18))))+('Table G'!$B$14+'Table G'!$B$15)*(1+$A59)^(10-1)*(1+'Table G'!$B$25)/(('Table G'!$B$18-'Table G'!$B$25)*(1+'Table G'!$B$18)^10),"") -> 49515.486 | D59: =IFERROR(('Table G'!$B$14+'Table G'!$B$15)/(1+'Table G'!$B$18)*IF(ABS(((1+$A59)/(1+'Table G'!$B$18))-1)<0.000000001,5,(1-((1+$A59)/(1+'Table G'!$B$18))^5)/(1-((1+$A59)/(1+'Table G'!$B$18))))+('Table G'!$B$14+'Table G'!$B$15)*(1+$A59)^(5-1)*(1+'Table G'!$B$26)/(('Table G'!$B$18-'Table G'!$B$26)*(1+'Table G'!$B$18)^5),"") -> 62350.366 | E59: =IFERROR(('Table G'!$B$14+'Table G'!$B$15)/(1+'Table G'!$B$18)*IF(ABS(((1+$A59)/(1+'Table G'!$B$18))-1)<0.000000001,10,(1-((1+$A59)/(1+'Table G'!$B$18))^10)/(1-((1+$A59)/(1+'Table G'!$B$18))))+('Table G'!$B$14+'Table G'!$B$15)*(1+$A59)^(10-1)*(1+'Table G'!$B$26)/(('Table G'!$B$18-'Table G'!$B$26)*(1+'Table G'!$B$18)^10),"") -> 51407.988 | F59: =IFERROR(('Table G'!$B$14+'Table G'!$B$15)/(1+'Table G'!$B$18)*IF(ABS(((1+$A59)/(1+'Table G'!$B$18))-1)<0.000000001,5,(1-((1+$A59)/(1+'Table G'!$B$18))^5)/(1-((1+$A59)/(1+'Table G'!$B$18))))+('Table G'!$B$14+'Table G'!$B$15)*(1+$A59)^(5-1)*(1+'Table G'!$B$27)/(('Table G'!$B$18-'Table G'!$B$27)*(1+'Table G'!$B$18)^5),"") -> 66468.78 | G59: =IFERROR(('Table G'!$B$14+'Table G'!$B$15)/(1+'Table G'!$B$18)*IF(ABS(((1+$A59)/(1+'Table G'!$B$18))-1)<0.000000001,10,(1-((1+$A59)/(1+'Table G'!$B$18))^10)/(1-((1+$A59)/(1+'Table G'!$B$18))))+('Table G'!$B$14+'Table G'!$B$15)*(1+$A59)^(10-1)*(1+'Table G'!$B$27)/(('Table G'!$B$18-'Table G'!$B$27)*(1+'Table G'!$B$18)^10),"") -> 53629.939
A60: =-0.1+56*$B$2 -> -0.044 | B60: =IFERROR(('Table G'!$B$14+'Table G'!$B$15)/(1+'Table G'!$B$18)*IF(ABS(((1+$A60)/(1+'Table G'!$B$18))-1)<0.000000001,5,(1-((1+$A60)/(1+'Table G'!$B$18))^5)/(1-((1+$A60)/(1+'Table G'!$B$18))))+('Table G'!$B$14+'Table G'!$B$15)*(1+$A60)^(5-1)*(1+'Table G'!$B$25)/(('Table G'!$B$18-'Table G'!$B$25)*(1+'Table G'!$B$18)^5),"") -> 59047.578 | C60: =IFERROR(('Table G'!$B$14+'Table G'!$B$15)/(1+'Table G'!$B$18)*IF(ABS(((1+$A60)/(1+'Table G'!$B$18))-1)<0.000000001,10,(1-((1+$A60)/(1+'Table G'!$B$18))^10)/(1-((1+$A60)/(1+'Table G'!$B$18))))+('Table G'!$B$14+'Table G'!$B$15)*(1+$A60)^(10-1)*(1+'Table G'!$B$25)/(('Table G'!$B$18-'Table G'!$B$25)*(1+'Table G'!$B$18)^10),"") -> 49825.903 | D60: =IFERROR(('Table G'!$B$14+'Table G'!$B$15)/(1+'Table G'!$B$18)*IF(ABS(((1+$A60)/(1+'Table G'!$B$18))-1)<0.000000001,5,(1-((1+$A60)/(1+'Table G'!$B$18))^5)/(1-((1+$A60)/(1+'Table G'!$B$18))))+('Table G'!$B$14+'Table G'!$B$15)*(1+$A60)^(5-1)*(1+'Table G'!$B$26)/(('Table G'!$B$18-'Table G'!$B$26)*(1+'Table G'!$B$18)^5),"") -> 62570.07 | E60: =IFERROR(('Table G'!$B$14+'Table G'!$B$15)/(1+'Table G'!$B$18)*IF(ABS(((1+$A60)/(1+'Table G'!$B$18))-1)<0.000000001,10,(1-((1+$A60)/(1+'Table G'!$B$18))^10)/(1-((1+$A60)/(1+'Table G'!$B$18))))+('Table G'!$B$14+'Table G'!$B$15)*(1+$A60)^(10-1)*(1+'Table G'!$B$26)/(('Table G'!$B$18-'Table G'!$B$26)*(1+'Table G'!$B$18)^10),"") -> 51736.315 | F60: =IFERROR(('Table G'!$B$14+'Table G'!$B$15)/(1+'Table G'!$B$18)*IF(ABS(((1+$A60)/(1+'Table G'!$B$18))-1)<0.000000001,5,(1-((1+$A60)/(1+'Table G'!$B$18))^5)/(1-((1+$A60)/(1+'Table G'!$B$18))))+('Table G'!$B$14+'Table G'!$B$15)*(1+$A60)^(5-1)*(1+'Table G'!$B$27)/(('Table G'!$B$18-'Table G'!$B$27)*(1+'Table G'!$B$18)^5),"") -> 66705.761 | G60: =IFERROR(('Table G'!$B$14+'Table G'!$B$15)/(1+'Table G'!$B$18)*IF(ABS(((1+$A60)/(1+'Table G'!$B$18))-1)<0.000000001,10,(1-((1+$A60)/(1+'Table G'!$B$18))^10)/(1-((1+$A60)/(1+'Table G'!$B$18))))+('Table G'!$B$14+'Table G'!$B$15)*(1+$A60)^(10-1)*(1+'Table G'!$B$27)/(('Table G'!$B$18-'Table G'!$B$27)*(1+'Table G'!$B$18)^10),"") -> 53979.294
A61: =-0.1+57*$B$2 -> -0.043 | B61: =IFERROR(('Table G'!$B$14+'Table G'!$B$15)/(1+'Table G'!$B$18)*IF(ABS(((1+$A61)/(1+'Table G'!$B$18))-1)<0.000000001,5,(1-((1+$A61)/(1+'Table G'!$B$18))^5)/(1-((1+$A61)/(1+'Table G'!$B$18))))+('Table G'!$B$14+'Table G'!$B$15)*(1+$A61)^(5-1)*(1+'Table G'!$B$25)/(('Table G'!$B$18-'Table G'!$B$25)*(1+'Table G'!$B$18)^5),"") -> 59253.172 | C61: =IFERROR(('Table G'!$B$14+'Table G'!$B$15)/(1+'Table G'!$B$18)*IF(ABS(((1+$A61)/(1+'Table G'!$B$18))-1)<0.000000001,10,(1-((1+$A61)/(1+'Table G'!$B$18))^10)/(1-((1+$A61)/(1+'Table G'!$B$18))))+('Table G'!$B$14+'Table G'!$B$15)*(1+$A61)^(10-1)*(1+'Table G'!$B$25)/(('Table G'!$B$18-'Table G'!$B$25)*(1+'Table G'!$B$18)^10),"") -> 50138.579 | D61: =IFERROR(('Table G'!$B$14+'Table G'!$B$15)/(1+'Table G'!$B$18)*IF(ABS(((1+$A61)/(1+'Table G'!$B$18))-1)<0.000000001,5,(1-((1+$A61)/(1+'Table G'!$B$18))^5)/(1-((1+$A61)/(1+'Table G'!$B$18))))+('Table G'!$B$14+'Table G'!$B$15)*(1+$A61)^(5-1)*(1+'Table G'!$B$26)/(('Table G'!$B$18-'Table G'!$B$26)*(1+'Table G'!$B$18)^5),"") -> 62790.426 | E61: =IFERROR(('Table G'!$B$14+'Table G'!$B$15)/(1+'Table G'!$B$18)*IF(ABS(((1+$A61)/(1+'Table G'!$B$18))-1)<0.000000001,10,(1-((1+$A61)/(1+'Table G'!$B$18))^10)/(1-((1+$A61)/(1+'Table G'!$B$18))))+('Table G'!$B$14+'Table G'!$B$15)*(1+$A61)^(10-1)*(1+'Table G'!$B$26)/(('Table G'!$B$18-'Table G'!$B$26)*(1+'Table G'!$B$18)^10),"") -> 52067.051 | F61: =IFERROR(('Table G'!$B$14+'Table G'!$B$15)/(1+'Table G'!$B$18)*IF(ABS(((1+$A61)/(1+'Table G'!$B$18))-1)<0.000000001,5,(1-((1+$A61)/(1+'Table G'!$B$18))^5)/(1-((1+$A61)/(1+'Table G'!$B$18))))+('Table G'!$B$14+'Table G'!$B$15)*(1+$A61)^(5-1)*(1+'Table G'!$B$27)/(('Table G'!$B$18-'Table G'!$B$27)*(1+'Table G'!$B$18)^5),"") -> 66943.448 | G61: =IFERROR(('Table G'!$B$14+'Table G'!$B$15)/(1+'Table G'!$B$18)*IF(ABS(((1+$A61)/(1+'Table G'!$B$18))-1)<0.000000001,10,(1-((1+$A61)/(1+'Table G'!$B$18))^10)/(1-((1+$A61)/(1+'Table G'!$B$18))))+('Table G'!$B$14+'Table G'!$B$15)*(1+$A61)^(10-1)*(1+'Table G'!$B$27)/(('Table G'!$B$18-'Table G'!$B$27)*(1+'Table G'!$B$18)^10),"") -> 54331.235
A62: =-0.1+58*$B$2 -> -0.042 | B62: =IFERROR(('Table G'!$B$14+'Table G'!$B$15)/(1+'Table G'!$B$18)*IF(ABS(((1+$A62)/(1+'Table G'!$B$18))-1)<0.000000001,5,(1-((1+$A62)/(1+'Table G'!$B$18))^5)/(1-((1+$A62)/(1+'Table G'!$B$18))))+('Table G'!$B$14+'Table G'!$B$15)*(1+$A62)^(5-1)*(1+'Table G'!$B$25)/(('Table G'!$B$18-'Table G'!$B$25)*(1+'Table G'!$B$18)^5),"") -> 59459.373 | C62: =IFERROR(('Table G'!$B$14+'Table G'!$B$15)/(1+'Table G'!$B$18)*IF(ABS(((1+$A62)/(1+'Table G'!$B$18))-1)<0.000000001,10,(1-((1+$A62)/(1+'Table G'!$B$18))^10)/(1-((1+$A62)/(1+'Table G'!$B$18))))+('Table G'!$B$14+'Table G'!$B$15)*(1+$A62)^(10-1)*(1+'Table G'!$B$25)/(('Table G'!$B$18-'Table G'!$B$25)*(1+'Table G'!$B$18)^10),"") -> 50453.528 | D62: =IFERROR(('Table G'!$B$14+'Table G'!$B$15)/(1+'Table G'!$B$18)*IF(ABS(((1+$A62)/(1+'Table G'!$B$18))-1)<0.000000001,5,(1-((1+$A62)/(1+'Table G'!$B$18))^5)/(1-((1+$A62)/(1+'Table G'!$B$18))))+('Table G'!$B$14+'Table G'!$B$15)*(1+$A62)^(5-1)*(1+'Table G'!$B$26)/(('Table G'!$B$18-'Table G'!$B$26)*(1+'Table G'!$B$18)^5),"") -> 63011.435 | E62: =IFERROR(('Table G'!$B$14+'Table G'!$B$15)/(1+'Table G'!$B$18)*IF(ABS(((1+$A62)/(1+'Table G'!$B$18))-1)<0.000000001,10,(1-((1+$A62)/(1+'Table G'!$B$18))^10)/(1-((1+$A62)/(1+'Table G'!$B$18))))+('Table G'!$B$14+'Table G'!$B$15)*(1+$A62)^(10-1)*(1+'Table G'!$B$26)/(('Table G'!$B$18-'Table G'!$B$26)*(1+'Table G'!$B$18)^10),"") -> 52400.212 | F62: =IFERROR(('Table G'!$B$14+'Table G'!$B$15)/(1+'Table G'!$B$18)*IF(ABS(((1+$A62)/(1+'Table G'!$B$18))-1)<0.000000001,5,(1-((1+$A62)/(1+'Table G'!$B$18))^5)/(1-((1+$A62)/(1+'Table G'!$B$18))))+('Table G'!$B$14+'Table G'!$B$15)*(1+$A62)^(5-1)*(1+'Table G'!$B$27)/(('Table G'!$B$18-'Table G'!$B$27)*(1+'Table G'!$B$18)^5),"") -> 67181.842 | G62: =IFERROR(('Table G'!$B$14+'Table G'!$B$15)/(1+'Table G'!$B$18)*IF(ABS(((1+$A62)/(1+'Table G'!$B$18))-1)<0.000000001,10,(1-((1+$A62)/(1+'Table G'!$B$18))^10)/(1-((1+$A62)/(1+'Table G'!$B$18))))+('Table G'!$B$14+'Table G'!$B$15)*(1+$A62)^(10-1)*(1+'Table G'!$B$27)/(('Table G'!$B$18-'Table G'!$B$27)*(1+'Table G'!$B$18)^10),"") -> 54685.778
A63: =-0.1+59*$B$2 -> -0.041 | B63: =IFERROR(('Table G'!$B$14+'Table G'!$B$15)/(1+'Table G'!$B$18)*IF(ABS(((1+$A63)/(1+'Table G'!$B$18))-1)<0.000000001,5,(1-((1+$A63)/(1+'Table G'!$B$18))^5)/(1-((1+$A63)/(1+'Table G'!$B$18))))+('Table G'!$B$14+'Table G'!$B$15)*(1+$A63)^(5-1)*(1+'Table G'!$B$25)/(('Table G'!$B$18-'Table G'!$B$25)*(1+'Table G'!$B$18)^5),"") -> 59666.183 | C63: =IFERROR(('Table G'!$B$14+'Table G'!$B$15)/(1+'Table G'!$B$18)*IF(ABS(((1+$A63)/(1+'Table G'!$B$18))-1)<0.000000001,10,(1-((1+$A63)/(1+'Table G'!$B$18))^10)/(1-((1+$A63)/(1+'Table G'!$B$18))))+('Table G'!$B$14+'Table G'!$B$15)*(1+$A63)^(10-1)*(1+'Table G'!$B$25)/(('Table G'!$B$18-'Table G'!$B$25)*(1+'Table G'!$B$18)^10),"") -> 50770.766 | D63: =IFERROR(('Table G'!$B$14+'Table G'!$B$15)/(1+'Table G'!$B$18)*IF(ABS(((1+$A63)/(1+'Table G'!$B$18))-1)<0.000000001,5,(1-((1+$A63)/(1+'Table G'!$B$18))^5)/(1-((1+$A63)/(1+'Table G'!$B$18))))+('Table G'!$B$14+'Table G'!$B$15)*(1+$A63)^(5-1)*(1+'Table G'!$B$26)/(('Table G'!$B$18-'Table G'!$B$26)*(1+'Table G'!$B$18)^5),"") -> 63233.098 | E63: =IFERROR(('Table G'!$B$14+'Table G'!$B$15)/(1+'Table G'!$B$18)*IF(ABS(((1+$A63)/(1+'Table G'!$B$18))-1)<0.000000001,10,(1-((1+$A63)/(1+'Table G'!$B$18))^10)/(1-((1+$A63)/(1+'Table G'!$B$18))))+('Table G'!$B$14+'Table G'!$B$15)*(1+$A63)^(10-1)*(1+'Table G'!$B$26)/(('Table G'!$B$18-'Table G'!$B$26)*(1+'Table G'!$B$18)^10),"") -> 52735.815 | F63: =IFERROR(('Table G'!$B$14+'Table G'!$B$15)/(1+'Table G'!$B$18)*IF(ABS(((1+$A63)/(1+'Table G'!$B$18))-1)<0.000000001,5,(1-((1+$A63)/(1+'Table G'!$B$18))^5)/(1-((1+$A63)/(1+'Table G'!$B$18))))+('Table G'!$B$14+'Table G'!$B$15)*(1+$A63)^(5-1)*(1+'Table G'!$B$27)/(('Table G'!$B$18-'Table G'!$B$27)*(1+'Table G'!$B$18)^5),"") -> 67420.946 | G63: =IFERROR(('Table G'!$B$14+'Table G'!$B$15)/(1+'Table G'!$B$18)*IF(ABS(((1+$A63)/(1+'Table G'!$B$18))-1)<0.000000001,10,(1-((1+$A63)/(1+'Table G'!$B$18))^10)/(1-((1+$A63)/(1+'Table G'!$B$18))))+('Table G'!$B$14+'Table G'!$B$15)*(1+$A63)^(10-1)*(1+'Table G'!$B$27)/(('Table G'!$B$18-'Table G'!$B$27)*(1+'Table G'!$B$18)^10),"") -> 55042.943
A64: =-0.1+60*$B$2 -> -0.04 | B64: =IFERROR(('Table G'!$B$14+'Table G'!$B$15)/(1+'Table G'!$B$18)*IF(ABS(((1+$A64)/(1+'Table G'!$B$18))-1)<0.000000001,5,(1-((1+$A64)/(1+'Table G'!$B$18))^5)/(1-((1+$A64)/(1+'Table G'!$B$18))))+('Table G'!$B$14+'Table G'!$B$15)*(1+$A64)^(5-1)*(1+'Table G'!$B$25)/(('Table G'!$B$18-'Table G'!$B$25)*(1+'Table G'!$B$18)^5),"") -> 59873.601 | C64: =IFERROR(('Table G'!$B$14+'Table G'!$B$15)/(1+'Table G'!$B$18)*IF(ABS(((1+$A64)/(1+'Table G'!$B$18))-1)<0.000000001,10,(1-((1+$A64)/(1+'Table G'!$B$18))^10)/(1-((1+$A64)/(1+'Table G'!$B$18))))+('Table G'!$B$14+'Table G'!$B$15)*(1+$A64)^(10-1)*(1+'Table G'!$B$25)/(('Table G'!$B$18-'Table G'!$B$25)*(1+'Table G'!$B$18)^10),"") -> 51090.308 | D64: =IFERROR(('Table G'!$B$14+'Table G'!$B$15)/(1+'Table G'!$B$18)*IF(ABS(((1+$A64)/(1+'Table G'!$B$18))-1)<0.000000001,5,(1-((1+$A64)/(1+'Table G'!$B$18))^5)/(1-((1+$A64)/(1+'Table G'!$B$18))))+('Table G'!$B$14+'Table G'!$B$15)*(1+$A64)^(5-1)*(1+'Table G'!$B$26)/(('Table G'!$B$18-'Table G'!$B$26)*(1+'Table G'!$B$18)^5),"") -> 63455.418 | E64: =IFERROR(('Table G'!$B$14+'Table G'!$B$15)/(1+'Table G'!$B$18)*IF(ABS(((1+$A64)/(1+'Table G'!$B$18))-1)<0.000000001,10,(1-((1+$A64)/(1+'Table G'!$B$18))^10)/(1-((1+$A64)/(1+'Table G'!$B$18))))+('Table G'!$B$14+'Table G'!$B$15)*(1+$A64)^(10-1)*(1+'Table G'!$B$26)/(('Table G'!$B$18-'Table G'!$B$26)*(1+'Table G'!$B$18)^10),"") -> 53073.877 | F64: =IFERROR(('Table G'!$B$14+'Table G'!$B$15)/(1+'Table G'!$B$18)*IF(ABS(((1+$A64)/(1+'Table G'!$B$18))-1)<0.000000001,5,(1-((1+$A64)/(1+'Table G'!$B$18))^5)/(1-((1+$A64)/(1+'Table G'!$B$18))))+('Table G'!$B$14+'Table G'!$B$15)*(1+$A64)^(5-1)*(1+'Table G'!$B$27)/(('Table G'!$B$18-'Table G'!$B$27)*(1+'Table G'!$B$18)^5),"") -> 67660.761 | G64: =IFERROR(('Table G'!$B$14+'Table G'!$B$15)/(1+'Table G'!$B$18)*IF(ABS(((1+$A64)/(1+'Table G'!$B$18))-1)<0.000000001,10,(1-((1+$A64)/(1+'Table G'!$B$18))^10)/(1-((1+$A64)/(1+'Table G'!$B$18))))+('Table G'!$B$14+'Table G'!$B$15)*(1+$A64)^(10-1)*(1+'Table G'!$B$27)/(('Table G'!$B$18-'Table G'!$B$27)*(1+'Table G'!$B$18)^10),"") -> 55402.746
A65: =-0.1+61*$B$2 -> -0.039 | B65: =IFERROR(('Table G'!$B$14+'Table G'!$B$15)/(1+'Table G'!$B$18)*IF(ABS(((1+$A65)/(1+'Table G'!$B$18))-1)<0.000000001,5,(1-((1+$A65)/(1+'Table G'!$B$18))^5)/(1-((1+$A65)/(1+'Table G'!$B$18))))+('Table G'!$B$14+'Table G'!$B$15)*(1+$A65)^(5-1)*(1+'Table G'!$B$25)/(('Table G'!$B$18-'Table G'!$B$25)*(1+'Table G'!$B$18)^5),"") -> 60081.63 | C65: =IFERROR(('Table G'!$B$14+'Table G'!$B$15)/(1+'Table G'!$B$18)*IF(ABS(((1+$A65)/(1+'Table G'!$B$18))-1)<0.000000001,10,(1-((1+$A65)/(1+'Table G'!$B$18))^10)/(1-((1+$A65)/(1+'Table G'!$B$18))))+('Table G'!$B$14+'Table G'!$B$15)*(1+$A65)^(10-1)*(1+'Table G'!$B$25)/(('Table G'!$B$18-'Table G'!$B$25)*(1+'Table G'!$B$18)^10),"") -> 51412.172 | D65: =IFERROR(('Table G'!$B$14+'Table G'!$B$15)/(1+'Table G'!$B$18)*IF(ABS(((1+$A65)/(1+'Table G'!$B$18))-1)<0.000000001,5,(1-((1+$A65)/(1+'Table G'!$B$18))^5)/(1-((1+$A65)/(1+'Table G'!$B$18))))+('Table G'!$B$14+'Table G'!$B$15)*(1+$A65)^(5-1)*(1+'Table G'!$B$26)/(('Table G'!$B$18-'Table G'!$B$26)*(1+'Table G'!$B$18)^5),"") -> 63678.394 | E65: =IFERROR(('Table G'!$B$14+'Table G'!$B$15)/(1+'Table G'!$B$18)*IF(ABS(((1+$A65)/(1+'Table G'!$B$18))-1)<0.000000001,10,(1-((1+$A65)/(1+'Table G'!$B$18))^10)/(1-((1+$A65)/(1+'Table G'!$B$18))))+('Table G'!$B$14+'Table G'!$B$15)*(1+$A65)^(10-1)*(1+'Table G'!$B$26)/(('Table G'!$B$18-'Table G'!$B$26)*(1+'Table G'!$B$18)^10),"") -> 53414.413 | F65: =IFERROR(('Table G'!$B$14+'Table G'!$B$15)/(1+'Table G'!$B$18)*IF(ABS(((1+$A65)/(1+'Table G'!$B$18))-1)<0.000000001,5,(1-((1+$A65)/(1+'Table G'!$B$18))^5)/(1-((1+$A65)/(1+'Table G'!$B$18))))+('Table G'!$B$14+'Table G'!$B$15)*(1+$A65)^(5-1)*(1+'Table G'!$B$27)/(('Table G'!$B$18-'Table G'!$B$27)*(1+'Table G'!$B$18)^5),"") -> 67901.287 | G65: =IFERROR(('Table G'!$B$14+'Table G'!$B$15)/(1+'Table G'!$B$18)*IF(ABS(((1+$A65)/(1+'Table G'!$B$18))-1)<0.000000001,10,(1-((1+$A65)/(1+'Table G'!$B$18))^10)/(1-((1+$A65)/(1+'Table G'!$B$18))))+('Table G'!$B$14+'Table G'!$B$15)*(1+$A65)^(10-1)*(1+'Table G'!$B$27)/(('Table G'!$B$18-'Table G'!$B$27)*(1+'Table G'!$B$18)^10),"") -> 55765.208
A66: =-0.1+62*$B$2 -> -0.038 | B66: =IFERROR(('Table G'!$B$14+'Table G'!$B$15)/(1+'Table G'!$B$18)*IF(ABS(((1+$A66)/(1+'Table G'!$B$18))-1)<0.000000001,5,(1-((1+$A66)/(1+'Table G'!$B$18))^5)/(1-((1+$A66)/(1+'Table G'!$B$18))))+('Table G'!$B$14+'Table G'!$B$15)*(1+$A66)^(5-1)*(1+'Table G'!$B$25)/(('Table G'!$B$18-'Table G'!$B$25)*(1+'Table G'!$B$18)^5),"") -> 60290.271 | C66: =IFERROR(('Table G'!$B$14+'Table G'!$B$15)/(1+'Table G'!$B$18)*IF(ABS(((1+$A66)/(1+'Table G'!$B$18))-1)<0.000000001,10,(1-((1+$A66)/(1+'Table G'!$B$18))^10)/(1-((1+$A66)/(1+'Table G'!$B$18))))+('Table G'!$B$14+'Table G'!$B$15)*(1+$A66)^(10-1)*(1+'Table G'!$B$25)/(('Table G'!$B$18-'Table G'!$B$25)*(1+'Table G'!$B$18)^10),"") -> 51736.371 | D66: =IFERROR(('Table G'!$B$14+'Table G'!$B$15)/(1+'Table G'!$B$18)*IF(ABS(((1+$A66)/(1+'Table G'!$B$18))-1)<0.000000001,5,(1-((1+$A66)/(1+'Table G'!$B$18))^5)/(1-((1+$A66)/(1+'Table G'!$B$18))))+('Table G'!$B$14+'Table G'!$B$15)*(1+$A66)^(5-1)*(1+'Table G'!$B$26)/(('Table G'!$B$18-'Table G'!$B$26)*(1+'Table G'!$B$18)^5),"") -> 63902.03 | E66: =IFERROR(('Table G'!$B$14+'Table G'!$B$15)/(1+'Table G'!$B$18)*IF(ABS(((1+$A66)/(1+'Table G'!$B$18))-1)<0.000000001,10,(1-((1+$A66)/(1+'Table G'!$B$18))^10)/(1-((1+$A66)/(1+'Table G'!$B$18))))+('Table G'!$B$14+'Table G'!$B$15)*(1+$A66)^(10-1)*(1+'Table G'!$B$26)/(('Table G'!$B$18-'Table G'!$B$26)*(1+'Table G'!$B$18)^10),"") -> 53757.443 | F66: =IFERROR(('Table G'!$B$14+'Table G'!$B$15)/(1+'Table G'!$B$18)*IF(ABS(((1+$A66)/(1+'Table G'!$B$18))-1)<0.000000001,5,(1-((1+$A66)/(1+'Table G'!$B$18))^5)/(1-((1+$A66)/(1+'Table G'!$B$18))))+('Table G'!$B$14+'Table G'!$B$15)*(1+$A66)^(5-1)*(1+'Table G'!$B$27)/(('Table G'!$B$18-'Table G'!$B$27)*(1+'Table G'!$B$18)^5),"") -> 68142.527 | G66: =IFERROR(('Table G'!$B$14+'Table G'!$B$15)/(1+'Table G'!$B$18)*IF(ABS(((1+$A66)/(1+'Table G'!$B$18))-1)<0.000000001,10,(1-((1+$A66)/(1+'Table G'!$B$18))^10)/(1-((1+$A66)/(1+'Table G'!$B$18))))+('Table G'!$B$14+'Table G'!$B$15)*(1+$A66)^(10-1)*(1+'Table G'!$B$27)/(('Table G'!$B$18-'Table G'!$B$27)*(1+'Table G'!$B$18)^10),"") -> 56130.345
A67: =-0.1+63*$B$2 -> -0.037 | B67: =IFERROR(('Table G'!$B$14+'Table G'!$B$15)/(1+'Table G'!$B$18)*IF(ABS(((1+$A67)/(1+'Table G'!$B$18))-1)<0.000000001,5,(1-((1+$A67)/(1+'Table G'!$B$18))^5)/(1-((1+$A67)/(1+'Table G'!$B$18))))+('Table G'!$B$14+'Table G'!$B$15)*(1+$A67)^(5-1)*(1+'Table G'!$B$25)/(('Table G'!$B$18-'Table G'!$B$25)*(1+'Table G'!$B$18)^5),"") -> 60499.525 | C67: =IFERROR(('Table G'!$B$14+'Table G'!$B$15)/(1+'Table G'!$B$18)*IF(ABS(((1+$A67)/(1+'Table G'!$B$18))-1)<0.000000001,10,(1-((1+$A67)/(1+'Table G'!$B$18))^10)/(1-((1+$A67)/(1+'Table G'!$B$18))))+('Table G'!$B$14+'Table G'!$B$15)*(1+$A67)^(10-1)*(1+'Table G'!$B$25)/(('Table G'!$B$18-'Table G'!$B$25)*(1+'Table G'!$B$18)^10),"") -> 52062.923 | D67: =IFERROR(('Table G'!$B$14+'Table G'!$B$15)/(1+'Table G'!$B$18)*IF(ABS(((1+$A67)/(1+'Table G'!$B$18))-1)<0.000000001,5,(1-((1+$A67)/(1+'Table G'!$B$18))^5)/(1-((1+$A67)/(1+'Table G'!$B$18))))+('Table G'!$B$14+'Table G'!$B$15)*(1+$A67)^(5-1)*(1+'Table G'!$B$26)/(('Table G'!$B$18-'Table G'!$B$26)*(1+'Table G'!$B$18)^5),"") -> 64126.325 | E67: =IFERROR(('Table G'!$B$14+'Table G'!$B$15)/(1+'Table G'!$B$18)*IF(ABS(((1+$A67)/(1+'Table G'!$B$18))-1)<0.000000001,10,(1-((1+$A67)/(1+'Table G'!$B$18))^10)/(1-((1+$A67)/(1+'Table G'!$B$18))))+('Table G'!$B$14+'Table G'!$B$15)*(1+$A67)^(10-1)*(1+'Table G'!$B$26)/(('Table G'!$B$18-'Table G'!$B$26)*(1+'Table G'!$B$18)^10),"") -> 54102.982 | F67: =IFERROR(('Table G'!$B$14+'Table G'!$B$15)/(1+'Table G'!$B$18)*IF(ABS(((1+$A67)/(1+'Table G'!$B$18))-1)<0.000000001,5,(1-((1+$A67)/(1+'Table G'!$B$18))^5)/(1-((1+$A67)/(1+'Table G'!$B$18))))+('Table G'!$B$14+'Table G'!$B$15)*(1+$A67)^(5-1)*(1+'Table G'!$B$27)/(('Table G'!$B$18-'Table G'!$B$27)*(1+'Table G'!$B$18)^5),"") -> 68384.481 | G67: =IFERROR(('Table G'!$B$14+'Table G'!$B$15)/(1+'Table G'!$B$18)*IF(ABS(((1+$A67)/(1+'Table G'!$B$18))-1)<0.000000001,10,(1-((1+$A67)/(1+'Table G'!$B$18))^10)/(1-((1+$A67)/(1+'Table G'!$B$18))))+('Table G'!$B$14+'Table G'!$B$15)*(1+$A67)^(10-1)*(1+'Table G'!$B$27)/(('Table G'!$B$18-'Table G'!$B$27)*(1+'Table G'!$B$18)^10),"") -> 56498.176
A68: =-0.1+64*$B$2 -> -0.036 | B68: =IFERROR(('Table G'!$B$14+'Table G'!$B$15)/(1+'Table G'!$B$18)*IF(ABS(((1+$A68)/(1+'Table G'!$B$18))-1)<0.000000001,5,(1-((1+$A68)/(1+'Table G'!$B$18))^5)/(1-((1+$A68)/(1+'Table G'!$B$18))))+('Table G'!$B$14+'Table G'!$B$15)*(1+$A68)^(5-1)*(1+'Table G'!$B$25)/(('Table G'!$B$18-'Table G'!$B$25)*(1+'Table G'!$B$18)^5),"") -> 60709.394 | C68: =IFERROR(('Table G'!$B$14+'Table G'!$B$15)/(1+'Table G'!$B$18)*IF(ABS(((1+$A68)/(1+'Table G'!$B$18))-1)<0.000000001,10,(1-((1+$A68)/(1+'Table G'!$B$18))^10)/(1-((1+$A68)/(1+'Table G'!$B$18))))+('Table G'!$B$14+'Table G'!$B$15)*(1+$A68)^(10-1)*(1+'Table G'!$B$25)/(('Table G'!$B$18-'Table G'!$B$25)*(1+'Table G'!$B$18)^10),"") -> 52391.843 | D68: =IFERROR(('Table G'!$B$14+'Table G'!$B$15)/(1+'Table G'!$B$18)*IF(ABS(((1+$A68)/(1+'Table G'!$B$18))-1)<0.000000001,5,(1-((1+$A68)/(1+'Table G'!$B$18))^5)/(1-((1+$A68)/(1+'Table G'!$B$18))))+('Table G'!$B$14+'Table G'!$B$15)*(1+$A68)^(5-1)*(1+'Table G'!$B$26)/(('Table G'!$B$18-'Table G'!$B$26)*(1+'Table G'!$B$18)^5),"") -> 64351.281 | E68: =IFERROR(('Table G'!$B$14+'Table G'!$B$15)/(1+'Table G'!$B$18)*IF(ABS(((1+$A68)/(1+'Table G'!$B$18))-1)<0.000000001,10,(1-((1+$A68)/(1+'Table G'!$B$18))^10)/(1-((1+$A68)/(1+'Table G'!$B$18))))+('Table G'!$B$14+'Table G'!$B$15)*(1+$A68)^(10-1)*(1+'Table G'!$B$26)/(('Table G'!$B$18-'Table G'!$B$26)*(1+'Table G'!$B$18)^10),"") -> 54451.047 | F68: =IFERROR(('Table G'!$B$14+'Table G'!$B$15)/(1+'Table G'!$B$18)*IF(ABS(((1+$A68)/(1+'Table G'!$B$18))-1)<0.000000001,5,(1-((1+$A68)/(1+'Table G'!$B$18))^5)/(1-((1+$A68)/(1+'Table G'!$B$18))))+('Table G'!$B$14+'Table G'!$B$15)*(1+$A68)^(5-1)*(1+'Table G'!$B$27)/(('Table G'!$B$18-'Table G'!$B$27)*(1+'Table G'!$B$18)^5),"") -> 68627.152 | G68: =IFERROR(('Table G'!$B$14+'Table G'!$B$15)/(1+'Table G'!$B$18)*IF(ABS(((1+$A68)/(1+'Table G'!$B$18))-1)<0.000000001,10,(1-((1+$A68)/(1+'Table G'!$B$18))^10)/(1-((1+$A68)/(1+'Table G'!$B$18))))+('Table G'!$B$14+'Table G'!$B$15)*(1+$A68)^(10-1)*(1+'Table G'!$B$27)/(('Table G'!$B$18-'Table G'!$B$27)*(1+'Table G'!$B$18)^10),"") -> 56868.719
A69: =-0.1+65*$B$2 -> -0.035 | B69: =IFERROR(('Table G'!$B$14+'Table G'!$B$15)/(1+'Table G'!$B$18)*IF(ABS(((1+$A69)/(1+'Table G'!$B$18))-1)<0.000000001,5,(1-((1+$A69)/(1+'Table G'!$B$18))^5)/(1-((1+$A69)/(1+'Table G'!$B$18))))+('Table G'!$B$14+'Table G'!$B$15)*(1+$A69)^(5-1)*(1+'Table G'!$B$25)/(('Table G'!$B$18-'Table G'!$B$25)*(1+'Table G'!$B$18)^5),"") -> 60919.878 | C69: =IFERROR(('Table G'!$B$14+'Table G'!$B$15)/(1+'Table G'!$B$18)*IF(ABS(((1+$A69)/(1+'Table G'!$B$18))-1)<0.000000001,10,(1-((1+$A69)/(1+'Table G'!$B$18))^10)/(1-((1+$A69)/(1+'Table G'!$B$18))))+('Table G'!$B$14+'Table G'!$B$15)*(1+$A69)^(10-1)*(1+'Table G'!$B$25)/(('Table G'!$B$18-'Table G'!$B$25)*(1+'Table G'!$B$18)^10),"") -> 52723.148 | D69: =IFERROR(('Table G'!$B$14+'Table G'!$B$15)/(1+'Table G'!$B$18)*IF(ABS(((1+$A69)/(1+'Table G'!$B$18))-1)<0.000000001,5,(1-((1+$A69)/(1+'Table G'!$B$18))^5)/(1-((1+$A69)/(1+'Table G'!$B$18))))+('Table G'!$B$14+'Table G'!$B$15)*(1+$A69)^(5-1)*(1+'Table G'!$B$26)/(('Table G'!$B$18-'Table G'!$B$26)*(1+'Table G'!$B$18)^5),"") -> 64576.9 | E69: =IFERROR(('Table G'!$B$14+'Table G'!$B$15)/(1+'Table G'!$B$18)*IF(ABS(((1+$A69)/(1+'Table G'!$B$18))-1)<0.000000001,10,(1-((1+$A69)/(1+'Table G'!$B$18))^10)/(1-((1+$A69)/(1+'Table G'!$B$18))))+('Table G'!$B$14+'Table G'!$B$15)*(1+$A69)^(10-1)*(1+'Table G'!$B$26)/(('Table G'!$B$18-'Table G'!$B$26)*(1+'Table G'!$B$18)^10),"") -> 54801.657 | F69: =IFERROR(('Table G'!$B$14+'Table G'!$B$15)/(1+'Table G'!$B$18)*IF(ABS(((1+$A69)/(1+'Table G'!$B$18))-1)<0.000000001,5,(1-((1+$A69)/(1+'Table G'!$B$18))^5)/(1-((1+$A69)/(1+'Table G'!$B$18))))+('Table G'!$B$14+'Table G'!$B$15)*(1+$A69)^(5-1)*(1+'Table G'!$B$27)/(('Table G'!$B$18-'Table G'!$B$27)*(1+'Table G'!$B$18)^5),"") -> 68870.541 | G69: =IFERROR(('Table G'!$B$14+'Table G'!$B$15)/(1+'Table G'!$B$18)*IF(ABS(((1+$A69)/(1+'Table G'!$B$18))-1)<0.000000001,10,(1-((1+$A69)/(1+'Table G'!$B$18))^10)/(1-((1+$A69)/(1+'Table G'!$B$18))))+('Table G'!$B$14+'Table G'!$B$15)*(1+$A69)^(10-1)*(1+'Table G'!$B$27)/(('Table G'!$B$18-'Table G'!$B$27)*(1+'Table G'!$B$18)^10),"") -> 57241.994
A70: =-0.1+66*$B$2 -> -0.034 | B70: =IFERROR(('Table G'!$B$14+'Table G'!$B$15)/(1+'Table G'!$B$18)*IF(ABS(((1+$A70)/(1+'Table G'!$B$18))-1)<0.000000001,5,(1-((1+$A70)/(1+'Table G'!$B$18))^5)/(1-((1+$A70)/(1+'Table G'!$B$18))))+('Table G'!$B$14+'Table G'!$B$15)*(1+$A70)^(5-1)*(1+'Table G'!$B$25)/(('Table G'!$B$18-'Table G'!$B$25)*(1+'Table G'!$B$18)^5),"") -> 61130.978 | C70: =IFERROR(('Table G'!$B$14+'Table G'!$B$15)/(1+'Table G'!$B$18)*IF(ABS(((1+$A70)/(1+'Table G'!$B$18))-1)<0.000000001,10,(1-((1+$A70)/(1+'Table G'!$B$18))^10)/(1-((1+$A70)/(1+'Table G'!$B$18))))+('Table G'!$B$14+'Table G'!$B$15)*(1+$A70)^(10-1)*(1+'Table G'!$B$25)/(('Table G'!$B$18-'Table G'!$B$25)*(1+'Table G'!$B$18)^10),"") -> 53056.853 | D70: =IFERROR(('Table G'!$B$14+'Table G'!$B$15)/(1+'Table G'!$B$18)*IF(ABS(((1+$A70)/(1+'Table G'!$B$18))-1)<0.000000001,5,(1-((1+$A70)/(1+'Table G'!$B$18))^5)/(1-((1+$A70)/(1+'Table G'!$B$18))))+('Table G'!$B$14+'Table G'!$B$15)*(1+$A70)^(5-1)*(1+'Table G'!$B$26)/(('Table G'!$B$18-'Table G'!$B$26)*(1+'Table G'!$B$18)^5),"") -> 64803.183 | E70: =IFERROR(('Table G'!$B$14+'Table G'!$B$15)/(1+'Table G'!$B$18)*IF(ABS(((1+$A70)/(1+'Table G'!$B$18))-1)<0.000000001,10,(1-((1+$A70)/(1+'Table G'!$B$18))^10)/(1-((1+$A70)/(1+'Table G'!$B$18))))+('Table G'!$B$14+'Table G'!$B$15)*(1+$A70)^(10-1)*(1+'Table G'!$B$26)/(('Table G'!$B$18-'Table G'!$B$26)*(1+'Table G'!$B$18)^10),"") -> 55154.827 | F70: =IFERROR(('Table G'!$B$14+'Table G'!$B$15)/(1+'Table G'!$B$18)*IF(ABS(((1+$A70)/(1+'Table G'!$B$18))-1)<0.000000001,5,(1-((1+$A70)/(1+'Table G'!$B$18))^5)/(1-((1+$A70)/(1+'Table G'!$B$18))))+('Table G'!$B$14+'Table G'!$B$15)*(1+$A70)^(5-1)*(1+'Table G'!$B$27)/(('Table G'!$B$18-'Table G'!$B$27)*(1+'Table G'!$B$18)^5),"") -> 69114.649 | G70: =IFERROR(('Table G'!$B$14+'Table G'!$B$15)/(1+'Table G'!$B$18)*IF(ABS(((1+$A70)/(1+'Table G'!$B$18))-1)<0.000000001,10,(1-((1+$A70)/(1+'Table G'!$B$18))^10)/(1-((1+$A70)/(1+'Table G'!$B$18))))+('Table G'!$B$14+'Table G'!$B$15)*(1+$A70)^(10-1)*(1+'Table G'!$B$27)/(('Table G'!$B$18-'Table G'!$B$27)*(1+'Table G'!$B$18)^10),"") -> 57618.019
A71: =-0.1+67*$B$2 -> -0.033 | B71: =IFERROR(('Table G'!$B$14+'Table G'!$B$15)/(1+'Table G'!$B$18)*IF(ABS(((1+$A71)/(1+'Table G'!$B$18))-1)<0.000000001,5,(1-((1+$A71)/(1+'Table G'!$B$18))^5)/(1-((1+$A71)/(1+'Table G'!$B$18))))+('Table G'!$B$14+'Table G'!$B$15)*(1+$A71)^(5-1)*(1+'Table G'!$B$25)/(('Table G'!$B$18-'Table G'!$B$25)*(1+'Table G'!$B$18)^5),"") -> 61342.697 | C71: =IFERROR(('Table G'!$B$14+'Table G'!$B$15)/(1+'Table G'!$B$18)*IF(ABS(((1+$A71)/(1+'Table G'!$B$18))-1)<0.000000001,10,(1-((1+$A71)/(1+'Table G'!$B$18))^10)/(1-((1+$A71)/(1+'Table G'!$B$18))))+('Table G'!$B$14+'Table G'!$B$15)*(1+$A71)^(10-1)*(1+'Table G'!$B$25)/(('Table G'!$B$18-'Table G'!$B$25)*(1+'Table G'!$B$18)^10),"") -> 53392.975 | D71: =IFERROR(('Table G'!$B$14+'Table G'!$B$15)/(1+'Table G'!$B$18)*IF(ABS(((1+$A71)/(1+'Table G'!$B$18))-1)<0.000000001,5,(1-((1+$A71)/(1+'Table G'!$B$18))^5)/(1-((1+$A71)/(1+'Table G'!$B$18))))+('Table G'!$B$14+'Table G'!$B$15)*(1+$A71)^(5-1)*(1+'Table G'!$B$26)/(('Table G'!$B$18-'Table G'!$B$26)*(1+'Table G'!$B$18)^5),"") -> 65030.131 | E71: =IFERROR(('Table G'!$B$14+'Table G'!$B$15)/(1+'Table G'!$B$18)*IF(ABS(((1+$A71)/(1+'Table G'!$B$18))-1)<0.000000001,10,(1-((1+$A71)/(1+'Table G'!$B$18))^10)/(1-((1+$A71)/(1+'Table G'!$B$18))))+('Table G'!$B$14+'Table G'!$B$15)*(1+$A71)^(10-1)*(1+'Table G'!$B$26)/(('Table G'!$B$18-'Table G'!$B$26)*(1+'Table G'!$B$18)^10),"") -> 55510.577 | F71: =IFERROR(('Table G'!$B$14+'Table G'!$B$15)/(1+'Table G'!$B$18)*IF(ABS(((1+$A71)/(1+'Table G'!$B$18))-1)<0.000000001,5,(1-((1+$A71)/(1+'Table G'!$B$18))^5)/(1-((1+$A71)/(1+'Table G'!$B$18))))+('Table G'!$B$14+'Table G'!$B$15)*(1+$A71)^(5-1)*(1+'Table G'!$B$27)/(('Table G'!$B$18-'Table G'!$B$27)*(1+'Table G'!$B$18)^5),"") -> 69359.478 | G71: =IFERROR(('Table G'!$B$14+'Table G'!$B$15)/(1+'Table G'!$B$18)*IF(ABS(((1+$A71)/(1+'Table G'!$B$18))-1)<0.000000001,10,(1-((1+$A71)/(1+'Table G'!$B$18))^10)/(1-((1+$A71)/(1+'Table G'!$B$18))))+('Table G'!$B$14+'Table G'!$B$15)*(1+$A71)^(10-1)*(1+'Table G'!$B$27)/(('Table G'!$B$18-'Table G'!$B$27)*(1+'Table G'!$B$18)^10),"") -> 57996.814
A72: =-0.1+68*$B$2 -> -0.032 | B72: =IFERROR(('Table G'!$B$14+'Table G'!$B$15)/(1+'Table G'!$B$18)*IF(ABS(((1+$A72)/(1+'Table G'!$B$18))-1)<0.000000001,5,(1-((1+$A72)/(1+'Table G'!$B$18))^5)/(1-((1+$A72)/(1+'Table G'!$B$18))))+('Table G'!$B$14+'Table G'!$B$15)*(1+$A72)^(5-1)*(1+'Table G'!$B$25)/(('Table G'!$B$18-'Table G'!$B$25)*(1+'Table G'!$B$18)^5),"") -> 61555.035 | C72: =IFERROR(('Table G'!$B$14+'Table G'!$B$15)/(1+'Table G'!$B$18)*IF(ABS(((1+$A72)/(1+'Table G'!$B$18))-1)<0.000000001,10,(1-((1+$A72)/(1+'Table G'!$B$18))^10)/(1-((1+$A72)/(1+'Table G'!$B$18))))+('Table G'!$B$14+'Table G'!$B$15)*(1+$A72)^(10-1)*(1+'Table G'!$B$25)/(('Table G'!$B$18-'Table G'!$B$25)*(1+'Table G'!$B$18)^10),"") -> 53731.531 | D72: =IFERROR(('Table G'!$B$14+'Table G'!$B$15)/(1+'Table G'!$B$18)*IF(ABS(((1+$A72)/(1+'Table G'!$B$18))-1)<0.000000001,5,(1-((1+$A72)/(1+'Table G'!$B$18))^5)/(1-((1+$A72)/(1+'Table G'!$B$18))))+('Table G'!$B$14+'Table G'!$B$15)*(1+$A72)^(5-1)*(1+'Table G'!$B$26)/(('Table G'!$B$18-'Table G'!$B$26)*(1+'Table G'!$B$18)^5),"") -> 65257.746 | E72: =IFERROR(('Table G'!$B$14+'Table G'!$B$15)/(1+'Table G'!$B$18)*IF(ABS(((1+$A72)/(1+'Table G'!$B$18))-1)<0.000000001,10,(1-((1+$A72)/(1+'Table G'!$B$18))^10)/(1-((1+$A72)/(1+'Table G'!$B$18))))+('Table G'!$B$14+'Table G'!$B$15)*(1+$A72)^(10-1)*(1+'Table G'!$B$26)/(('Table G'!$B$18-'Table G'!$B$26)*(1+'Table G'!$B$18)^10),"") -> 55868.924 | F72: =IFERROR(('Table G'!$B$14+'Table G'!$B$15)/(1+'Table G'!$B$18)*IF(ABS(((1+$A72)/(1+'Table G'!$B$18))-1)<0.000000001,5,(1-((1+$A72)/(1+'Table G'!$B$18))^5)/(1-((1+$A72)/(1+'Table G'!$B$18))))+('Table G'!$B$14+'Table G'!$B$15)*(1+$A72)^(5-1)*(1+'Table G'!$B$27)/(('Table G'!$B$18-'Table G'!$B$27)*(1+'Table G'!$B$18)^5),"") -> 69605.029 | G72: =IFERROR(('Table G'!$B$14+'Table G'!$B$15)/(1+'Table G'!$B$18)*IF(ABS(((1+$A72)/(1+'Table G'!$B$18))-1)<0.000000001,10,(1-((1+$A72)/(1+'Table G'!$B$18))^10)/(1-((1+$A72)/(1+'Table G'!$B$18))))+('Table G'!$B$14+'Table G'!$B$15)*(1+$A72)^(10-1)*(1+'Table G'!$B$27)/(('Table G'!$B$18-'Table G'!$B$27)*(1+'Table G'!$B$18)^10),"") -> 58378.396
A73: =-0.1+69*$B$2 -> -0.031 | B73: =IFERROR(('Table G'!$B$14+'Table G'!$B$15)/(1+'Table G'!$B$18)*IF(ABS(((1+$A73)/(1+'Table G'!$B$18))-1)<0.000000001,5,(1-((1+$A73)/(1+'Table G'!$B$18))^5)/(1-((1+$A73)/(1+'Table G'!$B$18))))+('Table G'!$B$14+'Table G'!$B$15)*(1+$A73)^(5-1)*(1+'Table G'!$B$25)/(('Table G'!$B$18-'Table G'!$B$25)*(1+'Table G'!$B$18)^5),"") -> 61767.993 | C73: =IFERROR(('Table G'!$B$14+'Table G'!$B$15)/(1+'Table G'!$B$18)*IF(ABS(((1+$A73)/(1+'Table G'!$B$18))-1)<0.000000001,10,(1-((1+$A73)/(1+'Table G'!$B$18))^10)/(1-((1+$A73)/(1+'Table G'!$B$18))))+('Table G'!$B$14+'Table G'!$B$15)*(1+$A73)^(10-1)*(1+'Table G'!$B$25)/(('Table G'!$B$18-'Table G'!$B$25)*(1+'Table G'!$B$18)^10),"") -> 54072.537 | D73: =IFERROR(('Table G'!$B$14+'Table G'!$B$15)/(1+'Table G'!$B$18)*IF(ABS(((1+$A73)/(1+'Table G'!$B$18))-1)<0.000000001,5,(1-((1+$A73)/(1+'Table G'!$B$18))^5)/(1-((1+$A73)/(1+'Table G'!$B$18))))+('Table G'!$B$14+'Table G'!$B$15)*(1+$A73)^(5-1)*(1+'Table G'!$B$26)/(('Table G'!$B$18-'Table G'!$B$26)*(1+'Table G'!$B$18)^5),"") -> 65486.029 | E73: =IFERROR(('Table G'!$B$14+'Table G'!$B$15)/(1+'Table G'!$B$18)*IF(ABS(((1+$A73)/(1+'Table G'!$B$18))-1)<0.000000001,10,(1-((1+$A73)/(1+'Table G'!$B$18))^10)/(1-((1+$A73)/(1+'Table G'!$B$18))))+('Table G'!$B$14+'Table G'!$B$15)*(1+$A73)^(10-1)*(1+'Table G'!$B$26)/(('Table G'!$B$18-'Table G'!$B$26)*(1+'Table G'!$B$18)^10),"") -> 56229.884 | F73: =IFERROR(('Table G'!$B$14+'Table G'!$B$15)/(1+'Table G'!$B$18)*IF(ABS(((1+$A73)/(1+'Table G'!$B$18))-1)<0.000000001,5,(1-((1+$A73)/(1+'Table G'!$B$18))^5)/(1-((1+$A73)/(1+'Table G'!$B$18))))+('Table G'!$B$14+'Table G'!$B$15)*(1+$A73)^(5-1)*(1+'Table G'!$B$27)/(('Table G'!$B$18-'Table G'!$B$27)*(1+'Table G'!$B$18)^5),"") -> 69851.303 | G73: =IFERROR(('Table G'!$B$14+'Table G'!$B$15)/(1+'Table G'!$B$18)*IF(ABS(((1+$A73)/(1+'Table G'!$B$18))-1)<0.000000001,10,(1-((1+$A73)/(1+'Table G'!$B$18))^10)/(1-((1+$A73)/(1+'Table G'!$B$18))))+('Table G'!$B$14+'Table G'!$B$15)*(1+$A73)^(10-1)*(1+'Table G'!$B$27)/(('Table G'!$B$18-'Table G'!$B$27)*(1+'Table G'!$B$18)^10),"") -> 58762.785
A74: =-0.1+70*$B$2 -> -0.03 | B74: =IFERROR(('Table G'!$B$14+'Table G'!$B$15)/(1+'Table G'!$B$18)*IF(ABS(((1+$A74)/(1+'Table G'!$B$18))-1)<0.000000001,5,(1-((1+$A74)/(1+'Table G'!$B$18))^5)/(1-((1+$A74)/(1+'Table G'!$B$18))))+('Table G'!$B$14+'Table G'!$B$15)*(1+$A74)^(5-1)*(1+'Table G'!$B$25)/(('Table G'!$B$18-'Table G'!$B$25)*(1+'Table G'!$B$18)^5),"") -> 61981.574 | C74: =IFERROR(('Table G'!$B$14+'Table G'!$B$15)/(1+'Table G'!$B$18)*IF(ABS(((1+$A74)/(1+'Table G'!$B$18))-1)<0.000000001,10,(1-((1+$A74)/(1+'Table G'!$B$18))^10)/(1-((1+$A74)/(1+'Table G'!$B$18))))+('Table G'!$B$14+'Table G'!$B$15)*(1+$A74)^(10-1)*(1+'Table G'!$B$25)/(('Table G'!$B$18-'Table G'!$B$25)*(1+'Table G'!$B$18)^10),"") -> 54416.009 | D74: =IFERROR(('Table G'!$B$14+'Table G'!$B$15)/(1+'Table G'!$B$18)*IF(ABS(((1+$A74)/(1+'Table G'!$B$18))-1)<0.000000001,5,(1-((1+$A74)/(1+'Table G'!$B$18))^5)/(1-((1+$A74)/(1+'Table G'!$B$18))))+('Table G'!$B$14+'Table G'!$B$15)*(1+$A74)^(5-1)*(1+'Table G'!$B$26)/(('Table G'!$B$18-'Table G'!$B$26)*(1+'Table G'!$B$18)^5),"") -> 65714.981 | E74: =IFERROR(('Table G'!$B$14+'Table G'!$B$15)/(1+'Table G'!$B$18)*IF(ABS(((1+$A74)/(1+'Table G'!$B$18))-1)<0.000000001,10,(1-((1+$A74)/(1+'Table G'!$B$18))^10)/(1-((1+$A74)/(1+'Table G'!$B$18))))+('Table G'!$B$14+'Table G'!$B$15)*(1+$A74)^(10-1)*(1+'Table G'!$B$26)/(('Table G'!$B$18-'Table G'!$B$26)*(1+'Table G'!$B$18)^10),"") -> 56593.477 | F74: =IFERROR(('Table G'!$B$14+'Table G'!$B$15)/(1+'Table G'!$B$18)*IF(ABS(((1+$A74)/(1+'Table G'!$B$18))-1)<0.000000001,5,(1-((1+$A74)/(1+'Table G'!$B$18))^5)/(1-((1+$A74)/(1+'Table G'!$B$18))))+('Table G'!$B$14+'Table G'!$B$15)*(1+$A74)^(5-1)*(1+'Table G'!$B$27)/(('Table G'!$B$18-'Table G'!$B$27)*(1+'Table G'!$B$18)^5),"") -> 70098.303 | G74: =IFERROR(('Table G'!$B$14+'Table G'!$B$15)/(1+'Table G'!$B$18)*IF(ABS(((1+$A74)/(1+'Table G'!$B$18))-1)<0.000000001,10,(1-((1+$A74)/(1+'Table G'!$B$18))^10)/(1-((1+$A74)/(1+'Table G'!$B$18))))+('Table G'!$B$14+'Table G'!$B$15)*(1+$A74)^(10-1)*(1+'Table G'!$B$27)/(('Table G'!$B$18-'Table G'!$B$27)*(1+'Table G'!$B$18)^10),"") -> 59150
A75: =-0.1+71*$B$2 -> -0.029 | B75: =IFERROR(('Table G'!$B$14+'Table G'!$B$15)/(1+'Table G'!$B$18)*IF(ABS(((1+$A75)/(1+'Table G'!$B$18))-1)<0.000000001,5,(1-((1+$A75)/(1+'Table G'!$B$18))^5)/(1-((1+$A75)/(1+'Table G'!$B$18))))+('Table G'!$B$14+'Table G'!$B$15)*(1+$A75)^(5-1)*(1+'Table G'!$B$25)/(('Table G'!$B$18-'Table G'!$B$25)*(1+'Table G'!$B$18)^5),"") -> 62195.777 | C75: =IFERROR(('Table G'!$B$14+'Table G'!$B$15)/(1+'Table G'!$B$18)*IF(ABS(((1+$A75)/(1+'Table G'!$B$18))-1)<0.000000001,10,(1-((1+$A75)/(1+'Table G'!$B$18))^10)/(1-((1+$A75)/(1+'Table G'!$B$18))))+('Table G'!$B$14+'Table G'!$B$15)*(1+$A75)^(10-1)*(1+'Table G'!$B$25)/(('Table G'!$B$18-'Table G'!$B$25)*(1+'Table G'!$B$18)^10),"") -> 54761.965 | D75: =IFERROR(('Table G'!$B$14+'Table G'!$B$15)/(1+'Table G'!$B$18)*IF(ABS(((1+$A75)/(1+'Table G'!$B$18))-1)<0.000000001,5,(1-((1+$A75)/(1+'Table G'!$B$18))^5)/(1-((1+$A75)/(1+'Table G'!$B$18))))+('Table G'!$B$14+'Table G'!$B$15)*(1+$A75)^(5-1)*(1+'Table G'!$B$26)/(('Table G'!$B$18-'Table G'!$B$26)*(1+'Table G'!$B$18)^5),"") -> 65944.603 | E75: =IFERROR(('Table G'!$B$14+'Table G'!$B$15)/(1+'Table G'!$B$18)*IF(ABS(((1+$A75)/(1+'Table G'!$B$18))-1)<0.000000001,10,(1-((1+$A75)/(1+'Table G'!$B$18))^10)/(1-((1+$A75)/(1+'Table G'!$B$18))))+('Table G'!$B$14+'Table G'!$B$15)*(1+$A75)^(10-1)*(1+'Table G'!$B$26)/(('Table G'!$B$18-'Table G'!$B$26)*(1+'Table G'!$B$18)^10),"") -> 56959.719 | F75: =IFERROR(('Table G'!$B$14+'Table G'!$B$15)/(1+'Table G'!$B$18)*IF(ABS(((1+$A75)/(1+'Table G'!$B$18))-1)<0.000000001,5,(1-((1+$A75)/(1+'Table G'!$B$18))^5)/(1-((1+$A75)/(1+'Table G'!$B$18))))+('Table G'!$B$14+'Table G'!$B$15)*(1+$A75)^(5-1)*(1+'Table G'!$B$27)/(('Table G'!$B$18-'Table G'!$B$27)*(1+'Table G'!$B$18)^5),"") -> 70346.029 | G75: =IFERROR(('Table G'!$B$14+'Table G'!$B$15)/(1+'Table G'!$B$18)*IF(ABS(((1+$A75)/(1+'Table G'!$B$18))-1)<0.000000001,10,(1-((1+$A75)/(1+'Table G'!$B$18))^10)/(1-((1+$A75)/(1+'Table G'!$B$18))))+('Table G'!$B$14+'Table G'!$B$15)*(1+$A75)^(10-1)*(1+'Table G'!$B$27)/(('Table G'!$B$18-'Table G'!$B$27)*(1+'Table G'!$B$18)^10),"") -> 59540.061
A76: =-0.1+72*$B$2 -> -0.028 | B76: =IFERROR(('Table G'!$B$14+'Table G'!$B$15)/(1+'Table G'!$B$18)*IF(ABS(((1+$A76)/(1+'Table G'!$B$18))-1)<0.000000001,5,(1-((1+$A76)/(1+'Table G'!$B$18))^5)/(1-((1+$A76)/(1+'Table G'!$B$18))))+('Table G'!$B$14+'Table G'!$B$15)*(1+$A76)^(5-1)*(1+'Table G'!$B$25)/(('Table G'!$B$18-'Table G'!$B$25)*(1+'Table G'!$B$18)^5),"") -> 62410.604 | C76: =IFERROR(('Table G'!$B$14+'Table G'!$B$15)/(1+'Table G'!$B$18)*IF(ABS(((1+$A76)/(1+'Table G'!$B$18))-1)<0.000000001,10,(1-((1+$A76)/(1+'Table G'!$B$18))^10)/(1-((1+$A76)/(1+'Table G'!$B$18))))+('Table G'!$B$14+'Table G'!$B$15)*(1+$A76)^(10-1)*(1+'Table G'!$B$25)/(('Table G'!$B$18-'Table G'!$B$25)*(1+'Table G'!$B$18)^10),"") -> 55110.421 | D76: =IFERROR(('Table G'!$B$14+'Table G'!$B$15)/(1+'Table G'!$B$18)*IF(ABS(((1+$A76)/(1+'Table G'!$B$18))-1)<0.000000001,5,(1-((1+$A76)/(1+'Table G'!$B$18))^5)/(1-((1+$A76)/(1+'Table G'!$B$18))))+('Table G'!$B$14+'Table G'!$B$15)*(1+$A76)^(5-1)*(1+'Table G'!$B$26)/(('Table G'!$B$18-'Table G'!$B$26)*(1+'Table G'!$B$18)^5),"") -> 66174.898 | E76: =IFERROR(('Table G'!$B$14+'Table G'!$B$15)/(1+'Table G'!$B$18)*IF(ABS(((1+$A76)/(1+'Table G'!$B$18))-1)<0.000000001,10,(1-((1+$A76)/(1+'Table G'!$B$18))^10)/(1-((1+$A76)/(1+'Table G'!$B$18))))+('Table G'!$B$14+'Table G'!$B$15)*(1+$A76)^(10-1)*(1+'Table G'!$B$26)/(('Table G'!$B$18-'Table G'!$B$26)*(1+'Table G'!$B$18)^10),"") -> 57328.63 | F76: =IFERROR(('Table G'!$B$14+'Table G'!$B$15)/(1+'Table G'!$B$18)*IF(ABS(((1+$A76)/(1+'Table G'!$B$18))-1)<0.000000001,5,(1-((1+$A76)/(1+'Table G'!$B$18))^5)/(1-((1+$A76)/(1+'Table G'!$B$18))))+('Table G'!$B$14+'Table G'!$B$15)*(1+$A76)^(5-1)*(1+'Table G'!$B$27)/(('Table G'!$B$18-'Table G'!$B$27)*(1+'Table G'!$B$18)^5),"") -> 70594.483 | G76: =IFERROR(('Table G'!$B$14+'Table G'!$B$15)/(1+'Table G'!$B$18)*IF(ABS(((1+$A76)/(1+'Table G'!$B$18))-1)<0.000000001,10,(1-((1+$A76)/(1+'Table G'!$B$18))^10)/(1-((1+$A76)/(1+'Table G'!$B$18))))+('Table G'!$B$14+'Table G'!$B$15)*(1+$A76)^(10-1)*(1+'Table G'!$B$27)/(('Table G'!$B$18-'Table G'!$B$27)*(1+'Table G'!$B$18)^10),"") -> 59932.987
A77: =-0.1+73*$B$2 -> -0.027 | B77: =IFERROR(('Table G'!$B$14+'Table G'!$B$15)/(1+'Table G'!$B$18)*IF(ABS(((1+$A77)/(1+'Table G'!$B$18))-1)<0.000000001,5,(1-((1+$A77)/(1+'Table G'!$B$18))^5)/(1-((1+$A77)/(1+'Table G'!$B$18))))+('Table G'!$B$14+'Table G'!$B$15)*(1+$A77)^(5-1)*(1+'Table G'!$B$25)/(('Table G'!$B$18-'Table G'!$B$25)*(1+'Table G'!$B$18)^5),"") -> 62626.057 | C77: =IFERROR(('Table G'!$B$14+'Table G'!$B$15)/(1+'Table G'!$B$18)*IF(ABS(((1+$A77)/(1+'Table G'!$B$18))-1)<0.000000001,10,(1-((1+$A77)/(1+'Table G'!$B$18))^10)/(1-((1+$A77)/(1+'Table G'!$B$18))))+('Table G'!$B$14+'Table G'!$B$15)*(1+$A77)^(10-1)*(1+'Table G'!$B$25)/(('Table G'!$B$18-'Table G'!$B$25)*(1+'Table G'!$B$18)^10),"") -> 55461.394 | D77: =IFERROR(('Table G'!$B$14+'Table G'!$B$15)/(1+'Table G'!$B$18)*IF(ABS(((1+$A77)/(1+'Table G'!$B$18))-1)<0.000000001,5,(1-((1+$A77)/(1+'Table G'!$B$18))^5)/(1-((1+$A77)/(1+'Table G'!$B$18))))+('Table G'!$B$14+'Table G'!$B$15)*(1+$A77)^(5-1)*(1+'Table G'!$B$26)/(('Table G'!$B$18-'Table G'!$B$26)*(1+'Table G'!$B$18)^5),"") -> 66405.866 | E77: =IFERROR(('Table G'!$B$14+'Table G'!$B$15)/(1+'Table G'!$B$18)*IF(ABS(((1+$A77)/(1+'Table G'!$B$18))-1)<0.000000001,10,(1-((1+$A77)/(1+'Table G'!$B$18))^10)/(1-((1+$A77)/(1+'Table G'!$B$18))))+('Table G'!$B$14+'Table G'!$B$15)*(1+$A77)^(10-1)*(1+'Table G'!$B$26)/(('Table G'!$B$18-'Table G'!$B$26)*(1+'Table G'!$B$18)^10),"") -> 57700.226 | F77: =IFERROR(('Table G'!$B$14+'Table G'!$B$15)/(1+'Table G'!$B$18)*IF(ABS(((1+$A77)/(1+'Table G'!$B$18))-1)<0.000000001,5,(1-((1+$A77)/(1+'Table G'!$B$18))^5)/(1-((1+$A77)/(1+'Table G'!$B$18))))+('Table G'!$B$14+'Table G'!$B$15)*(1+$A77)^(5-1)*(1+'Table G'!$B$27)/(('Table G'!$B$18-'Table G'!$B$27)*(1+'Table G'!$B$18)^5),"") -> 70843.667 | G77: =IFERROR(('Table G'!$B$14+'Table G'!$B$15)/(1+'Table G'!$B$18)*IF(ABS(((1+$A77)/(1+'Table G'!$B$18))-1)<0.000000001,10,(1-((1+$A77)/(1+'Table G'!$B$18))^10)/(1-((1+$A77)/(1+'Table G'!$B$18))))+('Table G'!$B$14+'Table G'!$B$15)*(1+$A77)^(10-1)*(1+'Table G'!$B$27)/(('Table G'!$B$18-'Table G'!$B$27)*(1+'Table G'!$B$18)^10),"") -> 60328.797
A78: =-0.1+74*$B$2 -> -0.026 | B78: =IFERROR(('Table G'!$B$14+'Table G'!$B$15)/(1+'Table G'!$B$18)*IF(ABS(((1+$A78)/(1+'Table G'!$B$18))-1)<0.000000001,5,(1-((1+$A78)/(1+'Table G'!$B$18))^5)/(1-((1+$A78)/(1+'Table G'!$B$18))))+('Table G'!$B$14+'Table G'!$B$15)*(1+$A78)^(5-1)*(1+'Table G'!$B$25)/(('Table G'!$B$18-'Table G'!$B$25)*(1+'Table G'!$B$18)^5),"") -> 62842.137 | C78: =IFERROR(('Table G'!$B$14+'Table G'!$B$15)/(1+'Table G'!$B$18)*IF(ABS(((1+$A78)/(1+'Table G'!$B$18))-1)<0.000000001,10,(1-((1+$A78)/(1+'Table G'!$B$18))^10)/(1-((1+$A78)/(1+'Table G'!$B$18))))+('Table G'!$B$14+'Table G'!$B$15)*(1+$A78)^(10-1)*(1+'Table G'!$B$25)/(('Table G'!$B$18-'Table G'!$B$25)*(1+'Table G'!$B$18)^10),"") -> 55814.901 | D78: =IFERROR(('Table G'!$B$14+'Table G'!$B$15)/(1+'Table G'!$B$18)*IF(ABS(((1+$A78)/(1+'Table G'!$B$18))-1)<0.000000001,5,(1-((1+$A78)/(1+'Table G'!$B$18))^5)/(1-((1+$A78)/(1+'Table G'!$B$18))))+('Table G'!$B$14+'Table G'!$B$15)*(1+$A78)^(5-1)*(1+'Table G'!$B$26)/(('Table G'!$B$18-'Table G'!$B$26)*(1+'Table G'!$B$18)^5),"") -> 66637.508 | E78: =IFERROR(('Table G'!$B$14+'Table G'!$B$15)/(1+'Table G'!$B$18)*IF(ABS(((1+$A78)/(1+'Table G'!$B$18))-1)<0.000000001,10,(1-((1+$A78)/(1+'Table G'!$B$18))^10)/(1-((1+$A78)/(1+'Table G'!$B$18))))+('Table G'!$B$14+'Table G'!$B$15)*(1+$A78)^(10-1)*(1+'Table G'!$B$26)/(('Table G'!$B$18-'Table G'!$B$26)*(1+'Table G'!$B$18)^10),"") -> 58074.527 | F78: =IFERROR(('Table G'!$B$14+'Table G'!$B$15)/(1+'Table G'!$B$18)*IF(ABS(((1+$A78)/(1+'Table G'!$B$18))-1)<0.000000001,5,(1-((1+$A78)/(1+'Table G'!$B$18))^5)/(1-((1+$A78)/(1+'Table G'!$B$18))))+('Table G'!$B$14+'Table G'!$B$15)*(1+$A78)^(5-1)*(1+'Table G'!$B$27)/(('Table G'!$B$18-'Table G'!$B$27)*(1+'Table G'!$B$18)^5),"") -> 71093.581 | G78: =IFERROR(('Table G'!$B$14+'Table G'!$B$15)/(1+'Table G'!$B$18)*IF(ABS(((1+$A78)/(1+'Table G'!$B$18))-1)<0.000000001,10,(1-((1+$A78)/(1+'Table G'!$B$18))^10)/(1-((1+$A78)/(1+'Table G'!$B$18))))+('Table G'!$B$14+'Table G'!$B$15)*(1+$A78)^(10-1)*(1+'Table G'!$B$27)/(('Table G'!$B$18-'Table G'!$B$27)*(1+'Table G'!$B$18)^10),"") -> 60727.512
A79: =-0.1+75*$B$2 -> -0.025 | B79: =IFERROR(('Table G'!$B$14+'Table G'!$B$15)/(1+'Table G'!$B$18)*IF(ABS(((1+$A79)/(1+'Table G'!$B$18))-1)<0.000000001,5,(1-((1+$A79)/(1+'Table G'!$B$18))^5)/(1-((1+$A79)/(1+'Table G'!$B$18))))+('Table G'!$B$14+'Table G'!$B$15)*(1+$A79)^(5-1)*(1+'Table G'!$B$25)/(('Table G'!$B$18-'Table G'!$B$25)*(1+'Table G'!$B$18)^5),"") -> 63058.845 | C79: =IFERROR(('Table G'!$B$14+'Table G'!$B$15)/(1+'Table G'!$B$18)*IF(ABS(((1+$A79)/(1+'Table G'!$B$18))-1)<0.000000001,10,(1-((1+$A79)/(1+'Table G'!$B$18))^10)/(1-((1+$A79)/(1+'Table G'!$B$18))))+('Table G'!$B$14+'Table G'!$B$15)*(1+$A79)^(10-1)*(1+'Table G'!$B$25)/(('Table G'!$B$18-'Table G'!$B$25)*(1+'Table G'!$B$18)^10),"") -> 56170.959 | D79: =IFERROR(('Table G'!$B$14+'Table G'!$B$15)/(1+'Table G'!$B$18)*IF(ABS(((1+$A79)/(1+'Table G'!$B$18))-1)<0.000000001,5,(1-((1+$A79)/(1+'Table G'!$B$18))^5)/(1-((1+$A79)/(1+'Table G'!$B$18))))+('Table G'!$B$14+'Table G'!$B$15)*(1+$A79)^(5-1)*(1+'Table G'!$B$26)/(('Table G'!$B$18-'Table G'!$B$26)*(1+'Table G'!$B$18)^5),"") -> 66869.827 | E79: =IFERROR(('Table G'!$B$14+'Table G'!$B$15)/(1+'Table G'!$B$18)*IF(ABS(((1+$A79)/(1+'Table G'!$B$18))-1)<0.000000001,10,(1-((1+$A79)/(1+'Table G'!$B$18))^10)/(1-((1+$A79)/(1+'Table G'!$B$18))))+('Table G'!$B$14+'Table G'!$B$15)*(1+$A79)^(10-1)*(1+'Table G'!$B$26)/(('Table G'!$B$18-'Table G'!$B$26)*(1+'Table G'!$B$18)^10),"") -> 58451.551 | F79: =IFERROR(('Table G'!$B$14+'Table G'!$B$15)/(1+'Table G'!$B$18)*IF(ABS(((1+$A79)/(1+'Table G'!$B$18))-1)<0.000000001,5,(1-((1+$A79)/(1+'Table G'!$B$18))^5)/(1-((1+$A79)/(1+'Table G'!$B$18))))+('Table G'!$B$14+'Table G'!$B$15)*(1+$A79)^(5-1)*(1+'Table G'!$B$27)/(('Table G'!$B$18-'Table G'!$B$27)*(1+'Table G'!$B$18)^5),"") -> 71344.228 | G79: =IFERROR(('Table G'!$B$14+'Table G'!$B$15)/(1+'Table G'!$B$18)*IF(ABS(((1+$A79)/(1+'Table G'!$B$18))-1)<0.000000001,10,(1-((1+$A79)/(1+'Table G'!$B$18))^10)/(1-((1+$A79)/(1+'Table G'!$B$18))))+('Table G'!$B$14+'Table G'!$B$15)*(1+$A79)^(10-1)*(1+'Table G'!$B$27)/(('Table G'!$B$18-'Table G'!$B$27)*(1+'Table G'!$B$18)^10),"") -> 61129.151
A80: =-0.1+76*$B$2 -> -0.024 | B80: =IFERROR(('Table G'!$B$14+'Table G'!$B$15)/(1+'Table G'!$B$18)*IF(ABS(((1+$A80)/(1+'Table G'!$B$18))-1)<0.000000001,5,(1-((1+$A80)/(1+'Table G'!$B$18))^5)/(1-((1+$A80)/(1+'Table G'!$B$18))))+('Table G'!$B$14+'Table G'!$B$15)*(1+$A80)^(5-1)*(1+'Table G'!$B$25)/(('Table G'!$B$18-'Table G'!$B$25)*(1+'Table G'!$B$18)^5),"") -> 63276.182 | C80: =IFERROR(('Table G'!$B$14+'Table G'!$B$15)/(1+'Table G'!$B$18)*IF(ABS(((1+$A80)/(1+'Table G'!$B$18))-1)<0.000000001,10,(1-((1+$A80)/(1+'Table G'!$B$18))^10)/(1-((1+$A80)/(1+'Table G'!$B$18))))+('Table G'!$B$14+'Table G'!$B$15)*(1+$A80)^(10-1)*(1+'Table G'!$B$25)/(('Table G'!$B$18-'Table G'!$B$25)*(1+'Table G'!$B$18)^10),"") -> 56529.586 | D80: =IFERROR(('Table G'!$B$14+'Table G'!$B$15)/(1+'Table G'!$B$18)*IF(ABS(((1+$A80)/(1+'Table G'!$B$18))-1)<0.000000001,5,(1-((1+$A80)/(1+'Table G'!$B$18))^5)/(1-((1+$A80)/(1+'Table G'!$B$18))))+('Table G'!$B$14+'Table G'!$B$15)*(1+$A80)^(5-1)*(1+'Table G'!$B$26)/(('Table G'!$B$18-'Table G'!$B$26)*(1+'Table G'!$B$18)^5),"") -> 67102.822 | E80: =IFERROR(('Table G'!$B$14+'Table G'!$B$15)/(1+'Table G'!$B$18)*IF(ABS(((1+$A80)/(1+'Table G'!$B$18))-1)<0.000000001,10,(1-((1+$A80)/(1+'Table G'!$B$18))^10)/(1-((1+$A80)/(1+'Table G'!$B$18))))+('Table G'!$B$14+'Table G'!$B$15)*(1+$A80)^(10-1)*(1+'Table G'!$B$26)/(('Table G'!$B$18-'Table G'!$B$26)*(1+'Table G'!$B$18)^10),"") -> 58831.316 | F80: =IFERROR(('Table G'!$B$14+'Table G'!$B$15)/(1+'Table G'!$B$18)*IF(ABS(((1+$A80)/(1+'Table G'!$B$18))-1)<0.000000001,5,(1-((1+$A80)/(1+'Table G'!$B$18))^5)/(1-((1+$A80)/(1+'Table G'!$B$18))))+('Table G'!$B$14+'Table G'!$B$15)*(1+$A80)^(5-1)*(1+'Table G'!$B$27)/(('Table G'!$B$18-'Table G'!$B$27)*(1+'Table G'!$B$18)^5),"") -> 71595.609 | G80: =IFERROR(('Table G'!$B$14+'Table G'!$B$15)/(1+'Table G'!$B$18)*IF(ABS(((1+$A80)/(1+'Table G'!$B$18))-1)<0.000000001,10,(1-((1+$A80)/(1+'Table G'!$B$18))^10)/(1-((1+$A80)/(1+'Table G'!$B$18))))+('Table G'!$B$14+'Table G'!$B$15)*(1+$A80)^(10-1)*(1+'Table G'!$B$27)/(('Table G'!$B$18-'Table G'!$B$27)*(1+'Table G'!$B$18)^10),"") -> 61533.734
A81: =-0.1+77*$B$2 -> -0.023 | B81: =IFERROR(('Table G'!$B$14+'Table G'!$B$15)/(1+'Table G'!$B$18)*IF(ABS(((1+$A81)/(1+'Table G'!$B$18))-1)<0.000000001,5,(1-((1+$A81)/(1+'Table G'!$B$18))^5)/(1-((1+$A81)/(1+'Table G'!$B$18))))+('Table G'!$B$14+'Table G'!$B$15)*(1+$A81)^(5-1)*(1+'Table G'!$B$25)/(('Table G'!$B$18-'Table G'!$B$25)*(1+'Table G'!$B$18)^5),"") -> 63494.149 | C81: =IFERROR(('Table G'!$B$14+'Table G'!$B$15)/(1+'Table G'!$B$18)*IF(ABS(((1+$A81)/(1+'Table G'!$B$18))-1)<0.000000001,10,(1-((1+$A81)/(1+'Table G'!$B$18))^10)/(1-((1+$A81)/(1+'Table G'!$B$18))))+('Table G'!$B$14+'Table G'!$B$15)*(1+$A81)^(10-1)*(1+'Table G'!$B$25)/(('Table G'!$B$18-'Table G'!$B$25)*(1+'Table G'!$B$18)^10),"") -> 56890.799 | D81: =IFERROR(('Table G'!$B$14+'Table G'!$B$15)/(1+'Table G'!$B$18)*IF(ABS(((1+$A81)/(1+'Table G'!$B$18))-1)<0.000000001,5,(1-((1+$A81)/(1+'Table G'!$B$18))^5)/(1-((1+$A81)/(1+'Table G'!$B$18))))+('Table G'!$B$14+'Table G'!$B$15)*(1+$A81)^(5-1)*(1+'Table G'!$B$26)/(('Table G'!$B$18-'Table G'!$B$26)*(1+'Table G'!$B$18)^5),"") -> 67336.497 | E81: =IFERROR(('Table G'!$B$14+'Table G'!$B$15)/(1+'Table G'!$B$18)*IF(ABS(((1+$A81)/(1+'Table G'!$B$18))-1)<0.000000001,10,(1-((1+$A81)/(1+'Table G'!$B$18))^10)/(1-((1+$A81)/(1+'Table G'!$B$18))))+('Table G'!$B$14+'Table G'!$B$15)*(1+$A81)^(10-1)*(1+'Table G'!$B$26)/(('Table G'!$B$18-'Table G'!$B$26)*(1+'Table G'!$B$18)^10),"") -> 59213.841 | F81: =IFERROR(('Table G'!$B$14+'Table G'!$B$15)/(1+'Table G'!$B$18)*IF(ABS(((1+$A81)/(1+'Table G'!$B$18))-1)<0.000000001,5,(1-((1+$A81)/(1+'Table G'!$B$18))^5)/(1-((1+$A81)/(1+'Table G'!$B$18))))+('Table G'!$B$14+'Table G'!$B$15)*(1+$A81)^(5-1)*(1+'Table G'!$B$27)/(('Table G'!$B$18-'Table G'!$B$27)*(1+'Table G'!$B$18)^5),"") -> 71847.725 | G81: =IFERROR(('Table G'!$B$14+'Table G'!$B$15)/(1+'Table G'!$B$18)*IF(ABS(((1+$A81)/(1+'Table G'!$B$18))-1)<0.000000001,10,(1-((1+$A81)/(1+'Table G'!$B$18))^10)/(1-((1+$A81)/(1+'Table G'!$B$18))))+('Table G'!$B$14+'Table G'!$B$15)*(1+$A81)^(10-1)*(1+'Table G'!$B$27)/(('Table G'!$B$18-'Table G'!$B$27)*(1+'Table G'!$B$18)^10),"") -> 61941.281
A82: =-0.1+78*$B$2 -> -0.022 | B82: =IFERROR(('Table G'!$B$14+'Table G'!$B$15)/(1+'Table G'!$B$18)*IF(ABS(((1+$A82)/(1+'Table G'!$B$18))-1)<0.000000001,5,(1-((1+$A82)/(1+'Table G'!$B$18))^5)/(1-((1+$A82)/(1+'Table G'!$B$18))))+('Table G'!$B$14+'Table G'!$B$15)*(1+$A82)^(5-1)*(1+'Table G'!$B$25)/(('Table G'!$B$18-'Table G'!$B$25)*(1+'Table G'!$B$18)^5),"") -> 63712.749 | C82: =IFERROR(('Table G'!$B$14+'Table G'!$B$15)/(1+'Table G'!$B$18)*IF(ABS(((1+$A82)/(1+'Table G'!$B$18))-1)<0.000000001,10,(1-((1+$A82)/(1+'Table G'!$B$18))^10)/(1-((1+$A82)/(1+'Table G'!$B$18))))+('Table G'!$B$14+'Table G'!$B$15)*(1+$A82)^(10-1)*(1+'Table G'!$B$25)/(('Table G'!$B$18-'Table G'!$B$25)*(1+'Table G'!$B$18)^10),"") -> 57254.614 | D82: =IFERROR(('Table G'!$B$14+'Table G'!$B$15)/(1+'Table G'!$B$18)*IF(ABS(((1+$A82)/(1+'Table G'!$B$18))-1)<0.000000001,5,(1-((1+$A82)/(1+'Table G'!$B$18))^5)/(1-((1+$A82)/(1+'Table G'!$B$18))))+('Table G'!$B$14+'Table G'!$B$15)*(1+$A82)^(5-1)*(1+'Table G'!$B$26)/(('Table G'!$B$18-'Table G'!$B$26)*(1+'Table G'!$B$18)^5),"") -> 67570.852 | E82: =IFERROR(('Table G'!$B$14+'Table G'!$B$15)/(1+'Table G'!$B$18)*IF(ABS(((1+$A82)/(1+'Table G'!$B$18))-1)<0.000000001,10,(1-((1+$A82)/(1+'Table G'!$B$18))^10)/(1-((1+$A82)/(1+'Table G'!$B$18))))+('Table G'!$B$14+'Table G'!$B$15)*(1+$A82)^(10-1)*(1+'Table G'!$B$26)/(('Table G'!$B$18-'Table G'!$B$26)*(1+'Table G'!$B$18)^10),"") -> 59599.144 | F82: =IFERROR(('Table G'!$B$14+'Table G'!$B$15)/(1+'Table G'!$B$18)*IF(ABS(((1+$A82)/(1+'Table G'!$B$18))-1)<0.000000001,5,(1-((1+$A82)/(1+'Table G'!$B$18))^5)/(1-((1+$A82)/(1+'Table G'!$B$18))))+('Table G'!$B$14+'Table G'!$B$15)*(1+$A82)^(5-1)*(1+'Table G'!$B$27)/(('Table G'!$B$18-'Table G'!$B$27)*(1+'Table G'!$B$18)^5),"") -> 72100.577 | G82: =IFERROR(('Table G'!$B$14+'Table G'!$B$15)/(1+'Table G'!$B$18)*IF(ABS(((1+$A82)/(1+'Table G'!$B$18))-1)<0.000000001,10,(1-((1+$A82)/(1+'Table G'!$B$18))^10)/(1-((1+$A82)/(1+'Table G'!$B$18))))+('Table G'!$B$14+'Table G'!$B$15)*(1+$A82)^(10-1)*(1+'Table G'!$B$27)/(('Table G'!$B$18-'Table G'!$B$27)*(1+'Table G'!$B$18)^10),"") -> 62351.812
A83: =-0.1+79*$B$2 -> -0.021 | B83: =IFERROR(('Table G'!$B$14+'Table G'!$B$15)/(1+'Table G'!$B$18)*IF(ABS(((1+$A83)/(1+'Table G'!$B$18))-1)<0.000000001,5,(1-((1+$A83)/(1+'Table G'!$B$18))^5)/(1-((1+$A83)/(1+'Table G'!$B$18))))+('Table G'!$B$14+'Table G'!$B$15)*(1+$A83)^(5-1)*(1+'Table G'!$B$25)/(('Table G'!$B$18-'Table G'!$B$25)*(1+'Table G'!$B$18)^5),"") -> 63931.981 | C83: =IFERROR(('Table G'!$B$14+'Table G'!$B$15)/(1+'Table G'!$B$18)*IF(ABS(((1+$A83)/(1+'Table G'!$B$18))-1)<0.000000001,10,(1-((1+$A83)/(1+'Table G'!$B$18))^10)/(1-((1+$A83)/(1+'Table G'!$B$18))))+('Table G'!$B$14+'Table G'!$B$15)*(1+$A83)^(10-1)*(1+'Table G'!$B$25)/(('Table G'!$B$18-'Table G'!$B$25)*(1+'Table G'!$B$18)^10),"") -> 57621.051 | D83: =IFERROR(('Table G'!$B$14+'Table G'!$B$15)/(1+'Table G'!$B$18)*IF(ABS(((1+$A83)/(1+'Table G'!$B$18))-1)<0.000000001,5,(1-((1+$A83)/(1+'Table G'!$B$18))^5)/(1-((1+$A83)/(1+'Table G'!$B$18))))+('Table G'!$B$14+'Table G'!$B$15)*(1+$A83)^(5-1)*(1+'Table G'!$B$26)/(('Table G'!$B$18-'Table G'!$B$26)*(1+'Table G'!$B$18)^5),"") -> 67805.888 | E83: =IFERROR(('Table G'!$B$14+'Table G'!$B$15)/(1+'Table G'!$B$18)*IF(ABS(((1+$A83)/(1+'Table G'!$B$18))-1)<0.000000001,10,(1-((1+$A83)/(1+'Table G'!$B$18))^10)/(1-((1+$A83)/(1+'Table G'!$B$18))))+('Table G'!$B$14+'Table G'!$B$15)*(1+$A83)^(10-1)*(1+'Table G'!$B$26)/(('Table G'!$B$18-'Table G'!$B$26)*(1+'Table G'!$B$18)^10),"") -> 59987.245 | F83: =IFERROR(('Table G'!$B$14+'Table G'!$B$15)/(1+'Table G'!$B$18)*IF(ABS(((1+$A83)/(1+'Table G'!$B$18))-1)<0.000000001,5,(1-((1+$A83)/(1+'Table G'!$B$18))^5)/(1-((1+$A83)/(1+'Table G'!$B$18))))+('Table G'!$B$14+'Table G'!$B$15)*(1+$A83)^(5-1)*(1+'Table G'!$B$27)/(('Table G'!$B$18-'Table G'!$B$27)*(1+'Table G'!$B$18)^5),"") -> 72354.168 | G83: =IFERROR(('Table G'!$B$14+'Table G'!$B$15)/(1+'Table G'!$B$18)*IF(ABS(((1+$A83)/(1+'Table G'!$B$18))-1)<0.000000001,10,(1-((1+$A83)/(1+'Table G'!$B$18))^10)/(1-((1+$A83)/(1+'Table G'!$B$18))))+('Table G'!$B$14+'Table G'!$B$15)*(1+$A83)^(10-1)*(1+'Table G'!$B$27)/(('Table G'!$B$18-'Table G'!$B$27)*(1+'Table G'!$B$18)^10),"") -> 62765.348
A84: =-0.1+80*$B$2 -> -0.02 | B84: =IFERROR(('Table G'!$B$14+'Table G'!$B$15)/(1+'Table G'!$B$18)*IF(ABS(((1+$A84)/(1+'Table G'!$B$18))-1)<0.000000001,5,(1-((1+$A84)/(1+'Table G'!$B$18))^5)/(1-((1+$A84)/(1+'Table G'!$B$18))))+('Table G'!$B$14+'Table G'!$B$15)*(1+$A84)^(5-1)*(1+'Table G'!$B$25)/(('Table G'!$B$18-'Table G'!$B$25)*(1+'Table G'!$B$18)^5),"") -> 64151.848 | C84: =IFERROR(('Table G'!$B$14+'Table G'!$B$15)/(1+'Table G'!$B$18)*IF(ABS(((1+$A84)/(1+'Table G'!$B$18))-1)<0.000000001,10,(1-((1+$A84)/(1+'Table G'!$B$18))^10)/(1-((1+$A84)/(1+'Table G'!$B$18))))+('Table G'!$B$14+'Table G'!$B$15)*(1+$A84)^(10-1)*(1+'Table G'!$B$25)/(('Table G'!$B$18-'Table G'!$B$25)*(1+'Table G'!$B$18)^10),"") -> 57990.126 | D84: =IFERROR(('Table G'!$B$14+'Table G'!$B$15)/(1+'Table G'!$B$18)*IF(ABS(((1+$A84)/(1+'Table G'!$B$18))-1)<0.000000001,5,(1-((1+$A84)/(1+'Table G'!$B$18))^5)/(1-((1+$A84)/(1+'Table G'!$B$18))))+('Table G'!$B$14+'Table G'!$B$15)*(1+$A84)^(5-1)*(1+'Table G'!$B$26)/(('Table G'!$B$18-'Table G'!$B$26)*(1+'Table G'!$B$18)^5),"") -> 68041.607 | E84: =IFERROR(('Table G'!$B$14+'Table G'!$B$15)/(1+'Table G'!$B$18)*IF(ABS(((1+$A84)/(1+'Table G'!$B$18))-1)<0.000000001,10,(1-((1+$A84)/(1+'Table G'!$B$18))^10)/(1-((1+$A84)/(1+'Table G'!$B$18))))+('Table G'!$B$14+'Table G'!$B$15)*(1+$A84)^(10-1)*(1+'Table G'!$B$26)/(('Table G'!$B$18-'Table G'!$B$26)*(1+'Table G'!$B$18)^10),"") -> 60378.161 | F84: =IFERROR(('Table G'!$B$14+'Table G'!$B$15)/(1+'Table G'!$B$18)*IF(ABS(((1+$A84)/(1+'Table G'!$B$18))-1)<0.000000001,5,(1-((1+$A84)/(1+'Table G'!$B$18))^5)/(1-((1+$A84)/(1+'Table G'!$B$18))))+('Table G'!$B$14+'Table G'!$B$15)*(1+$A84)^(5-1)*(1+'Table G'!$B$27)/(('Table G'!$B$18-'Table G'!$B$27)*(1+'Table G'!$B$18)^5),"") -> 72608.499 | G84: =IFERROR(('Table G'!$B$14+'Table G'!$B$15)/(1+'Table G'!$B$18)*IF(ABS(((1+$A84)/(1+'Table G'!$B$18))-1)<0.000000001,10,(1-((1+$A84)/(1+'Table G'!$B$18))^10)/(1-((1+$A84)/(1+'Table G'!$B$18))))+('Table G'!$B$14+'Table G'!$B$15)*(1+$A84)^(10-1)*(1+'Table G'!$B$27)/(('Table G'!$B$18-'Table G'!$B$27)*(1+'Table G'!$B$18)^10),"") -> 63181.908
A85: =-0.1+81*$B$2 -> -0.019 | B85: =IFERROR(('Table G'!$B$14+'Table G'!$B$15)/(1+'Table G'!$B$18)*IF(ABS(((1+$A85)/(1+'Table G'!$B$18))-1)<0.000000001,5,(1-((1+$A85)/(1+'Table G'!$B$18))^5)/(1-((1+$A85)/(1+'Table G'!$B$18))))+('Table G'!$B$14+'Table G'!$B$15)*(1+$A85)^(5-1)*(1+'Table G'!$B$25)/(('Table G'!$B$18-'Table G'!$B$25)*(1+'Table G'!$B$18)^5),"") -> 64372.35 | C85: =IFERROR(('Table G'!$B$14+'Table G'!$B$15)/(1+'Table G'!$B$18)*IF(ABS(((1+$A85)/(1+'Table G'!$B$18))-1)<0.000000001,10,(1-((1+$A85)/(1+'Table G'!$B$18))^10)/(1-((1+$A85)/(1+'Table G'!$B$18))))+('Table G'!$B$14+'Table G'!$B$15)*(1+$A85)^(10-1)*(1+'Table G'!$B$25)/(('Table G'!$B$18-'Table G'!$B$25)*(1+'Table G'!$B$18)^10),"") -> 58361.857 | D85: =IFERROR(('Table G'!$B$14+'Table G'!$B$15)/(1+'Table G'!$B$18)*IF(ABS(((1+$A85)/(1+'Table G'!$B$18))-1)<0.000000001,5,(1-((1+$A85)/(1+'Table G'!$B$18))^5)/(1-((1+$A85)/(1+'Table G'!$B$18))))+('Table G'!$B$14+'Table G'!$B$15)*(1+$A85)^(5-1)*(1+'Table G'!$B$26)/(('Table G'!$B$18-'Table G'!$B$26)*(1+'Table G'!$B$18)^5),"") -> 68278.01 | E85: =IFERROR(('Table G'!$B$14+'Table G'!$B$15)/(1+'Table G'!$B$18)*IF(ABS(((1+$A85)/(1+'Table G'!$B$18))-1)<0.000000001,10,(1-((1+$A85)/(1+'Table G'!$B$18))^10)/(1-((1+$A85)/(1+'Table G'!$B$18))))+('Table G'!$B$14+'Table G'!$B$15)*(1+$A85)^(10-1)*(1+'Table G'!$B$26)/(('Table G'!$B$18-'Table G'!$B$26)*(1+'Table G'!$B$18)^10),"") -> 60771.913 | F85: =IFERROR(('Table G'!$B$14+'Table G'!$B$15)/(1+'Table G'!$B$18)*IF(ABS(((1+$A85)/(1+'Table G'!$B$18))-1)<0.000000001,5,(1-((1+$A85)/(1+'Table G'!$B$18))^5)/(1-((1+$A85)/(1+'Table G'!$B$18))))+('Table G'!$B$14+'Table G'!$B$15)*(1+$A85)^(5-1)*(1+'Table G'!$B$27)/(('Table G'!$B$18-'Table G'!$B$27)*(1+'Table G'!$B$18)^5),"") -> 72863.571 | G85: =IFERROR(('Table G'!$B$14+'Table G'!$B$15)/(1+'Table G'!$B$18)*IF(ABS(((1+$A85)/(1+'Table G'!$B$18))-1)<0.000000001,10,(1-((1+$A85)/(1+'Table G'!$B$18))^10)/(1-((1+$A85)/(1+'Table G'!$B$18))))+('Table G'!$B$14+'Table G'!$B$15)*(1+$A85)^(10-1)*(1+'Table G'!$B$27)/(('Table G'!$B$18-'Table G'!$B$27)*(1+'Table G'!$B$18)^10),"") -> 63601.514
A86: =-0.1+82*$B$2 -> -0.018 | B86: =IFERROR(('Table G'!$B$14+'Table G'!$B$15)/(1+'Table G'!$B$18)*IF(ABS(((1+$A86)/(1+'Table G'!$B$18))-1)<0.000000001,5,(1-((1+$A86)/(1+'Table G'!$B$18))^5)/(1-((1+$A86)/(1+'Table G'!$B$18))))+('Table G'!$B$14+'Table G'!$B$15)*(1+$A86)^(5-1)*(1+'Table G'!$B$25)/(('Table G'!$B$18-'Table G'!$B$25)*(1+'Table G'!$B$18)^5),"") -> 64593.489 | C86: =IFERROR(('Table G'!$B$14+'Table G'!$B$15)/(1+'Table G'!$B$18)*IF(ABS(((1+$A86)/(1+'Table G'!$B$18))-1)<0.000000001,10,(1-((1+$A86)/(1+'Table G'!$B$18))^10)/(1-((1+$A86)/(1+'Table G'!$B$18))))+('Table G'!$B$14+'Table G'!$B$15)*(1+$A86)^(10-1)*(1+'Table G'!$B$25)/(('Table G'!$B$18-'Table G'!$B$25)*(1+'Table G'!$B$18)^10),"") -> 58736.263 | D86: =IFERROR(('Table G'!$B$14+'Table G'!$B$15)/(1+'Table G'!$B$18)*IF(ABS(((1+$A86)/(1+'Table G'!$B$18))-1)<0.000000001,5,(1-((1+$A86)/(1+'Table G'!$B$18))^5)/(1-((1+$A86)/(1+'Table G'!$B$18))))+('Table G'!$B$14+'Table G'!$B$15)*(1+$A86)^(5-1)*(1+'Table G'!$B$26)/(('Table G'!$B$18-'Table G'!$B$26)*(1+'Table G'!$B$18)^5),"") -> 68515.098 | E86: =IFERROR(('Table G'!$B$14+'Table G'!$B$15)/(1+'Table G'!$B$18)*IF(ABS(((1+$A86)/(1+'Table G'!$B$18))-1)<0.000000001,10,(1-((1+$A86)/(1+'Table G'!$B$18))^10)/(1-((1+$A86)/(1+'Table G'!$B$18))))+('Table G'!$B$14+'Table G'!$B$15)*(1+$A86)^(10-1)*(1+'Table G'!$B$26)/(('Table G'!$B$18-'Table G'!$B$26)*(1+'Table G'!$B$18)^10),"") -> 61168.52 | F86: =IFERROR(('Table G'!$B$14+'Table G'!$B$15)/(1+'Table G'!$B$18)*IF(ABS(((1+$A86)/(1+'Table G'!$B$18))-1)<0.000000001,5,(1-((1+$A86)/(1+'Table G'!$B$18))^5)/(1-((1+$A86)/(1+'Table G'!$B$18))))+('Table G'!$B$14+'Table G'!$B$15)*(1+$A86)^(5-1)*(1+'Table G'!$B$27)/(('Table G'!$B$18-'Table G'!$B$27)*(1+'Table G'!$B$18)^5),"") -> 73119.386 | G86: =IFERROR(('Table G'!$B$14+'Table G'!$B$15)/(1+'Table G'!$B$18)*IF(ABS(((1+$A86)/(1+'Table G'!$B$18))-1)<0.000000001,10,(1-((1+$A86)/(1+'Table G'!$B$18))^10)/(1-((1+$A86)/(1+'Table G'!$B$18))))+('Table G'!$B$14+'Table G'!$B$15)*(1+$A86)^(10-1)*(1+'Table G'!$B$27)/(('Table G'!$B$18-'Table G'!$B$27)*(1+'Table G'!$B$18)^10),"") -> 64024.186
A87: =-0.1+83*$B$2 -> -0.017 | B87: =IFERROR(('Table G'!$B$14+'Table G'!$B$15)/(1+'Table G'!$B$18)*IF(ABS(((1+$A87)/(1+'Table G'!$B$18))-1)<0.000000001,5,(1-((1+$A87)/(1+'Table G'!$B$18))^5)/(1-((1+$A87)/(1+'Table G'!$B$18))))+('Table G'!$B$14+'Table G'!$B$15)*(1+$A87)^(5-1)*(1+'Table G'!$B$25)/(('Table G'!$B$18-'Table G'!$B$25)*(1+'Table G'!$B$18)^5),"") -> 64815.266 | C87: =IFERROR(('Table G'!$B$14+'Table G'!$B$15)/(1+'Table G'!$B$18)*IF(ABS(((1+$A87)/(1+'Table G'!$B$18))-1)<0.000000001,10,(1-((1+$A87)/(1+'Table G'!$B$18))^10)/(1-((1+$A87)/(1+'Table G'!$B$18))))+('Table G'!$B$14+'Table G'!$B$15)*(1+$A87)^(10-1)*(1+'Table G'!$B$25)/(('Table G'!$B$18-'Table G'!$B$25)*(1+'Table G'!$B$18)^10),"") -> 59113.36 | D87: =IFERROR(('Table G'!$B$14+'Table G'!$B$15)/(1+'Table G'!$B$18)*IF(ABS(((1+$A87)/(1+'Table G'!$B$18))-1)<0.000000001,5,(1-((1+$A87)/(1+'Table G'!$B$18))^5)/(1-((1+$A87)/(1+'Table G'!$B$18))))+('Table G'!$B$14+'Table G'!$B$15)*(1+$A87)^(5-1)*(1+'Table G'!$B$26)/(('Table G'!$B$18-'Table G'!$B$26)*(1+'Table G'!$B$18)^5),"") -> 68752.874 | E87: =IFERROR(('Table G'!$B$14+'Table G'!$B$15)/(1+'Table G'!$B$18)*IF(ABS(((1+$A87)/(1+'Table G'!$B$18))-1)<0.000000001,10,(1-((1+$A87)/(1+'Table G'!$B$18))^10)/(1-((1+$A87)/(1+'Table G'!$B$18))))+('Table G'!$B$14+'Table G'!$B$15)*(1+$A87)^(10-1)*(1+'Table G'!$B$26)/(('Table G'!$B$18-'Table G'!$B$26)*(1+'Table G'!$B$18)^10),"") -> 61567.999 | F87: =IFERROR(('Table G'!$B$14+'Table G'!$B$15)/(1+'Table G'!$B$18)*IF(ABS(((1+$A87)/(1+'Table G'!$B$18))-1)<0.000000001,5,(1-((1+$A87)/(1+'Table G'!$B$18))^5)/(1-((1+$A87)/(1+'Table G'!$B$18))))+('Table G'!$B$14+'Table G'!$B$15)*(1+$A87)^(5-1)*(1+'Table G'!$B$27)/(('Table G'!$B$18-'Table G'!$B$27)*(1+'Table G'!$B$18)^5),"") -> 73375.945 | G87: =IFERROR(('Table G'!$B$14+'Table G'!$B$15)/(1+'Table G'!$B$18)*IF(ABS(((1+$A87)/(1+'Table G'!$B$18))-1)<0.000000001,10,(1-((1+$A87)/(1+'Table G'!$B$18))^10)/(1-((1+$A87)/(1+'Table G'!$B$18))))+('Table G'!$B$14+'Table G'!$B$15)*(1+$A87)^(10-1)*(1+'Table G'!$B$27)/(('Table G'!$B$18-'Table G'!$B$27)*(1+'Table G'!$B$18)^10),"") -> 64449.945
A88: =-0.1+84*$B$2 -> -0.016 | B88: =IFERROR(('Table G'!$B$14+'Table G'!$B$15)/(1+'Table G'!$B$18)*IF(ABS(((1+$A88)/(1+'Table G'!$B$18))-1)<0.000000001,5,(1-((1+$A88)/(1+'Table G'!$B$18))^5)/(1-((1+$A88)/(1+'Table G'!$B$18))))+('Table G'!$B$14+'Table G'!$B$15)*(1+$A88)^(5-1)*(1+'Table G'!$B$25)/(('Table G'!$B$18-'Table G'!$B$25)*(1+'Table G'!$B$18)^5),"") -> 65037.682 | C88: =IFERROR(('Table G'!$B$14+'Table G'!$B$15)/(1+'Table G'!$B$18)*IF(ABS(((1+$A88)/(1+'Table G'!$B$18))-1)<0.000000001,10,(1-((1+$A88)/(1+'Table G'!$B$18))^10)/(1-((1+$A88)/(1+'Table G'!$B$18))))+('Table G'!$B$14+'Table G'!$B$15)*(1+$A88)^(10-1)*(1+'Table G'!$B$25)/(('Table G'!$B$18-'Table G'!$B$25)*(1+'Table G'!$B$18)^10),"") -> 59493.167 | D88: =IFERROR(('Table G'!$B$14+'Table G'!$B$15)/(1+'Table G'!$B$18)*IF(ABS(((1+$A88)/(1+'Table G'!$B$18))-1)<0.000000001,5,(1-((1+$A88)/(1+'Table G'!$B$18))^5)/(1-((1+$A88)/(1+'Table G'!$B$18))))+('Table G'!$B$14+'Table G'!$B$15)*(1+$A88)^(5-1)*(1+'Table G'!$B$26)/(('Table G'!$B$18-'Table G'!$B$26)*(1+'Table G'!$B$18)^5),"") -> 68991.338 | E88: =IFERROR(('Table G'!$B$14+'Table G'!$B$15)/(1+'Table G'!$B$18)*IF(ABS(((1+$A88)/(1+'Table G'!$B$18))-1)<0.000000001,10,(1-((1+$A88)/(1+'Table G'!$B$18))^10)/(1-((1+$A88)/(1+'Table G'!$B$18))))+('Table G'!$B$14+'Table G'!$B$15)*(1+$A88)^(10-1)*(1+'Table G'!$B$26)/(('Table G'!$B$18-'Table G'!$B$26)*(1+'Table G'!$B$18)^10),"") -> 61970.372 | F88: =IFERROR(('Table G'!$B$14+'Table G'!$B$15)/(1+'Table G'!$B$18)*IF(ABS(((1+$A88)/(1+'Table G'!$B$18))-1)<0.000000001,5,(1-((1+$A88)/(1+'Table G'!$B$18))^5)/(1-((1+$A88)/(1+'Table G'!$B$18))))+('Table G'!$B$14+'Table G'!$B$15)*(1+$A88)^(5-1)*(1+'Table G'!$B$27)/(('Table G'!$B$18-'Table G'!$B$27)*(1+'Table G'!$B$18)^5),"") -> 73633.249 | G88: =IFERROR(('Table G'!$B$14+'Table G'!$B$15)/(1+'Table G'!$B$18)*IF(ABS(((1+$A88)/(1+'Table G'!$B$18))-1)<0.000000001,10,(1-((1+$A88)/(1+'Table G'!$B$18))^10)/(1-((1+$A88)/(1+'Table G'!$B$18))))+('Table G'!$B$14+'Table G'!$B$15)*(1+$A88)^(10-1)*(1+'Table G'!$B$27)/(('Table G'!$B$18-'Table G'!$B$27)*(1+'Table G'!$B$18)^10),"") -> 64878.811
A89: =-0.1+85*$B$2 -> -0.015 | B89: =IFERROR(('Table G'!$B$14+'Table G'!$B$15)/(1+'Table G'!$B$18)*IF(ABS(((1+$A89)/(1+'Table G'!$B$18))-1)<0.000000001,5,(1-((1+$A89)/(1+'Table G'!$B$18))^5)/(1-((1+$A89)/(1+'Table G'!$B$18))))+('Table G'!$B$14+'Table G'!$B$15)*(1+$A89)^(5-1)*(1+'Table G'!$B$25)/(('Table G'!$B$18-'Table G'!$B$25)*(1+'Table G'!$B$18)^5),"") -> 65260.739 | C89: =IFERROR(('Table G'!$B$14+'Table G'!$B$15)/(1+'Table G'!$B$18)*IF(ABS(((1+$A89)/(1+'Table G'!$B$18))-1)<0.000000001,10,(1-((1+$A89)/(1+'Table G'!$B$18))^10)/(1-((1+$A89)/(1+'Table G'!$B$18))))+('Table G'!$B$14+'Table G'!$B$15)*(1+$A89)^(10-1)*(1+'Table G'!$B$25)/(('Table G'!$B$18-'Table G'!$B$25)*(1+'Table G'!$B$18)^10),"") -> 59875.703 | D89: =IFERROR(('Table G'!$B$14+'Table G'!$B$15)/(1+'Table G'!$B$18)*IF(ABS(((1+$A89)/(1+'Table G'!$B$18))-1)<0.000000001,5,(1-((1+$A89)/(1+'Table G'!$B$18))^5)/(1-((1+$A89)/(1+'Table G'!$B$18))))+('Table G'!$B$14+'Table G'!$B$15)*(1+$A89)^(5-1)*(1+'Table G'!$B$26)/(('Table G'!$B$18-'Table G'!$B$26)*(1+'Table G'!$B$18)^5),"") -> 69230.491 | E89: =IFERROR(('Table G'!$B$14+'Table G'!$B$15)/(1+'Table G'!$B$18)*IF(ABS(((1+$A89)/(1+'Table G'!$B$18))-1)<0.000000001,10,(1-((1+$A89)/(1+'Table G'!$B$18))^10)/(1-((1+$A89)/(1+'Table G'!$B$18))))+('Table G'!$B$14+'Table G'!$B$15)*(1+$A89)^(10-1)*(1+'Table G'!$B$26)/(('Table G'!$B$18-'Table G'!$B$26)*(1+'Table G'!$B$18)^10),"") -> 62375.657 | F89: =IFERROR(('Table G'!$B$14+'Table G'!$B$15)/(1+'Table G'!$B$18)*IF(ABS(((1+$A89)/(1+'Table G'!$B$18))-1)<0.000000001,5,(1-((1+$A89)/(1+'Table G'!$B$18))^5)/(1-((1+$A89)/(1+'Table G'!$B$18))))+('Table G'!$B$14+'Table G'!$B$15)*(1+$A89)^(5-1)*(1+'Table G'!$B$27)/(('Table G'!$B$18-'Table G'!$B$27)*(1+'Table G'!$B$18)^5),"") -> 73891.301 | G89: =IFERROR(('Table G'!$B$14+'Table G'!$B$15)/(1+'Table G'!$B$18)*IF(ABS(((1+$A89)/(1+'Table G'!$B$18))-1)<0.000000001,10,(1-((1+$A89)/(1+'Table G'!$B$18))^10)/(1-((1+$A89)/(1+'Table G'!$B$18))))+('Table G'!$B$14+'Table G'!$B$15)*(1+$A89)^(10-1)*(1+'Table G'!$B$27)/(('Table G'!$B$18-'Table G'!$B$27)*(1+'Table G'!$B$18)^10),"") -> 65310.807
A90: =-0.1+86*$B$2 -> -0.014 | B90: =IFERROR(('Table G'!$B$14+'Table G'!$B$15)/(1+'Table G'!$B$18)*IF(ABS(((1+$A90)/(1+'Table G'!$B$18))-1)<0.000000001,5,(1-((1+$A90)/(1+'Table G'!$B$18))^5)/(1-((1+$A90)/(1+'Table G'!$B$18))))+('Table G'!$B$14+'Table G'!$B$15)*(1+$A90)^(5-1)*(1+'Table G'!$B$25)/(('Table G'!$B$18-'Table G'!$B$25)*(1+'Table G'!$B$18)^5),"") -> 65484.438 | C90: =IFERROR(('Table G'!$B$14+'Table G'!$B$15)/(1+'Table G'!$B$18)*IF(ABS(((1+$A90)/(1+'Table G'!$B$18))-1)<0.000000001,10,(1-((1+$A90)/(1+'Table G'!$B$18))^10)/(1-((1+$A90)/(1+'Table G'!$B$18))))+('Table G'!$B$14+'Table G'!$B$15)*(1+$A90)^(10-1)*(1+'Table G'!$B$25)/(('Table G'!$B$18-'Table G'!$B$25)*(1+'Table G'!$B$18)^10),"") -> 60260.985 | D90: =IFERROR(('Table G'!$B$14+'Table G'!$B$15)/(1+'Table G'!$B$18)*IF(ABS(((1+$A90)/(1+'Table G'!$B$18))-1)<0.000000001,5,(1-((1+$A90)/(1+'Table G'!$B$18))^5)/(1-((1+$A90)/(1+'Table G'!$B$18))))+('Table G'!$B$14+'Table G'!$B$15)*(1+$A90)^(5-1)*(1+'Table G'!$B$26)/(('Table G'!$B$18-'Table G'!$B$26)*(1+'Table G'!$B$18)^5),"") -> 69470.335 | E90: =IFERROR(('Table G'!$B$14+'Table G'!$B$15)/(1+'Table G'!$B$18)*IF(ABS(((1+$A90)/(1+'Table G'!$B$18))-1)<0.000000001,10,(1-((1+$A90)/(1+'Table G'!$B$18))^10)/(1-((1+$A90)/(1+'Table G'!$B$18))))+('Table G'!$B$14+'Table G'!$B$15)*(1+$A90)^(10-1)*(1+'Table G'!$B$26)/(('Table G'!$B$18-'Table G'!$B$26)*(1+'Table G'!$B$18)^10),"") -> 62783.875 | F90: =IFERROR(('Table G'!$B$14+'Table G'!$B$15)/(1+'Table G'!$B$18)*IF(ABS(((1+$A90)/(1+'Table G'!$B$18))-1)<0.000000001,5,(1-((1+$A90)/(1+'Table G'!$B$18))^5)/(1-((1+$A90)/(1+'Table G'!$B$18))))+('Table G'!$B$14+'Table G'!$B$15)*(1+$A90)^(5-1)*(1+'Table G'!$B$27)/(('Table G'!$B$18-'Table G'!$B$27)*(1+'Table G'!$B$18)^5),"") -> 74150.101 | G90: =IFERROR(('Table G'!$B$14+'Table G'!$B$15)/(1+'Table G'!$B$18)*IF(ABS(((1+$A90)/(1+'Table G'!$B$18))-1)<0.000000001,10,(1-((1+$A90)/(1+'Table G'!$B$18))^10)/(1-((1+$A90)/(1+'Table G'!$B$18))))+('Table G'!$B$14+'Table G'!$B$15)*(1+$A90)^(10-1)*(1+'Table G'!$B$27)/(('Table G'!$B$18-'Table G'!$B$27)*(1+'Table G'!$B$18)^10),"") -> 65745.952
A91: =-0.1+87*$B$2 -> -0.013 | B91: =IFERROR(('Table G'!$B$14+'Table G'!$B$15)/(1+'Table G'!$B$18)*IF(ABS(((1+$A91)/(1+'Table G'!$B$18))-1)<0.000000001,5,(1-((1+$A91)/(1+'Table G'!$B$18))^5)/(1-((1+$A91)/(1+'Table G'!$B$18))))+('Table G'!$B$14+'Table G'!$B$15)*(1+$A91)^(5-1)*(1+'Table G'!$B$25)/(('Table G'!$B$18-'Table G'!$B$25)*(1+'Table G'!$B$18)^5),"") -> 65708.78 | C91: =IFERROR(('Table G'!$B$14+'Table G'!$B$15)/(1+'Table G'!$B$18)*IF(ABS(((1+$A91)/(1+'Table G'!$B$18))-1)<0.000000001,10,(1-((1+$A91)/(1+'Table G'!$B$18))^10)/(1-((1+$A91)/(1+'Table G'!$B$18))))+('Table G'!$B$14+'Table G'!$B$15)*(1+$A91)^(10-1)*(1+'Table G'!$B$25)/(('Table G'!$B$18-'Table G'!$B$25)*(1+'Table G'!$B$18)^10),"") -> 60649.032 | D91: =IFERROR(('Table G'!$B$14+'Table G'!$B$15)/(1+'Table G'!$B$18)*IF(ABS(((1+$A91)/(1+'Table G'!$B$18))-1)<0.000000001,5,(1-((1+$A91)/(1+'Table G'!$B$18))^5)/(1-((1+$A91)/(1+'Table G'!$B$18))))+('Table G'!$B$14+'Table G'!$B$15)*(1+$A91)^(5-1)*(1+'Table G'!$B$26)/(('Table G'!$B$18-'Table G'!$B$26)*(1+'Table G'!$B$18)^5),"") -> 69710.872 | E91: =IFERROR(('Table G'!$B$14+'Table G'!$B$15)/(1+'Table G'!$B$18)*IF(ABS(((1+$A91)/(1+'Table G'!$B$18))-1)<0.000000001,10,(1-((1+$A91)/(1+'Table G'!$B$18))^10)/(1-((1+$A91)/(1+'Table G'!$B$18))))+('Table G'!$B$14+'Table G'!$B$15)*(1+$A91)^(10-1)*(1+'Table G'!$B$26)/(('Table G'!$B$18-'Table G'!$B$26)*(1+'Table G'!$B$18)^10),"") -> 63195.043 | F91: =IFERROR(('Table G'!$B$14+'Table G'!$B$15)/(1+'Table G'!$B$18)*IF(ABS(((1+$A91)/(1+'Table G'!$B$18))-1)<0.000000001,5,(1-((1+$A91)/(1+'Table G'!$B$18))^5)/(1-((1+$A91)/(1+'Table G'!$B$18))))+('Table G'!$B$14+'Table G'!$B$15)*(1+$A91)^(5-1)*(1+'Table G'!$B$27)/(('Table G'!$B$18-'Table G'!$B$27)*(1+'Table G'!$B$18)^5),"") -> 74409.651 | G91: =IFERROR(('Table G'!$B$14+'Table G'!$B$15)/(1+'Table G'!$B$18)*IF(ABS(((1+$A91)/(1+'Table G'!$B$18))-1)<0.000000001,10,(1-((1+$A91)/(1+'Table G'!$B$18))^10)/(1-((1+$A91)/(1+'Table G'!$B$18))))+('Table G'!$B$14+'Table G'!$B$15)*(1+$A91)^(10-1)*(1+'Table G'!$B$27)/(('Table G'!$B$18-'Table G'!$B$27)*(1+'Table G'!$B$18)^10),"") -> 66184.268
A92: =-0.1+88*$B$2 -> -0.012 | B92: =IFERROR(('Table G'!$B$14+'Table G'!$B$15)/(1+'Table G'!$B$18)*IF(ABS(((1+$A92)/(1+'Table G'!$B$18))-1)<0.000000001,5,(1-((1+$A92)/(1+'Table G'!$B$18))^5)/(1-((1+$A92)/(1+'Table G'!$B$18))))+('Table G'!$B$14+'Table G'!$B$15)*(1+$A92)^(5-1)*(1+'Table G'!$B$25)/(('Table G'!$B$18-'Table G'!$B$25)*(1+'Table G'!$B$18)^5),"") -> 65933.766 | C92: =IFERROR(('Table G'!$B$14+'Table G'!$B$15)/(1+'Table G'!$B$18)*IF(ABS(((1+$A92)/(1+'Table G'!$B$18))-1)<0.000000001,10,(1-((1+$A92)/(1+'Table G'!$B$18))^10)/(1-((1+$A92)/(1+'Table G'!$B$18))))+('Table G'!$B$14+'Table G'!$B$15)*(1+$A92)^(10-1)*(1+'Table G'!$B$25)/(('Table G'!$B$18-'Table G'!$B$25)*(1+'Table G'!$B$18)^10),"") -> 61039.862 | D92: =IFERROR(('Table G'!$B$14+'Table G'!$B$15)/(1+'Table G'!$B$18)*IF(ABS(((1+$A92)/(1+'Table G'!$B$18))-1)<0.000000001,5,(1-((1+$A92)/(1+'Table G'!$B$18))^5)/(1-((1+$A92)/(1+'Table G'!$B$18))))+('Table G'!$B$14+'Table G'!$B$15)*(1+$A92)^(5-1)*(1+'Table G'!$B$26)/(('Table G'!$B$18-'Table G'!$B$26)*(1+'Table G'!$B$18)^5),"") -> 69952.102 | E92: =IFERROR(('Table G'!$B$14+'Table G'!$B$15)/(1+'Table G'!$B$18)*IF(ABS(((1+$A92)/(1+'Table G'!$B$18))-1)<0.000000001,10,(1-((1+$A92)/(1+'Table G'!$B$18))^10)/(1-((1+$A92)/(1+'Table G'!$B$18))))+('Table G'!$B$14+'Table G'!$B$15)*(1+$A92)^(10-1)*(1+'Table G'!$B$26)/(('Table G'!$B$18-'Table G'!$B$26)*(1+'Table G'!$B$18)^10),"") -> 63609.184 | F92: =IFERROR(('Table G'!$B$14+'Table G'!$B$15)/(1+'Table G'!$B$18)*IF(ABS(((1+$A92)/(1+'Table G'!$B$18))-1)<0.000000001,5,(1-((1+$A92)/(1+'Table G'!$B$18))^5)/(1-((1+$A92)/(1+'Table G'!$B$18))))+('Table G'!$B$14+'Table G'!$B$15)*(1+$A92)^(5-1)*(1+'Table G'!$B$27)/(('Table G'!$B$18-'Table G'!$B$27)*(1+'Table G'!$B$18)^5),"") -> 74669.953 | G92: =IFERROR(('Table G'!$B$14+'Table G'!$B$15)/(1+'Table G'!$B$18)*IF(ABS(((1+$A92)/(1+'Table G'!$B$18))-1)<0.000000001,10,(1-((1+$A92)/(1+'Table G'!$B$18))^10)/(1-((1+$A92)/(1+'Table G'!$B$18))))+('Table G'!$B$14+'Table G'!$B$15)*(1+$A92)^(10-1)*(1+'Table G'!$B$27)/(('Table G'!$B$18-'Table G'!$B$27)*(1+'Table G'!$B$18)^10),"") -> 66625.776
A93: =-0.1+89*$B$2 -> -0.011 | B93: =IFERROR(('Table G'!$B$14+'Table G'!$B$15)/(1+'Table G'!$B$18)*IF(ABS(((1+$A93)/(1+'Table G'!$B$18))-1)<0.000000001,5,(1-((1+$A93)/(1+'Table G'!$B$18))^5)/(1-((1+$A93)/(1+'Table G'!$B$18))))+('Table G'!$B$14+'Table G'!$B$15)*(1+$A93)^(5-1)*(1+'Table G'!$B$25)/(('Table G'!$B$18-'Table G'!$B$25)*(1+'Table G'!$B$18)^5),"") -> 66159.398 | C93: =IFERROR(('Table G'!$B$14+'Table G'!$B$15)/(1+'Table G'!$B$18)*IF(ABS(((1+$A93)/(1+'Table G'!$B$18))-1)<0.000000001,10,(1-((1+$A93)/(1+'Table G'!$B$18))^10)/(1-((1+$A93)/(1+'Table G'!$B$18))))+('Table G'!$B$14+'Table G'!$B$15)*(1+$A93)^(10-1)*(1+'Table G'!$B$25)/(('Table G'!$B$18-'Table G'!$B$25)*(1+'Table G'!$B$18)^10),"") -> 61433.494 | D93: =IFERROR(('Table G'!$B$14+'Table G'!$B$15)/(1+'Table G'!$B$18)*IF(ABS(((1+$A93)/(1+'Table G'!$B$18))-1)<0.000000001,5,(1-((1+$A93)/(1+'Table G'!$B$18))^5)/(1-((1+$A93)/(1+'Table G'!$B$18))))+('Table G'!$B$14+'Table G'!$B$15)*(1+$A93)^(5-1)*(1+'Table G'!$B$26)/(('Table G'!$B$18-'Table G'!$B$26)*(1+'Table G'!$B$18)^5),"") -> 70194.027 | E93: =IFERROR(('Table G'!$B$14+'Table G'!$B$15)/(1+'Table G'!$B$18)*IF(ABS(((1+$A93)/(1+'Table G'!$B$18))-1)<0.000000001,10,(1-((1+$A93)/(1+'Table G'!$B$18))^10)/(1-((1+$A93)/(1+'Table G'!$B$18))))+('Table G'!$B$14+'Table G'!$B$15)*(1+$A93)^(10-1)*(1+'Table G'!$B$26)/(('Table G'!$B$18-'Table G'!$B$26)*(1+'Table G'!$B$18)^10),"") -> 64026.316 | F93: =IFERROR(('Table G'!$B$14+'Table G'!$B$15)/(1+'Table G'!$B$18)*IF(ABS(((1+$A93)/(1+'Table G'!$B$18))-1)<0.000000001,5,(1-((1+$A93)/(1+'Table G'!$B$18))^5)/(1-((1+$A93)/(1+'Table G'!$B$18))))+('Table G'!$B$14+'Table G'!$B$15)*(1+$A93)^(5-1)*(1+'Table G'!$B$27)/(('Table G'!$B$18-'Table G'!$B$27)*(1+'Table G'!$B$18)^5),"") -> 74931.008 | G93: =IFERROR(('Table G'!$B$14+'Table G'!$B$15)/(1+'Table G'!$B$18)*IF(ABS(((1+$A93)/(1+'Table G'!$B$18))-1)<0.000000001,10,(1-((1+$A93)/(1+'Table G'!$B$18))^10)/(1-((1+$A93)/(1+'Table G'!$B$18))))+('Table G'!$B$14+'Table G'!$B$15)*(1+$A93)^(10-1)*(1+'Table G'!$B$27)/(('Table G'!$B$18-'Table G'!$B$27)*(1+'Table G'!$B$18)^10),"") -> 67070.499
A94: =-0.1+90*$B$2 -> -0.01 | B94: =IFERROR(('Table G'!$B$14+'Table G'!$B$15)/(1+'Table G'!$B$18)*IF(ABS(((1+$A94)/(1+'Table G'!$B$18))-1)<0.000000001,5,(1-((1+$A94)/(1+'Table G'!$B$18))^5)/(1-((1+$A94)/(1+'Table G'!$B$18))))+('Table G'!$B$14+'Table G'!$B$15)*(1+$A94)^(5-1)*(1+'Table G'!$B$25)/(('Table G'!$B$18-'Table G'!$B$25)*(1+'Table G'!$B$18)^5),"") -> 66385.677 | C94: =IFERROR(('Table G'!$B$14+'Table G'!$B$15)/(1+'Table G'!$B$18)*IF(ABS(((1+$A94)/(1+'Table G'!$B$18))-1)<0.000000001,10,(1-((1+$A94)/(1+'Table G'!$B$18))^10)/(1-((1+$A94)/(1+'Table G'!$B$18))))+('Table G'!$B$14+'Table G'!$B$15)*(1+$A94)^(10-1)*(1+'Table G'!$B$25)/(('Table G'!$B$18-'Table G'!$B$25)*(1+'Table G'!$B$18)^10),"") -> 61829.947 | D94: =IFERROR(('Table G'!$B$14+'Table G'!$B$15)/(1+'Table G'!$B$18)*IF(ABS(((1+$A94)/(1+'Table G'!$B$18))-1)<0.000000001,5,(1-((1+$A94)/(1+'Table G'!$B$18))^5)/(1-((1+$A94)/(1+'Table G'!$B$18))))+('Table G'!$B$14+'Table G'!$B$15)*(1+$A94)^(5-1)*(1+'Table G'!$B$26)/(('Table G'!$B$18-'Table G'!$B$26)*(1+'Table G'!$B$18)^5),"") -> 70436.649 | E94: =IFERROR(('Table G'!$B$14+'Table G'!$B$15)/(1+'Table G'!$B$18)*IF(ABS(((1+$A94)/(1+'Table G'!$B$18))-1)<0.000000001,10,(1-((1+$A94)/(1+'Table G'!$B$18))^10)/(1-((1+$A94)/(1+'Table G'!$B$18))))+('Table G'!$B$14+'Table G'!$B$15)*(1+$A94)^(10-1)*(1+'Table G'!$B$26)/(('Table G'!$B$18-'Table G'!$B$26)*(1+'Table G'!$B$18)^10),"") -> 64446.459 | F94: =IFERROR(('Table G'!$B$14+'Table G'!$B$15)/(1+'Table G'!$B$18)*IF(ABS(((1+$A94)/(1+'Table G'!$B$18))-1)<0.000000001,5,(1-((1+$A94)/(1+'Table G'!$B$18))^5)/(1-((1+$A94)/(1+'Table G'!$B$18))))+('Table G'!$B$14+'Table G'!$B$15)*(1+$A94)^(5-1)*(1+'Table G'!$B$27)/(('Table G'!$B$18-'Table G'!$B$27)*(1+'Table G'!$B$18)^5),"") -> 75192.818 | G94: =IFERROR(('Table G'!$B$14+'Table G'!$B$15)/(1+'Table G'!$B$18)*IF(ABS(((1+$A94)/(1+'Table G'!$B$18))-1)<0.000000001,10,(1-((1+$A94)/(1+'Table G'!$B$18))^10)/(1-((1+$A94)/(1+'Table G'!$B$18))))+('Table G'!$B$14+'Table G'!$B$15)*(1+$A94)^(10-1)*(1+'Table G'!$B$27)/(('Table G'!$B$18-'Table G'!$B$27)*(1+'Table G'!$B$18)^10),"") -> 67518.457
A95: =-0.1+91*$B$2 -> -0.009 | B95: =IFERROR(('Table G'!$B$14+'Table G'!$B$15)/(1+'Table G'!$B$18)*IF(ABS(((1+$A95)/(1+'Table G'!$B$18))-1)<0.000000001,5,(1-((1+$A95)/(1+'Table G'!$B$18))^5)/(1-((1+$A95)/(1+'Table G'!$B$18))))+('Table G'!$B$14+'Table G'!$B$15)*(1+$A95)^(5-1)*(1+'Table G'!$B$25)/(('Table G'!$B$18-'Table G'!$B$25)*(1+'Table G'!$B$18)^5),"") -> 66612.605 | C95: =IFERROR(('Table G'!$B$14+'Table G'!$B$15)/(1+'Table G'!$B$18)*IF(ABS(((1+$A95)/(1+'Table G'!$B$18))-1)<0.000000001,10,(1-((1+$A95)/(1+'Table G'!$B$18))^10)/(1-((1+$A95)/(1+'Table G'!$B$18))))+('Table G'!$B$14+'Table G'!$B$15)*(1+$A95)^(10-1)*(1+'Table G'!$B$25)/(('Table G'!$B$18-'Table G'!$B$25)*(1+'Table G'!$B$18)^10),"") -> 62229.239 | D95: =IFERROR(('Table G'!$B$14+'Table G'!$B$15)/(1+'Table G'!$B$18)*IF(ABS(((1+$A95)/(1+'Table G'!$B$18))-1)<0.000000001,5,(1-((1+$A95)/(1+'Table G'!$B$18))^5)/(1-((1+$A95)/(1+'Table G'!$B$18))))+('Table G'!$B$14+'Table G'!$B$15)*(1+$A95)^(5-1)*(1+'Table G'!$B$26)/(('Table G'!$B$18-'Table G'!$B$26)*(1+'Table G'!$B$18)^5),"") -> 70679.968 | E95: =IFERROR(('Table G'!$B$14+'Table G'!$B$15)/(1+'Table G'!$B$18)*IF(ABS(((1+$A95)/(1+'Table G'!$B$18))-1)<0.000000001,10,(1-((1+$A95)/(1+'Table G'!$B$18))^10)/(1-((1+$A95)/(1+'Table G'!$B$18))))+('Table G'!$B$14+'Table G'!$B$15)*(1+$A95)^(10-1)*(1+'Table G'!$B$26)/(('Table G'!$B$18-'Table G'!$B$26)*(1+'Table G'!$B$18)^10),"") -> 64869.635 | F95: =IFERROR(('Table G'!$B$14+'Table G'!$B$15)/(1+'Table G'!$B$18)*IF(ABS(((1+$A95)/(1+'Table G'!$B$18))-1)<0.000000001,5,(1-((1+$A95)/(1+'Table G'!$B$18))^5)/(1-((1+$A95)/(1+'Table G'!$B$18))))+('Table G'!$B$14+'Table G'!$B$15)*(1+$A95)^(5-1)*(1+'Table G'!$B$27)/(('Table G'!$B$18-'Table G'!$B$27)*(1+'Table G'!$B$18)^5),"") -> 75455.383 | G95: =IFERROR(('Table G'!$B$14+'Table G'!$B$15)/(1+'Table G'!$B$18)*IF(ABS(((1+$A95)/(1+'Table G'!$B$18))-1)<0.000000001,10,(1-((1+$A95)/(1+'Table G'!$B$18))^10)/(1-((1+$A95)/(1+'Table G'!$B$18))))+('Table G'!$B$14+'Table G'!$B$15)*(1+$A95)^(10-1)*(1+'Table G'!$B$27)/(('Table G'!$B$18-'Table G'!$B$27)*(1+'Table G'!$B$18)^10),"") -> 67969.673
A96: =-0.1+92*$B$2 -> -0.008 | B96: =IFERROR(('Table G'!$B$14+'Table G'!$B$15)/(1+'Table G'!$B$18)*IF(ABS(((1+$A96)/(1+'Table G'!$B$18))-1)<0.000000001,5,(1-((1+$A96)/(1+'Table G'!$B$18))^5)/(1-((1+$A96)/(1+'Table G'!$B$18))))+('Table G'!$B$14+'Table G'!$B$15)*(1+$A96)^(5-1)*(1+'Table G'!$B$25)/(('Table G'!$B$18-'Table G'!$B$25)*(1+'Table G'!$B$18)^5),"") -> 66840.181 | C96: =IFERROR(('Table G'!$B$14+'Table G'!$B$15)/(1+'Table G'!$B$18)*IF(ABS(((1+$A96)/(1+'Table G'!$B$18))-1)<0.000000001,10,(1-((1+$A96)/(1+'Table G'!$B$18))^10)/(1-((1+$A96)/(1+'Table G'!$B$18))))+('Table G'!$B$14+'Table G'!$B$15)*(1+$A96)^(10-1)*(1+'Table G'!$B$25)/(('Table G'!$B$18-'Table G'!$B$25)*(1+'Table G'!$B$18)^10),"") -> 62631.39 | D96: =IFERROR(('Table G'!$B$14+'Table G'!$B$15)/(1+'Table G'!$B$18)*IF(ABS(((1+$A96)/(1+'Table G'!$B$18))-1)<0.000000001,5,(1-((1+$A96)/(1+'Table G'!$B$18))^5)/(1-((1+$A96)/(1+'Table G'!$B$18))))+('Table G'!$B$14+'Table G'!$B$15)*(1+$A96)^(5-1)*(1+'Table G'!$B$26)/(('Table G'!$B$18-'Table G'!$B$26)*(1+'Table G'!$B$18)^5),"") -> 70923.987 | E96: =IFERROR(('Table G'!$B$14+'Table G'!$B$15)/(1+'Table G'!$B$18)*IF(ABS(((1+$A96)/(1+'Table G'!$B$18))-1)<0.000000001,10,(1-((1+$A96)/(1+'Table G'!$B$18))^10)/(1-((1+$A96)/(1+'Table G'!$B$18))))+('Table G'!$B$14+'Table G'!$B$15)*(1+$A96)^(10-1)*(1+'Table G'!$B$26)/(('Table G'!$B$18-'Table G'!$B$26)*(1+'Table G'!$B$18)^10),"") -> 65295.862 | F96: =IFERROR(('Table G'!$B$14+'Table G'!$B$15)/(1+'Table G'!$B$18)*IF(ABS(((1+$A96)/(1+'Table G'!$B$18))-1)<0.000000001,5,(1-((1+$A96)/(1+'Table G'!$B$18))^5)/(1-((1+$A96)/(1+'Table G'!$B$18))))+('Table G'!$B$14+'Table G'!$B$15)*(1+$A96)^(5-1)*(1+'Table G'!$B$27)/(('Table G'!$B$18-'Table G'!$B$27)*(1+'Table G'!$B$18)^5),"") -> 75718.706 | G96: =IFERROR(('Table G'!$B$14+'Table G'!$B$15)/(1+'Table G'!$B$18)*IF(ABS(((1+$A96)/(1+'Table G'!$B$18))-1)<0.000000001,10,(1-((1+$A96)/(1+'Table G'!$B$18))^10)/(1-((1+$A96)/(1+'Table G'!$B$18))))+('Table G'!$B$14+'Table G'!$B$15)*(1+$A96)^(10-1)*(1+'Table G'!$B$27)/(('Table G'!$B$18-'Table G'!$B$27)*(1+'Table G'!$B$18)^10),"") -> 68424.168
A97: =-0.1+93*$B$2 -> -0.007 | B97: =IFERROR(('Table G'!$B$14+'Table G'!$B$15)/(1+'Table G'!$B$18)*IF(ABS(((1+$A97)/(1+'Table G'!$B$18))-1)<0.000000001,5,(1-((1+$A97)/(1+'Table G'!$B$18))^5)/(1-((1+$A97)/(1+'Table G'!$B$18))))+('Table G'!$B$14+'Table G'!$B$15)*(1+$A97)^(5-1)*(1+'Table G'!$B$25)/(('Table G'!$B$18-'Table G'!$B$25)*(1+'Table G'!$B$18)^5),"") -> 67068.409 | C97: =IFERROR(('Table G'!$B$14+'Table G'!$B$15)/(1+'Table G'!$B$18)*IF(ABS(((1+$A97)/(1+'Table G'!$B$18))-1)<0.000000001,10,(1-((1+$A97)/(1+'Table G'!$B$18))^10)/(1-((1+$A97)/(1+'Table G'!$B$18))))+('Table G'!$B$14+'Table G'!$B$15)*(1+$A97)^(10-1)*(1+'Table G'!$B$25)/(('Table G'!$B$18-'Table G'!$B$25)*(1+'Table G'!$B$18)^10),"") -> 63036.419 | D97: =IFERROR(('Table G'!$B$14+'Table G'!$B$15)/(1+'Table G'!$B$18)*IF(ABS(((1+$A97)/(1+'Table G'!$B$18))-1)<0.000000001,5,(1-((1+$A97)/(1+'Table G'!$B$18))^5)/(1-((1+$A97)/(1+'Table G'!$B$18))))+('Table G'!$B$14+'Table G'!$B$15)*(1+$A97)^(5-1)*(1+'Table G'!$B$26)/(('Table G'!$B$18-'Table G'!$B$26)*(1+'Table G'!$B$18)^5),"") -> 71168.706 | E97: =IFERROR(('Table G'!$B$14+'Table G'!$B$15)/(1+'Table G'!$B$18)*IF(ABS(((1+$A97)/(1+'Table G'!$B$18))-1)<0.000000001,10,(1-((1+$A97)/(1+'Table G'!$B$18))^10)/(1-((1+$A97)/(1+'Table G'!$B$18))))+('Table G'!$B$14+'Table G'!$B$15)*(1+$A97)^(10-1)*(1+'Table G'!$B$26)/(('Table G'!$B$18-'Table G'!$B$26)*(1+'Table G'!$B$18)^10),"") -> 65725.162 | F97: =IFERROR(('Table G'!$B$14+'Table G'!$B$15)/(1+'Table G'!$B$18)*IF(ABS(((1+$A97)/(1+'Table G'!$B$18))-1)<0.000000001,5,(1-((1+$A97)/(1+'Table G'!$B$18))^5)/(1-((1+$A97)/(1+'Table G'!$B$18))))+('Table G'!$B$14+'Table G'!$B$15)*(1+$A97)^(5-1)*(1+'Table G'!$B$27)/(('Table G'!$B$18-'Table G'!$B$27)*(1+'Table G'!$B$18)^5),"") -> 75982.788 | G97: =IFERROR(('Table G'!$B$14+'Table G'!$B$15)/(1+'Table G'!$B$18)*IF(ABS(((1+$A97)/(1+'Table G'!$B$18))-1)<0.000000001,10,(1-((1+$A97)/(1+'Table G'!$B$18))^10)/(1-((1+$A97)/(1+'Table G'!$B$18))))+('Table G'!$B$14+'Table G'!$B$15)*(1+$A97)^(10-1)*(1+'Table G'!$B$27)/(('Table G'!$B$18-'Table G'!$B$27)*(1+'Table G'!$B$18)^10),"") -> 68881.964
A98: =-0.1+94*$B$2 -> -0.006 | B98: =IFERROR(('Table G'!$B$14+'Table G'!$B$15)/(1+'Table G'!$B$18)*IF(ABS(((1+$A98)/(1+'Table G'!$B$18))-1)<0.000000001,5,(1-((1+$A98)/(1+'Table G'!$B$18))^5)/(1-((1+$A98)/(1+'Table G'!$B$18))))+('Table G'!$B$14+'Table G'!$B$15)*(1+$A98)^(5-1)*(1+'Table G'!$B$25)/(('Table G'!$B$18-'Table G'!$B$25)*(1+'Table G'!$B$18)^5),"") -> 67297.288 | C98: =IFERROR(('Table G'!$B$14+'Table G'!$B$15)/(1+'Table G'!$B$18)*IF(ABS(((1+$A98)/(1+'Table G'!$B$18))-1)<0.000000001,10,(1-((1+$A98)/(1+'Table G'!$B$18))^10)/(1-((1+$A98)/(1+'Table G'!$B$18))))+('Table G'!$B$14+'Table G'!$B$15)*(1+$A98)^(10-1)*(1+'Table G'!$B$25)/(('Table G'!$B$18-'Table G'!$B$25)*(1+'Table G'!$B$18)^10),"") -> 63444.344 | D98: =IFERROR(('Table G'!$B$14+'Table G'!$B$15)/(1+'Table G'!$B$18)*IF(ABS(((1+$A98)/(1+'Table G'!$B$18))-1)<0.000000001,5,(1-((1+$A98)/(1+'Table G'!$B$18))^5)/(1-((1+$A98)/(1+'Table G'!$B$18))))+('Table G'!$B$14+'Table G'!$B$15)*(1+$A98)^(5-1)*(1+'Table G'!$B$26)/(('Table G'!$B$18-'Table G'!$B$26)*(1+'Table G'!$B$18)^5),"") -> 71414.128 | E98: =IFERROR(('Table G'!$B$14+'Table G'!$B$15)/(1+'Table G'!$B$18)*IF(ABS(((1+$A98)/(1+'Table G'!$B$18))-1)<0.000000001,10,(1-((1+$A98)/(1+'Table G'!$B$18))^10)/(1-((1+$A98)/(1+'Table G'!$B$18))))+('Table G'!$B$14+'Table G'!$B$15)*(1+$A98)^(10-1)*(1+'Table G'!$B$26)/(('Table G'!$B$18-'Table G'!$B$26)*(1+'Table G'!$B$18)^10),"") -> 66157.554 | F98: =IFERROR(('Table G'!$B$14+'Table G'!$B$15)/(1+'Table G'!$B$18)*IF(ABS(((1+$A98)/(1+'Table G'!$B$18))-1)<0.000000001,5,(1-((1+$A98)/(1+'Table G'!$B$18))^5)/(1-((1+$A98)/(1+'Table G'!$B$18))))+('Table G'!$B$14+'Table G'!$B$15)*(1+$A98)^(5-1)*(1+'Table G'!$B$27)/(('Table G'!$B$18-'Table G'!$B$27)*(1+'Table G'!$B$18)^5),"") -> 76247.631 | G98: =IFERROR(('Table G'!$B$14+'Table G'!$B$15)/(1+'Table G'!$B$18)*IF(ABS(((1+$A98)/(1+'Table G'!$B$18))-1)<0.000000001,10,(1-((1+$A98)/(1+'Table G'!$B$18))^10)/(1-((1+$A98)/(1+'Table G'!$B$18))))+('Table G'!$B$14+'Table G'!$B$15)*(1+$A98)^(10-1)*(1+'Table G'!$B$27)/(('Table G'!$B$18-'Table G'!$B$27)*(1+'Table G'!$B$18)^10),"") -> 69343.084
